Workbook

Sheet Due date
A1: Due date of FY21 submission
D3: Due date of Unit Report | F3: Due date of BT-Package | H3: Due date of CEO Report | J3: Reference: Stravis-Link
H4: [BUS/BEU/KMJ/BCN/BHK/BSA/BAU/BIN]
C5: Reporting Period | D5: Due date of Unit Report | F5: Due date of BT-Package | H5: Due date of CEO Report | J5: Due date of Stravis-Link
B6: 1st Month | C6: April, 2021 | D6: May 6, 2021 (Japan: May 11, 2021) | F6: May 10, 2021 (Japan: May 12, 2021) | H6: 44330 | J6: May 10, 2021 （Japan: May 12, 2021)
B7: 2nd Month | C7: May, 2021 | D7: 44351 | F7: 44354 | H7: 44358 | J7: June 7, 2021
B8: 3rd Month | C8: Jun, 2021 | D8: July 6, 2021 (US: July 7, 2021) | F8: 44385 | H8: July 13, 2021 (US: July 14, 2021) | J8: July 8, 2021
B9: 4th Month | C9: July, 2021 | D9: 44413 | F9: 44414 | H9: August 13, 2021 (Japan: August 16, 2021) | J9: August 6, 2021 （Japan: August 16, 2021)
B10: 5th Month | C10: August, 2021 | D10: September 6, 2021 (US: September 7, 2021) | F10: September 7, 2021 (US: September 8, 2021) | H10: September 10, 2021 (US: September 13, 2021) | J10: September 7, 2021 (US: September 8, 2021)
B11: 6th Month | C11: September, 2021 | D11: 44475 | F11: 44477 | H11: October 13, 2021 (US: October 14, 2021) | J11: October 8, 2021
B12: 7th Month | C12: October, 2021 | D12: November 4, 2021 (Japan: November 5, 2021) | F12: 44508 | H12: November 11, 2021 (US: November 12, 2021) | J12: November 8, 2021
B13: 8th Month | C13: November, 2021 | D13: 44536 | F13: 44537 | H13: 44540 | J13: December 7, 2021
B14: 9th Month | C14: December, 2021 | D14: January 6, 2022 (Japan: January 7, 2022) | F14: January 10, 2022 (Japan: January 11, 2022) | H14: 44575 | J14: January 10, 2022 （Japan: January 11, 2022)
B15: 10th Month | C15: January, 2022 | D15: 44596 | F15: 44599 | H15: February 10, 2022 (US: February 11, 2022) | J15: February 7, 2022
B16: 11th Month | C16: February, 2022 | D16: 44624 | F16: 44627 | H16: 44630 | J16: March 7, 2022
B17: 12th Month | C17: March, 2022 | D17: April 6, 2022 (US: April 7, 2022) | F17: April 11, 2022 (US: April 13, 2022) | H17: April 14, 2022 (US: TBD) | J17: TBD
B20: [BBR Only]
C21: Reporting Period | D21: Due date of Unit Report | F21: Due date of BT-Package | J21: Due date of Stravis-Link
B22: 1st Month | C22: Apr, 2020 | D22: May 3, 2021 | F22: May 3, 2021 | J22: May 3, 2021
B23: 2nd Month | C23: May, 2020 | D23: June 1, 2021 | F23: June 1, 2021 | J23: June 1, 2021
B24: 3rd Month | C24: Jun, 2020 | D24: July 1, 2021 | F24: July 1, 2021 | J24: July 1, 2021
B25: 4th Month | C25: Jul, 2020 | D25: August 2, 2021 | F25: August 2, 2021 | J25: August 2, 2021
B26: 5th Month | C26: Aug, 2020 | D26: September 1, 2021 | F26: September 1, 2021 | J26: September 1, 2021
B27: 6th Month | C27: Sep, 2020 | D27: October 1, 2021 | F27: October 1, 2021 | J27: October 1, 2021
B28: 7th Month | C28: Oct, 2020 | D28: November 1, 2021 | F28: November 1, 2021 | J28: November 1, 2021
B29: 8th Month | C29: Nov, 2020 | D29: December 1, 2021 | F29: December 1, 2021 | J29: December 1, 2021
B30: 9th Month | C30: Dec, 2020 | D30: January 4, 2021 | F30: January 4, 2021 | J30: January 4, 2021
B31: 10th Month | C31: Jan, 2021 | D31: February 1, 2022 | F31: February 1, 2022 | J31: February 1, 2022
B32: 11th Month | C32: Feb, 2021 | D32: March 1, 2022 | F32: March 1, 2022 | J32: March 1, 2022
B33: 12th Month | C33: Mar, 2021 | D33: Apr 1, 2022 | F33: Apr 1, 2022 | J33: Apr 1, 2022

Sheet PL,HC,INV
AL1: 'OP'! | AO1: 'Previous'! | AT1: =AL1 -> 'OP'! | AW1: =AO1 -> 'Previous'! | BB1: =AL1 -> 'OP'! | BE1: =AO1 -> 'Previous'!
AK2: =VLOOKUP($AK$7,Work1!$F$6:$I$17,2,0) -> Q | AL2: =VLOOKUP($AK$7,Work1!$F$6:$I$17,3,0) -> Q | AO2: =VLOOKUP($AK$7,Work1!$F$6:$I$17,4,0) -> P | AS2: =VLOOKUP($AK$7,Work1!$K$6:$Q$17,2,0) -> Q | AT2: =VLOOKUP($AK$7,Work1!$K$6:$Q$17,3,0) -> Q | AW2: =VLOOKUP($AK$7,Work1!$K$6:$Q$17,4,0) -> P | BA2: =VLOOKUP($AK$7,Work1!$K$6:$Q$17,5,0) -> Q | BB2: =VLOOKUP($AK$7,Work1!$K$6:$Q$17,6,0) -> Q | BE2: =VLOOKUP($AK$7,Work1!$K$6:$Q$17,7,0) -> P
AK3: =AK2 -> Q | AL3: =AL2 -> Q | AO3: =AO2 -> P | AS3: =VLOOKUP($AK$7,Work1!$K$22:$Q$33,2,0) -> Q | AT3: =VLOOKUP($AK$7,Work1!$K$22:$Q$33,3,0) -> Q | AW3: =VLOOKUP($AK$7,Work1!$K$22:$Q$33,4,0) -> P | BA3: =VLOOKUP($AK$7,Work1!$K$22:$Q$33,5,0) -> Q | BB3: =VLOOKUP($AK$7,Work1!$K$22:$Q$33,6,0) -> Q | BE3: =VLOOKUP($AK$7,Work1!$K$22:$Q$33,7,0) -> P
A4: Prev | C4: OP | F4: FY2021 Monthly Actual ver1.0 | P4: BIN | Q4: (Unit:1000LC) | AK4: vs OP / vs FY20 | AO4: Please copy&paste "OP" sheet and "Previous" sheet as they are
D6: RF | I6: =VLOOKUP(P4,Work1!C6:D32,2,0) -> K_INR | L6: (Unit:1000LC) | P6: Input fields | AK6: Select period (1-12)
P7: Input fields, but not affect PL | AK7: 1 | AL7: ex. Apr ->1, Feb ->2 ,,,Mar ->12 *BBR: Jan ->1, Feb ->2 ,,,Dec ->12
D8: RF | E8: 1 | F8: 1. P/L (1) - Overview
D9: RF | E9: 1 | G9: 1-1. P/L Statement | AK9: single month | AS9: Quarter (QTD) | BA9: Annual Year (YTD)
D10: RF | E10: 1 | Q10: =IF($P$4="BBR",Work1!D2,Work1!D3) -> 43922 | R10: =DATE(YEAR(Q10),MONTH(Q10)+1,DAY(Q10)) -> 43952 | S10: =DATE(YEAR(R10),MONTH(R10)+1,DAY(R10)) -> 43983 | T10: =DATE(YEAR(S10),MONTH(S10)+1,DAY(S10)) -> 44013 | U10: =DATE(YEAR(T10),MONTH(T10)+1,DAY(T10)) -> 44044 | V10: =DATE(YEAR(U10),MONTH(U10)+1,DAY(U10)) -> 44075 | W10: =DATE(YEAR(V10),MONTH(V10)+1,DAY(V10)) -> 44105 | X10: =DATE(YEAR(W10),MONTH(W10)+1,DAY(W10)) -> 44136 | Y10: =DATE(YEAR(X10),MONTH(X10)+1,DAY(X10)) -> 44166 | ... AB10: =DATE(YEAR(AA10),MONTH(AA10)+1,DAY(AA10)) -> 44256 | AC10: Q1 | AD10: Q2 | AE10: Q3 | AF10: Q4 | AG10: 1st H | AH10: 2nd H | AI10: Yr. | AK10: Result | AL10: OP | AM10: vs OP | AN10: % | AO10: FY20 | AP10: vs FY20 | AQ10: % | AS10: Result | AT10: OP | AU10: vs OP | AV10: % | AW10: FY20 | AX10: vs FY20 | AY10: % | BA10: Result | BB10: OP | BC10: vs OP | BD10: % | BE10: FY20 | BF10: vs FY20 | BG10: %
A11: 11 | B11: 1 | C11: =ROW() -> 11 | D11: RF | E11: 1 | I11: Net Sales | Q11: =Q76+Q326+Q127+Q181+Q263 -> 536747 | R11: =R76+R326+R127+R181+R263 -> 239742 | S11: =S76+S326+S127+S181+S263 -> 492039 | T11: =T76+T326+T127+T181+T263 -> 513291 | U11: =U76+U326+U127+U181+U263 -> 587099 | V11: =V76+V326+V127+V181+V263 -> 739620 | W11: =W76+W326+W127+W181+W263 -> 620462 | X11: =X76+X326+X127+X181+X263 -> 584851 | ... AB11: =AB76+AB326+AB127+AB181+AB263 -> 770388 | AC11: =SUM(Q11,R11,S11) -> 1268528 | AD11: =SUM(T11,U11,V11) -> 1840010 | AE11: =SUM(W11,X11,Y11) -> 1932059 | AF11: =SUM(Z11,AA11,AB11) -> 1939949 | AG11: =AC11+AD11 -> 3108538 | AH11: =AF11+AE11 -> 3872008 | AI11: =AG11+AH11 -> 6980546 | AK11: =SUM((INDIRECT(AK$2&(ROW())):INDIRECT(AK$3&(ROW())))) -> 536747 | AL11: =SUM(INDIRECT(AL$1&AL$2&$C11):INDIRECT(AL$1&AL$3&$C11)) -> 479840.45 | AM11: =AK11-AL11 -> 56906.548 | AN11: =IFERROR(AK11/AL11,0) -> 1.1185947 | AO11: =SUM(INDIRECT(AO$1&AO$2&$A11):INDIRECT(AO$1&AO$3&$A11))+SUM(INDIRECT(AO$1&AO$2&$B11):INDIRECT(AO$1&AO$3&$B11)) -> 18167 | AP11: =AK11-AO11 -> 518580 | AQ11: =IFERROR(AK11/AO11,0) -> 29.545164 | AS11: =SUM((INDIRECT(AS$2&(ROW())):INDIRECT(AS$3&(ROW())))) -> 536747 | AT11: =SUM(INDIRECT(AT$1&AT$2&$C11):INDIRECT(AT$1&AT$3&$C11)) -> 479840.45 | AU11: =AS11-AT11 -> 56906.548 | AV11: =IFERROR(AS11/AT11,0) -> 1.1185947 | AW11: =SUM(INDIRECT(AW$1&AW$2&$A11):INDIRECT(AW$1&AW$3&$A11))+SUM(INDIRECT(AW$1&AW$2&$B11):INDIRECT(AW$1&AW$3&$B11)) -> 18167 | AX11: =AS11-AW11 -> 518580 | AY11: =IFERROR(AS11/AW11,0) -> 29.545164 | BA11: =SUM((INDIRECT(BA$2&(ROW())):INDIRECT(BA$3&(ROW())))) -> 536747 | BB11: =SUM(INDIRECT(BB$1&BB$2&$C11):INDIRECT(BB$1&BB$3&$C11)) -> 479840.45 | BC11: =BA11-BB11 -> 56906.548 | BD11: =IFERROR(BA11/BB11,0) -> 1.1185947 | BE11: =SUM(INDIRECT(BE$1&BE$2&$A11):INDIRECT(BE$1&BE$3&$A11))+SUM(INDIRECT(BE$1&BE$2&$B11):INDIRECT(BE$1&BE$3&$B11)) -> 18167 | BF11: =BA11-BE11 -> 518580 | BG11: =IFERROR(BA11/BE11,0) -> 29.545164
A12: 12 | B12: 1 | C12: =ROW() -> 12 | D12: RF | E12: 1 | I12: BT Consolidated Sales | Q12: =Q80+Q332+Q132+Q196+Q273 -> 536747 | R12: =R80+R332+R132+R196+R273 -> 239742 | S12: =S80+S332+S132+S196+S273 -> 492039 | T12: =T80+T332+T132+T196+T273 -> 513291 | U12: =U80+U332+U132+U196+U273 -> 587099 | V12: =V80+V332+V132+V196+V273 -> 739620 | W12: =W80+W332+W132+W196+W273 -> 620462 | X12: =X80+X332+X132+X196+X273 -> 584851 | ... AB12: =AB80+AB332+AB132+AB196+AB273 -> 770388 | AC12: =SUM(Q12,R12,S12) -> 1268528 | AD12: =SUM(T12,U12,V12) -> 1840010 | AE12: =SUM(W12,X12,Y12) -> 1932059 | AF12: =SUM(Z12,AA12,AB12) -> 1939949 | AG12: =AC12+AD12 -> 3108538 | AH12: =AF12+AE12 -> 3872008 | AI12: =AG12+AH12 -> 6980546 | AK12: =SUM((INDIRECT(AK$2&(ROW())):INDIRECT(AK$3&(ROW())))) -> 536747 | AL12: =SUM(INDIRECT(AL$1&AL$2&$C12):INDIRECT(AL$1&AL$3&$C12)) -> 479840.45 | AM12: =AK12-AL12 -> 56906.548 | AN12: =IFERROR(AK12/AL12,0) -> 1.1185947 | AO12: =SUM(INDIRECT(AO$1&AO$2&$A12):INDIRECT(AO$1&AO$3&$A12))+SUM(INDIRECT(AO$1&AO$2&$B12):INDIRECT(AO$1&AO$3&$B12)) -> 18167 | AP12: =AK12-AO12 -> 518580 | AQ12: =IFERROR(AK12/AO12,0) -> 29.545164 | AS12: =SUM((INDIRECT(AS$2&(ROW())):INDIRECT(AS$3&(ROW())))) -> 536747 | AT12: =SUM(INDIRECT(AT$1&AT$2&$C12):INDIRECT(AT$1&AT$3&$C12)) -> 479840.45 | AU12: =AS12-AT12 -> 56906.548 | AV12: =IFERROR(AS12/AT12,0) -> 1.1185947 | AW12: =SUM(INDIRECT(AW$1&AW$2&$A12):INDIRECT(AW$1&AW$3&$A12))+SUM(INDIRECT(AW$1&AW$2&$B12):INDIRECT(AW$1&AW$3&$B12)) -> 18167 | AX12: =AS12-AW12 -> 518580 | AY12: =IFERROR(AS12/AW12,0) -> 29.545164 | BA12: =SUM((INDIRECT(BA$2&(ROW())):INDIRECT(BA$3&(ROW())))) -> 536747 | BB12: =SUM(INDIRECT(BB$1&BB$2&$C12):INDIRECT(BB$1&BB$3&$C12)) -> 479840.45 | BC12: =BA12-BB12 -> 56906.548 | BD12: =IFERROR(BA12/BB12,0) -> 1.1185947 | BE12: =SUM(INDIRECT(BE$1&BE$2&$A12):INDIRECT(BE$1&BE$3&$A12))+SUM(INDIRECT(BE$1&BE$2&$B12):INDIRECT(BE$1&BE$3&$B12)) -> 18167 | BF12: =BA12-BE12 -> 518580 | BG12: =IFERROR(BA12/BE12,0) -> 29.545164
A13: 13 | B13: 1 | C13: =ROW() -> 13 | D13: RF | E13: 1 | I13: Cost of Sales | Q13: =Q11-Q14 -> 351610 | R13: =R11-R14 -> 158983 | S13: =S11-S14 -> 324705 | T13: =T11-T14 -> 325864 | U13: =U11-U14 -> 366967 | V13: =V11-V14 -> 463586 | W13: =W11-W14 -> 409160 | X13: =X11-X14 -> 358087 | ... AB13: =AB11-AB14 -> 510625 | AC13: =SUM(Q13,R13,S13) -> 835298 | AD13: =SUM(T13,U13,V13) -> 1156417 | AE13: =SUM(W13,X13,Y13) -> 1279344 | AF13: =SUM(Z13,AA13,AB13) -> 1288337 | AG13: =AC13+AD13 -> 1991715 | AH13: =AF13+AE13 -> 2567681 | AI13: =AG13+AH13 -> 4559396 | AK13: =SUM((INDIRECT(AK$2&(ROW())):INDIRECT(AK$3&(ROW())))) -> 351610 | AL13: =SUM(INDIRECT(AL$1&AL$2&$C13):INDIRECT(AL$1&AL$3&$C13)) -> 306301.83 | AM13: =AK13-AL13 -> 45308.174 | AN13: =IFERROR(AK13/AL13,0) -> 1.14792 | AO13: =SUM(INDIRECT(AO$1&AO$2&$A13):INDIRECT(AO$1&AO$3&$A13))+SUM(INDIRECT(AO$1&AO$2&$B13):INDIRECT(AO$1&AO$3&$B13)) -> 27530 | AP13: =AK13-AO13 -> 324080 | AQ13: =IFERROR(AK13/AO13,0) -> 12.771885 | AS13: =SUM((INDIRECT(AS$2&(ROW())):INDIRECT(AS$3&(ROW())))) -> 351610 | AT13: =SUM(INDIRECT(AT$1&AT$2&$C13):INDIRECT(AT$1&AT$3&$C13)) -> 306301.83 | AU13: =AS13-AT13 -> 45308.174 | AV13: =IFERROR(AS13/AT13,0) -> 1.14792 | AW13: =SUM(INDIRECT(AW$1&AW$2&$A13):INDIRECT(AW$1&AW$3&$A13))+SUM(INDIRECT(AW$1&AW$2&$B13):INDIRECT(AW$1&AW$3&$B13)) -> 27530 | AX13: =AS13-AW13 -> 324080 | AY13: =IFERROR(AS13/AW13,0) -> 12.771885 | BA13: =SUM((INDIRECT(BA$2&(ROW())):INDIRECT(BA$3&(ROW())))) -> 351610 | BB13: =SUM(INDIRECT(BB$1&BB$2&$C13):INDIRECT(BB$1&BB$3&$C13)) -> 306301.83 | BC13: =BA13-BB13 -> 45308.174 | BD13: =IFERROR(BA13/BB13,0) -> 1.14792 | BE13: =SUM(INDIRECT(BE$1&BE$2&$A13):INDIRECT(BE$1&BE$3&$A13))+SUM(INDIRECT(BE$1&BE$2&$B13):INDIRECT(BE$1&BE$3&$B13)) -> 27530 | BF13: =BA13-BE13 -> 324080 | BG13: =IFERROR(BA13/BE13,0) -> 12.771885
A14: 14 | B14: 1 | C14: =ROW() -> 14 | D14: RF | E14: 1 | I14: Gross Profit | Q14: =Q97+Q338+Q149+Q211+Q283 -> 185137 | R14: =R97+R338+R149+R211+R283 -> 80759 | S14: =S97+S338+S149+S211+S283 -> 167334 | T14: =T97+T338+T149+T211+T283 -> 187427 | U14: =U97+U338+U149+U211+U283 -> 220132 | V14: =V97+V338+V149+V211+V283 -> 276034 | W14: =W97+W338+W149+W211+W283 -> 211302 | X14: =X97+X338+X149+X211+X283 -> 226764 | ... AB14: =AB97+AB338+AB149+AB211+AB283 -> 259763 | AC14: =SUM(Q14,R14,S14) -> 433230 | AD14: =SUM(T14,U14,V14) -> 683593 | AE14: =SUM(W14,X14,Y14) -> 652715 | AF14: =SUM(Z14,AA14,AB14) -> 651612 | AG14: =AC14+AD14 -> 1116823 | AH14: =AF14+AE14 -> 1304327 | AI14: =AG14+AH14 -> 2421150 | AK14: =SUM((INDIRECT(AK$2&(ROW())):INDIRECT(AK$3&(ROW())))) -> 185137 | AL14: =SUM(INDIRECT(AL$1&AL$2&$C14):INDIRECT(AL$1&AL$3&$C14)) -> 173538.63 | AM14: =AK14-AL14 -> 11598.374 | AN14: =IFERROR(AK14/AL14,0) -> 1.0668345 | AO14: =SUM(INDIRECT(AO$1&AO$2&$A14):INDIRECT(AO$1&AO$3&$A14))+SUM(INDIRECT(AO$1&AO$2&$B14):INDIRECT(AO$1&AO$3&$B14)) -> -9363 | AP14: =AK14-AO14 -> 194500 | AQ14: =IFERROR(AK14/AO14,0) -> -19.773256 | AS14: =SUM((INDIRECT(AS$2&(ROW())):INDIRECT(AS$3&(ROW())))) -> 185137 | AT14: =SUM(INDIRECT(AT$1&AT$2&$C14):INDIRECT(AT$1&AT$3&$C14)) -> 173538.63 | AU14: =AS14-AT14 -> 11598.374 | AV14: =IFERROR(AS14/AT14,0) -> 1.0668345 | AW14: =SUM(INDIRECT(AW$1&AW$2&$A14):INDIRECT(AW$1&AW$3&$A14))+SUM(INDIRECT(AW$1&AW$2&$B14):INDIRECT(AW$1&AW$3&$B14)) -> -9363 | AX14: =AS14-AW14 -> 194500 | AY14: =IFERROR(AS14/AW14,0) -> -19.773256 | BA14: =SUM((INDIRECT(BA$2&(ROW())):INDIRECT(BA$3&(ROW())))) -> 185137 | BB14: =SUM(INDIRECT(BB$1&BB$2&$C14):INDIRECT(BB$1&BB$3&$C14)) -> 173538.63 | BC14: =BA14-BB14 -> 11598.374 | BD14: =IFERROR(BA14/BB14,0) -> 1.0668345 | BE14: =SUM(INDIRECT(BE$1&BE$2&$A14):INDIRECT(BE$1&BE$3&$A14))+SUM(INDIRECT(BE$1&BE$2&$B14):INDIRECT(BE$1&BE$3&$B14)) -> -9363 | BF14: =BA14-BE14 -> 194500 | BG14: =IFERROR(BA14/BE14,0) -> -19.773256
A15: 15 | B15: 1 | C15: =ROW() -> 15 | D15: RF | E15: 1 | P15: (%) | Q15: =IFERROR(Q14/Q11,0) -> 0.34492414 | R15: =IFERROR(R14/R11,0) -> 0.33685796 | S15: =IFERROR(S14/S11,0) -> 0.3400828 | T15: =IFERROR(T14/T11,0) -> 0.36514765 | U15: =IFERROR(U14/U11,0) -> 0.37494869 | V15: =IFERROR(V14/V11,0) -> 0.37321057 | W15: =IFERROR(W14/W11,0) -> 0.34055591 | X15: =IFERROR(X14/X11,0) -> 0.38772952 | ... AI15: =IFERROR(AI14/AI11,0) -> 0.3468425 | AK15: =IFERROR(AK14/AK11,0) -> 0.34492414 | AL15: =IFERROR(AL14/AL11,0) -> 0.36165902 | AM15: =AK15-AL15 -> -0.016734872 | AO15: =IFERROR(AO14/AO11,0) -> -0.51538504 | AP15: =AK15-AO15 -> 0.86030918 | AS15: =IFERROR(AS14/AS11,0) -> 0.34492414 | AT15: =IFERROR(AT14/AT11,0) -> 0.36165902 | AU15: =AS15-AT15 -> -0.016734872 | AW15: =IFERROR(AW14/AW11,0) -> -0.51538504 | AX15: =AS15-AW15 -> 0.86030918 | BA15: =IFERROR(BA14/BA11,0) -> 0.34492414 | BB15: =IFERROR(BB14/BB11,0) -> 0.36165902 | BC15: =BA15-BB15 -> -0.016734872 | BE15: =IFERROR(BE14/BE11,0) -> -0.51538504 | BF15: =BA15-BE15 -> 0.86030918
A16: 16 | B16: 1 | C16: =ROW() -> 16 | D16: RF | E16: 1 | I16: SGA Expenses | Q16: =Q18+Q19+Q20 -> 141775 | R16: =R18+R19+R20 -> 111625 | S16: =S18+S19+S20 -> 115986 | T16: =T18+T19+T20 -> 122634 | U16: =U18+U19+U20 -> 137947 | V16: =V18+V19+V20 -> 141326 | W16: =W18+W19+W20 -> 164361 | X16: =X18+X19+X20 -> 168833 | ... AB16: =AB18+AB19+AB20 -> 200181.89 | AC16: =SUM(Q16,R16,S16) -> 369386 | AD16: =SUM(T16,U16,V16) -> 401907 | AE16: =SUM(W16,X16,Y16) -> 474642 | AF16: =SUM(Z16,AA16,AB16) -> 427094.89 | AG16: =AC16+AD16 -> 771293 | AH16: =AF16+AE16 -> 901736.89 | AI16: =AG16+AH16 -> 1673029.9 | AK16: =SUM((INDIRECT(AK$2&(ROW())):INDIRECT(AK$3&(ROW())))) -> 141775 | AL16: =SUM(INDIRECT(AL$1&AL$2&$C16):INDIRECT(AL$1&AL$3&$C16)) -> 129408.25 | AM16: =AK16-AL16 -> 12366.752 | AN16: =IFERROR(AK16/AL16,0) -> 1.0955639 | AO16: =SUM(INDIRECT(AO$1&AO$2&$A16):INDIRECT(AO$1&AO$3&$A16))+SUM(INDIRECT(AO$1&AO$2&$B16):INDIRECT(AO$1&AO$3&$B16)) -> 103432 | AP16: =AK16-AO16 -> 38343 | AQ16: =IFERROR(AK16/AO16,0) -> 1.3707073 | AS16: =SUM((INDIRECT(AS$2&(ROW())):INDIRECT(AS$3&(ROW())))) -> 141775 | AT16: =SUM(INDIRECT(AT$1&AT$2&$C16):INDIRECT(AT$1&AT$3&$C16)) -> 129408.25 | AU16: =AS16-AT16 -> 12366.752 | AV16: =IFERROR(AS16/AT16,0) -> 1.0955639 | AW16: =SUM(INDIRECT(AW$1&AW$2&$A16):INDIRECT(AW$1&AW$3&$A16))+SUM(INDIRECT(AW$1&AW$2&$B16):INDIRECT(AW$1&AW$3&$B16)) -> 103432 | AX16: =AS16-AW16 -> 38343 | AY16: =IFERROR(AS16/AW16,0) -> 1.3707073 | BA16: =SUM((INDIRECT(BA$2&(ROW())):INDIRECT(BA$3&(ROW())))) -> 141775 | BB16: =SUM(INDIRECT(BB$1&BB$2&$C16):INDIRECT(BB$1&BB$3&$C16)) -> 129408.25 | BC16: =BA16-BB16 -> 12366.752 | BD16: =IFERROR(BA16/BB16,0) -> 1.0955639 | BE16: =SUM(INDIRECT(BE$1&BE$2&$A16):INDIRECT(BE$1&BE$3&$A16))+SUM(INDIRECT(BE$1&BE$2&$B16):INDIRECT(BE$1&BE$3&$B16)) -> 103432 | BF16: =BA16-BE16 -> 38343 | BG16: =IFERROR(BA16/BE16,0) -> 1.3707073
A17: 17 | B17: 1 | C17: =ROW() -> 17 | D17: RF | E17: 1 | P17: (%) | Q17: =IFERROR(Q16/Q11,0) -> 0.26413748 | R17: =IFERROR(R16/R11,0) -> 0.46560469 | S17: =IFERROR(S16/S11,0) -> 0.23572522 | T17: =IFERROR(T16/T11,0) -> 0.23891711 | U17: =IFERROR(U16/U11,0) -> 0.23496378 | V17: =IFERROR(V16/V11,0) -> 0.1910792 | W17: =IFERROR(W16/W11,0) -> 0.26490099 | X17: =IFERROR(X16/X11,0) -> 0.28867695 | ... AI17: =IFERROR(AI16/AI11,0) -> 0.23967035 | AK17: =INDIRECT(AK$2&ROW()) -> 0.26413748 | AL17: =IFERROR(AL16/AL11,0) -> 0.26969016 | AM17: =AK17-AL17 -> -0.0055526791 | AO17: =IFERROR(AO16/AO11,0) -> 5.6934001 | AP17: =AK17-AO17 -> -5.4292626 | AS17: =INDIRECT(AS$2&ROW()) -> 0.26413748 | AT17: =IFERROR(AT16/AT11,0) -> 0.26969016 | AU17: =AS17-AT17 -> -0.0055526791 | AW17: =IFERROR(AW16/AW11,0) -> 5.6934001 | AX17: =AS17-AW17 -> -5.4292626 | BA17: =IFERROR(BA16/BA11,0) -> 0.26413748 | BB17: =IFERROR(BB16/BB11,0) -> 0.26969016 | BC17: =BA17-BB17 -> -0.0055526791 | BE17: =IFERROR(BE16/BE11,0) -> 5.6934001 | BF17: =BA17-BE17 -> -5.4292626
A18: 18 | B18: 1 | C18: =ROW() -> 18 | D18: RF | E18: 1 | J18: Variable Expenses | Q18: =Q106+Q160+Q242+Q305+Q351 -> 36517 | R18: =R106+R160+R242+R305+R351 -> 22343 | S18: =S106+S160+S242+S305+S351 -> 30041 | T18: =T106+T160+T242+T305+T351 -> 28927 | U18: =U106+U160+U242+U305+U351 -> 38067 | V18: =V106+V160+V242+V305+V351 -> 44153 | W18: =W106+W160+W242+W305+W351 -> 42185 | X18: =X106+X160+X242+X305+X351 -> 39310 | ... AB18: =AB106+AB160+AB242+AB305+AB351 -> 38451 | AC18: =SUM(Q18,R18,S18) -> 88901 | AD18: =SUM(T18,U18,V18) -> 111147 | AE18: =SUM(W18,X18,Y18) -> 126741 | AF18: =SUM(Z18,AA18,AB18) -> 81376 | AG18: =AC18+AD18 -> 200048 | AH18: =AF18+AE18 -> 208117 | AI18: =AG18+AH18 -> 408165 | AK18: =SUM((INDIRECT(AK$2&(ROW())):INDIRECT(AK$3&(ROW())))) -> 36517 | AL18: =SUM(INDIRECT(AL$1&AL$2&$C18):INDIRECT(AL$1&AL$3&$C18)) -> 31156.287 | AM18: =AK18-AL18 -> 5360.7125 | AN18: =IFERROR(AK18/AL18,0) -> 1.1720588 | AO18: =SUM(INDIRECT(AO$1&AO$2&$A18):INDIRECT(AO$1&AO$3&$A18))+SUM(INDIRECT(AO$1&AO$2&$B18):INDIRECT(AO$1&AO$3&$B18)) -> 13639 | AP18: =AK18-AO18 -> 22878 | AQ18: =IFERROR(AK18/AO18,0) -> 2.6773957 | AS18: =SUM((INDIRECT(AS$2&(ROW())):INDIRECT(AS$3&(ROW())))) -> 36517 | AT18: =SUM(INDIRECT(AT$1&AT$2&$C18):INDIRECT(AT$1&AT$3&$C18)) -> 31156.287 | AU18: =AS18-AT18 -> 5360.7125 | AV18: =IFERROR(AS18/AT18,0) -> 1.1720588 | AW18: =SUM(INDIRECT(AW$1&AW$2&$A18):INDIRECT(AW$1&AW$3&$A18))+SUM(INDIRECT(AW$1&AW$2&$B18):INDIRECT(AW$1&AW$3&$B18)) -> 13639 | AX18: =AS18-AW18 -> 22878 | AY18: =IFERROR(AS18/AW18,0) -> 2.6773957 | BA18: =SUM((INDIRECT(BA$2&(ROW())):INDIRECT(BA$3&(ROW())))) -> 36517 | BB18: =SUM(INDIRECT(BB$1&BB$2&$C18):INDIRECT(BB$1&BB$3&$C18)) -> 31156.287 | BC18: =BA18-BB18 -> 5360.7125 | BD18: =IFERROR(BA18/BB18,0) -> 1.1720588 | BE18: =SUM(INDIRECT(BE$1&BE$2&$A18):INDIRECT(BE$1&BE$3&$A18))+SUM(INDIRECT(BE$1&BE$2&$B18):INDIRECT(BE$1&BE$3&$B18)) -> 13639 | BF18: =BA18-BE18 -> 22878 | BG18: =IFERROR(BA18/BE18,0) -> 2.6773957
A19: 19 | B19: 1 | C19: =ROW() -> 19 | D19: RF | E19: 1 | J19: Wages & Salaries | Q19: =Q107+Q161+Q243+Q306+Q352 -> 54783 | R19: =R107+R161+R243+R306+R352 -> 51883 | S19: =S107+S161+S243+S306+S352 -> 53004 | T19: =T107+T161+T243+T306+T352 -> 52192 | U19: =U107+U161+U243+U306+U352 -> 52718 | V19: =V107+V161+V243+V306+V352 -> 49191 | W19: =W107+W161+W243+W306+W352 -> 48510 | X19: =X107+X161+X243+X306+X352 -> 46540 | ... AB19: =AB107+AB161+AB243+AB306+AB352 -> 68403.893 | AC19: =SUM(Q19,R19,S19) -> 159670 | AD19: =SUM(T19,U19,V19) -> 154101 | AE19: =SUM(W19,X19,Y19) -> 145073 | AF19: =SUM(Z19,AA19,AB19) -> 193083.89 | AG19: =AC19+AD19 -> 313771 | AH19: =AF19+AE19 -> 338156.89 | AI19: =AG19+AH19 -> 651927.89 | AK19: =SUM((INDIRECT(AK$2&(ROW())):INDIRECT(AK$3&(ROW())))) -> 54783 | AL19: =SUM(INDIRECT(AL$1&AL$2&$C19):INDIRECT(AL$1&AL$3&$C19)) -> 47432.432 | AM19: =AK19-AL19 -> 7350.5681 | AN19: =IFERROR(AK19/AL19,0) -> 1.1549692 | AO19: =SUM(INDIRECT(AO$1&AO$2&$A19):INDIRECT(AO$1&AO$3&$A19))+SUM(INDIRECT(AO$1&AO$2&$B19):INDIRECT(AO$1&AO$3&$B19)) -> 54778 | AP19: =AK19-AO19 -> 5 | AQ19: =IFERROR(AK19/AO19,0) -> 1.0000913 | AS19: =SUM((INDIRECT(AS$2&(ROW())):INDIRECT(AS$3&(ROW())))) -> 54783 | AT19: =SUM(INDIRECT(AT$1&AT$2&$C19):INDIRECT(AT$1&AT$3&$C19)) -> 47432.432 | AU19: =AS19-AT19 -> 7350.5681 | AV19: =IFERROR(AS19/AT19,0) -> 1.1549692 | AW19: =SUM(INDIRECT(AW$1&AW$2&$A19):INDIRECT(AW$1&AW$3&$A19))+SUM(INDIRECT(AW$1&AW$2&$B19):INDIRECT(AW$1&AW$3&$B19)) -> 54778 | AX19: =AS19-AW19 -> 5 | AY19: =IFERROR(AS19/AW19,0) -> 1.0000913 | BA19: =SUM((INDIRECT(BA$2&(ROW())):INDIRECT(BA$3&(ROW())))) -> 54783 | BB19: =SUM(INDIRECT(BB$1&BB$2&$C19):INDIRECT(BB$1&BB$3&$C19)) -> 47432.432 | BC19: =BA19-BB19 -> 7350.5681 | BD19: =IFERROR(BA19/BB19,0) -> 1.1549692 | BE19: =SUM(INDIRECT(BE$1&BE$2&$A19):INDIRECT(BE$1&BE$3&$A19))+SUM(INDIRECT(BE$1&BE$2&$B19):INDIRECT(BE$1&BE$3&$B19)) -> 54778 | BF19: =BA19-BE19 -> 5 | BG19: =IFERROR(BA19/BE19,0) -> 1.0000913
A20: 20 | B20: 1 | C20: =ROW() -> 20 | D20: RF | E20: 1 | J20: Fixed Expenses | Q20: =Q108+Q162+Q244+Q307+Q357 -> 50475 | R20: =R108+R162+R244+R307+R357 -> 37399 | S20: =S108+S162+S244+S307+S357 -> 32941 | T20: =T108+T162+T244+T307+T357 -> 41515 | U20: =U108+U162+U244+U307+U357 -> 47162 | V20: =V108+V162+V244+V307+V357 -> 47982 | W20: =W108+W162+W244+W307+W357 -> 73666 | X20: =X108+X162+X244+X307+X357 -> 82983 | ... AB20: =AB108+AB162+AB244+AB307+AB357 -> 93327 | AC20: =SUM(Q20,R20,S20) -> 120815 | AD20: =SUM(T20,U20,V20) -> 136659 | AE20: =SUM(W20,X20,Y20) -> 202828 | AF20: =SUM(Z20,AA20,AB20) -> 152635 | AG20: =AC20+AD20 -> 257474 | AH20: =AF20+AE20 -> 355463 | AI20: =AG20+AH20 -> 612937 | AK20: =SUM((INDIRECT(AK$2&(ROW())):INDIRECT(AK$3&(ROW())))) -> 50475 | AL20: =SUM(INDIRECT(AL$1&AL$2&$C20):INDIRECT(AL$1&AL$3&$C20)) -> 50819.529 | AM20: =AK20-AL20 -> -344.52866 | AN20: =IFERROR(AK20/AL20,0) -> 0.99322055 | AO20: =SUM(INDIRECT(AO$1&AO$2&$A20):INDIRECT(AO$1&AO$3&$A20))+SUM(INDIRECT(AO$1&AO$2&$B20):INDIRECT(AO$1&AO$3&$B20)) -> 35015 | AP20: =AK20-AO20 -> 15460 | AQ20: =IFERROR(AK20/AO20,0) -> 1.4415251 | AS20: =SUM((INDIRECT(AS$2&(ROW())):INDIRECT(AS$3&(ROW())))) -> 50475 | AT20: =SUM(INDIRECT(AT$1&AT$2&$C20):INDIRECT(AT$1&AT$3&$C20)) -> 50819.529 | AU20: =AS20-AT20 -> -344.52866 | AV20: =IFERROR(AS20/AT20,0) -> 0.99322055 | AW20: =SUM(INDIRECT(AW$1&AW$2&$A20):INDIRECT(AW$1&AW$3&$A20))+SUM(INDIRECT(AW$1&AW$2&$B20):INDIRECT(AW$1&AW$3&$B20)) -> 35015 | AX20: =AS20-AW20 -> 15460 | AY20: =IFERROR(AS20/AW20,0) -> 1.4415251 | BA20: =SUM((INDIRECT(BA$2&(ROW())):INDIRECT(BA$3&(ROW())))) -> 50475 | BB20: =SUM(INDIRECT(BB$1&BB$2&$C20):INDIRECT(BB$1&BB$3&$C20)) -> 50819.529 | BC20: =BA20-BB20 -> -344.52866 | BD20: =IFERROR(BA20/BB20,0) -> 0.99322055 | BE20: =SUM(INDIRECT(BE$1&BE$2&$A20):INDIRECT(BE$1&BE$3&$A20))+SUM(INDIRECT(BE$1&BE$2&$B20):INDIRECT(BE$1&BE$3&$B20)) -> 35015 | BF20: =BA20-BE20 -> 15460 | BG20: =IFERROR(BA20/BE20,0) -> 1.4415251
A21: 21 | B21: 1 | C21: =ROW() -> 21 | D21: RF | E21: 1 | I21: Business Contribution Profit | Q21: =Q14-Q16 -> 43362 | R21: =R14-R16 -> -30866 | S21: =S14-S16 -> 51348 | T21: =T14-T16 -> 64793 | U21: =U14-U16 -> 82185 | V21: =V14-V16 -> 134708 | W21: =W14-W16 -> 46941 | X21: =X14-X16 -> 57931 | ... AB21: =AB14-AB16 -> 59581.107 | AC21: =SUM(Q21,R21,S21) -> 63844 | AD21: =SUM(T21,U21,V21) -> 281686 | AE21: =SUM(W21,X21,Y21) -> 178073 | AF21: =SUM(Z21,AA21,AB21) -> 224517.11 | AG21: =AC21+AD21 -> 345530 | AH21: =AF21+AE21 -> 402590.11 | AI21: =AG21+AH21 -> 748120.11 | AK21: =SUM((INDIRECT(AK$2&(ROW())):INDIRECT(AK$3&(ROW())))) -> 43362 | AL21: =SUM(INDIRECT(AL$1&AL$2&$C21):INDIRECT(AL$1&AL$3&$C21)) -> 44130.378 | AM21: =AK21-AL21 -> -768.37846 | AN21: =IFERROR(AK21/AL21,0) -> 0.98258845 | AO21: =SUM(INDIRECT(AO$1&AO$2&$A21):INDIRECT(AO$1&AO$3&$A21))+SUM(INDIRECT(AO$1&AO$2&$B21):INDIRECT(AO$1&AO$3&$B21)) -> -112795 | AP21: =AK21-AO21 -> 156157 | AQ21: =IFERROR(AK21/AO21,0) -> -0.38443193 | AS21: =SUM((INDIRECT(AS$2&(ROW())):INDIRECT(AS$3&(ROW())))) -> 43362 | AT21: =SUM(INDIRECT(AT$1&AT$2&$C21):INDIRECT(AT$1&AT$3&$C21)) -> 44130.378 | AU21: =AS21-AT21 -> -768.37846 | AV21: =IFERROR(AS21/AT21,0) -> 0.98258845 | AW21: =SUM(INDIRECT(AW$1&AW$2&$A21):INDIRECT(AW$1&AW$3&$A21))+SUM(INDIRECT(AW$1&AW$2&$B21):INDIRECT(AW$1&AW$3&$B21)) -> -112795 | AX21: =AS21-AW21 -> 156157 | AY21: =IFERROR(AS21/AW21,0) -> -0.38443193 | BA21: =SUM((INDIRECT(BA$2&(ROW())):INDIRECT(BA$3&(ROW())))) -> 43362 | BB21: =SUM(INDIRECT(BB$1&BB$2&$C21):INDIRECT(BB$1&BB$3&$C21)) -> 44130.378 | BC21: =BA21-BB21 -> -768.37846 | BD21: =IFERROR(BA21/BB21,0) -> 0.98258845 | BE21: =SUM(INDIRECT(BE$1&BE$2&$A21):INDIRECT(BE$1&BE$3&$A21))+SUM(INDIRECT(BE$1&BE$2&$B21):INDIRECT(BE$1&BE$3&$B21)) -> -112795 | BF21: =BA21-BE21 -> 156157 | BG21: =IFERROR(BA21/BE21,0) -> -0.38443193
A22: 22 | B22: 1 | C22: =ROW() -> 22 | D22: RF | E22: 1 | P22: (%) | Q22: =IFERROR(Q21/Q11,0) -> 0.080786665 | R22: =IFERROR(R21/R11,0) -> -0.12874674 | S22: =IFERROR(S21/S11,0) -> 0.10435758 | T22: =IFERROR(T21/T11,0) -> 0.12623054 | U22: =IFERROR(U21/U11,0) -> 0.13998491 | V22: =IFERROR(V21/V11,0) -> 0.18213136 | W22: =IFERROR(W21/W11,0) -> 0.075654915 | X22: =IFERROR(X21/X11,0) -> 0.099052579 | ... AI22: =IFERROR(AI21/AI11,0) -> 0.10717215 | AK22: =IFERROR(AK21/AK11,0) -> 0.080786665 | AL22: =IFERROR(AL21/AL11,0) -> 0.091968858 | AM22: =AK22-AL22 -> -0.011182193 | AO22: =IFERROR(AO21/AO11,0) -> -6.2087852 | AP22: =AK22-AO22 -> 6.2895718 | AS22: =IFERROR(AS21/AS11,0) -> 0.080786665 | AT22: =IFERROR(AT21/AT11,0) -> 0.091968858 | AU22: =AS22-AT22 -> -0.011182193 | AW22: =IFERROR(AW21/AW11,0) -> -6.2087852 | AX22: =AS22-AW22 -> 6.2895718 | BA22: =IFERROR(BA21/BA11,0) -> 0.080786665 | BB22: =IFERROR(BB21/BB11,0) -> 0.091968858 | BC22: =BA22-BB22 -> -0.011182193 | BE22: =IFERROR(BE21/BE11,0) -> -6.2087852 | BF22: =BA22-BE22 -> 6.2895718
A23: 23 | B23: 1 | C23: =ROW() -> 23 | D23: RF | E23: 1 | I23: Other Income | Q23: =Q111+Q360+Q165+Q247+Q310 -> 456 | R23: =R111+R360+R165+R247+R310 -> 0 | S23: =S111+S360+S165+S247+S310 -> 5968 | T23: =T111+T360+T165+T247+T310 -> 1984 | U23: =U111+U360+U165+U247+U310 -> 1595 | V23: =V111+V360+V165+V247+V310 -> 0 | W23: =W111+W360+W165+W247+W310 -> 623 | X23: =X111+X360+X165+X247+X310 -> 269 | ... AB23: =AB111+AB360+AB165+AB247+AB310 -> 36050 | AC23: =SUM(Q23,R23,S23) -> 6424 | AD23: =SUM(T23,U23,V23) -> 3579 | AE23: =SUM(W23,X23,Y23) -> 7171 | AF23: =SUM(Z23,AA23,AB23) -> 36450 | AG23: =AC23+AD23 -> 10003 | AH23: =AF23+AE23 -> 43621 | AI23: =AG23+AH23 -> 53624 | AK23: =SUM((INDIRECT(AK$2&(ROW())):INDIRECT(AK$3&(ROW())))) -> 456 | AL23: =SUM(INDIRECT(AL$1&AL$2&$C23):INDIRECT(AL$1&AL$3&$C23)) -> 0 | AM23: =AK23-AL23 -> 456 | AN23: =IFERROR(AK23/AL23,0) -> 0 | AO23: =SUM(INDIRECT(AO$1&AO$2&$A23):INDIRECT(AO$1&AO$3&$A23))+SUM(INDIRECT(AO$1&AO$2&$B23):INDIRECT(AO$1&AO$3&$B23)) -> 125 | AP23: =AK23-AO23 -> 331 | AQ23: =IFERROR(AK23/AO23,0) -> 3.648 | AS23: =SUM((INDIRECT(AS$2&(ROW())):INDIRECT(AS$3&(ROW())))) -> 456 | AT23: =SUM(INDIRECT(AT$1&AT$2&$C23):INDIRECT(AT$1&AT$3&$C23)) -> 0 | AU23: =AS23-AT23 -> 456 | AV23: =IFERROR(AS23/AT23,0) -> 0 | AW23: =SUM(INDIRECT(AW$1&AW$2&$A23):INDIRECT(AW$1&AW$3&$A23))+SUM(INDIRECT(AW$1&AW$2&$B23):INDIRECT(AW$1&AW$3&$B23)) -> 125 | AX23: =AS23-AW23 -> 331 | AY23: =IFERROR(AS23/AW23,0) -> 3.648 | BA23: =SUM((INDIRECT(BA$2&(ROW())):INDIRECT(BA$3&(ROW())))) -> 456 | BB23: =SUM(INDIRECT(BB$1&BB$2&$C23):INDIRECT(BB$1&BB$3&$C23)) -> 0 | BC23: =BA23-BB23 -> 456 | BD23: =IFERROR(BA23/BB23,0) -> 0 | BE23: =SUM(INDIRECT(BE$1&BE$2&$A23):INDIRECT(BE$1&BE$3&$A23))+SUM(INDIRECT(BE$1&BE$2&$B23):INDIRECT(BE$1&BE$3&$B23)) -> 125 | BF23: =BA23-BE23 -> 331 | BG23: =IFERROR(BA23/BE23,0) -> 3.648
A24: 24 | B24: 1 | C24: =ROW() -> 24 | D24: RF | E24: 1 | I24: Other Expenses | Q24: =Q112+Q361+Q166+Q248+Q311 -> 0 | R24: =R112+R361+R166+R248+R311 -> 0 | S24: =S112+S361+S166+S248+S311 -> 0 | T24: =T112+T361+T166+T248+T311 -> 635 | U24: =U112+U361+U166+U248+U311 -> 0 | V24: =V112+V361+V166+V248+V311 -> 422 | W24: =W112+W361+W166+W248+W311 -> 0 | X24: =X112+X361+X166+X248+X311 -> 0 | ... AB24: =AB112+AB361+AB166+AB248+AB311 -> 0 | AC24: =SUM(Q24,R24,S24) -> 0 | AD24: =SUM(T24,U24,V24) -> 1057 | AE24: =SUM(W24,X24,Y24) -> 0 | AF24: =SUM(Z24,AA24,AB24) -> 0 | AG24: =AC24+AD24 -> 1057 | AH24: =AF24+AE24 -> 0 | AI24: =AG24+AH24 -> 1057 | AK24: =SUM((INDIRECT(AK$2&(ROW())):INDIRECT(AK$3&(ROW())))) -> 0 | AL24: =SUM(INDIRECT(AL$1&AL$2&$C24):INDIRECT(AL$1&AL$3&$C24)) -> 0 | AM24: =AK24-AL24 -> 0 | AN24: =IFERROR(AK24/AL24,0) -> 0 | AO24: =SUM(INDIRECT(AO$1&AO$2&$A24):INDIRECT(AO$1&AO$3&$A24))+SUM(INDIRECT(AO$1&AO$2&$B24):INDIRECT(AO$1&AO$3&$B24)) -> 0 | AP24: =AK24-AO24 -> 0 | AQ24: =IFERROR(AK24/AO24,0) -> 0 | AS24: =SUM((INDIRECT(AS$2&(ROW())):INDIRECT(AS$3&(ROW())))) -> 0 | AT24: =SUM(INDIRECT(AT$1&AT$2&$C24):INDIRECT(AT$1&AT$3&$C24)) -> 0 | AU24: =AS24-AT24 -> 0 | AV24: =IFERROR(AS24/AT24,0) -> 0 | AW24: =SUM(INDIRECT(AW$1&AW$2&$A24):INDIRECT(AW$1&AW$3&$A24))+SUM(INDIRECT(AW$1&AW$2&$B24):INDIRECT(AW$1&AW$3&$B24)) -> 0 | AX24: =AS24-AW24 -> 0 | AY24: =IFERROR(AS24/AW24,0) -> 0 | BA24: =SUM((INDIRECT(BA$2&(ROW())):INDIRECT(BA$3&(ROW())))) -> 0 | BB24: =SUM(INDIRECT(BB$1&BB$2&$C24):INDIRECT(BB$1&BB$3&$C24)) -> 0 | BC24: =BA24-BB24 -> 0 | BD24: =IFERROR(BA24/BB24,0) -> 0 | BE24: =SUM(INDIRECT(BE$1&BE$2&$A24):INDIRECT(BE$1&BE$3&$A24))+SUM(INDIRECT(BE$1&BE$2&$B24):INDIRECT(BE$1&BE$3&$B24)) -> 0 | BF24: =BA24-BE24 -> 0 | BG24: =IFERROR(BA24/BE24,0) -> 0
A25: 25 | B25: 1 | C25: =ROW() -> 25 | D25: RF | E25: 1 | I25: Operating Profit | Q25: =Q21+Q23-Q24 -> 43818 | R25: =R21+R23-R24 -> -30866 | S25: =S21+S23-S24 -> 57316 | T25: =T21+T23-T24 -> 66142 | U25: =U21+U23-U24 -> 83780 | V25: =V21+V23-V24 -> 134286 | W25: =W21+W23-W24 -> 47564 | X25: =X21+X23-X24 -> 58200 | ... AB25: =AB21+AB23-AB24 -> 95631.107 | AC25: =SUM(Q25,R25,S25) -> 70268 | AD25: =SUM(T25,U25,V25) -> 284208 | AE25: =SUM(W25,X25,Y25) -> 185244 | AF25: =SUM(Z25,AA25,AB25) -> 260967.11 | AG25: =AC25+AD25 -> 354476 | AH25: =AF25+AE25 -> 446211.11 | AI25: =AG25+AH25 -> 800687.11 | AK25: =SUM((INDIRECT(AK$2&(ROW())):INDIRECT(AK$3&(ROW())))) -> 43818 | AL25: =SUM(INDIRECT(AL$1&AL$2&$C25):INDIRECT(AL$1&AL$3&$C25)) -> 44130.378 | AM25: =AK25-AL25 -> -312.37846 | AN25: =IFERROR(AK25/AL25,0) -> 0.99292146 | AO25: =SUM(INDIRECT(AO$1&AO$2&$A25):INDIRECT(AO$1&AO$3&$A25))+SUM(INDIRECT(AO$1&AO$2&$B25):INDIRECT(AO$1&AO$3&$B25)) -> -112670 | AP25: =AK25-AO25 -> 156488 | AQ25: =IFERROR(AK25/AO25,0) -> -0.38890565 | AS25: =SUM((INDIRECT(AS$2&(ROW())):INDIRECT(AS$3&(ROW())))) -> 43818 | AT25: =SUM(INDIRECT(AT$1&AT$2&$C25):INDIRECT(AT$1&AT$3&$C25)) -> 44130.378 | AU25: =AS25-AT25 -> -312.37846 | AV25: =IFERROR(AS25/AT25,0) -> 0.99292146 | AW25: =SUM(INDIRECT(AW$1&AW$2&$A25):INDIRECT(AW$1&AW$3&$A25))+SUM(INDIRECT(AW$1&AW$2&$B25):INDIRECT(AW$1&AW$3&$B25)) -> -112670 | AX25: =AS25-AW25 -> 156488 | AY25: =IFERROR(AS25/AW25,0) -> -0.38890565 | BA25: =SUM((INDIRECT(BA$2&(ROW())):INDIRECT(BA$3&(ROW())))) -> 43818 | BB25: =SUM(INDIRECT(BB$1&BB$2&$C25):INDIRECT(BB$1&BB$3&$C25)) -> 44130.378 | BC25: =BA25-BB25 -> -312.37846 | BD25: =IFERROR(BA25/BB25,0) -> 0.99292146 | BE25: =SUM(INDIRECT(BE$1&BE$2&$A25):INDIRECT(BE$1&BE$3&$A25))+SUM(INDIRECT(BE$1&BE$2&$B25):INDIRECT(BE$1&BE$3&$B25)) -> -112670 | BF25: =BA25-BE25 -> 156488 | BG25: =IFERROR(BA25/BE25,0) -> -0.38890565
A26: 26 | B26: 1 | C26: =ROW() -> 26 | D26: RF | E26: 1 | P26: (%) | Q26: =IFERROR(Q25/Q11,0) -> 0.081636227 | R26: =IFERROR(R25/R11,0) -> -0.12874674 | S26: =IFERROR(S25/S11,0) -> 0.1164867 | T26: =IFERROR(T25/T11,0) -> 0.12885868 | U26: =IFERROR(U25/U11,0) -> 0.14270166 | V26: =IFERROR(V25/V11,0) -> 0.1815608 | W26: =IFERROR(W25/W11,0) -> 0.076659006 | X26: =IFERROR(X25/X11,0) -> 0.099512525 | ... AI26: =IFERROR(AI25/AI11,0) -> 0.11470265 | AK26: =IFERROR(AK25/AK11,0) -> 0.081636227 | AL26: =IFERROR(AL25/AL11,0) -> 0.091968858 | AM26: =AK26-AL26 -> -0.010332631 | AO26: =IFERROR(AO25/AO11,0) -> -6.2019046 | AP26: =AK26-AO26 -> 6.2835408 | AS26: =IFERROR(AS25/AS11,0) -> 0.081636227 | AT26: =IFERROR(AT25/AT11,0) -> 0.091968858 | AU26: =AS26-AT26 -> -0.010332631 | AW26: =IFERROR(AW25/AW11,0) -> -6.2019046 | AX26: =AS26-AW26 -> 6.2835408 | BA26: =IFERROR(BA25/BA11,0) -> 0.081636227 | BB26: =IFERROR(BB25/BB11,0) -> 0.091968858 | BC26: =BA26-BB26 -> -0.010332631 | BE26: =IFERROR(BE25/BE11,0) -> -6.2019046 | BF26: =BA26-BE26 -> 6.2835408
A27: 27 | B27: 1 | C27: =ROW() -> 27 | D27: RF | E27: 1 | I27: Financial Income (Expenses), net | Q27: =Q28-Q29 -> 8155 | R27: =R28-R29 -> 7355 | S27: =S28-S29 -> 4689 | T27: =T28-T29 -> 5517 | U27: =U28-U29 -> 6745 | V27: =V28-V29 -> 2755 | W27: =W28-W29 -> 6483 | X27: =X28-X29 -> 8053 | ... AB27: =AB28-AB29 -> 8237 | AC27: =SUM(Q27,R27,S27) -> 20199 | AD27: =SUM(T27,U27,V27) -> 15017 | AE27: =SUM(W27,X27,Y27) -> 21010 | AF27: =SUM(Z27,AA27,AB27) -> 27439 | AG27: =AC27+AD27 -> 35216 | AH27: =AF27+AE27 -> 48449 | AI27: =AG27+AH27 -> 83665 | AK27: =SUM((INDIRECT(AK$2&(ROW())):INDIRECT(AK$3&(ROW())))) -> 8155 | AL27: =SUM(INDIRECT(AL$1&AL$2&$C27):INDIRECT(AL$1&AL$3&$C27)) -> 0 | AM27: =AK27-AL27 -> 8155 | AN27: =IFERROR(AK27/AL27,0) -> 0 | AO27: =SUM(INDIRECT(AO$1&AO$2&$A27):INDIRECT(AO$1&AO$3&$A27))+SUM(INDIRECT(AO$1&AO$2&$B27):INDIRECT(AO$1&AO$3&$B27)) -> 9974 | AP27: =AK27-AO27 -> -1819 | AQ27: =IFERROR(AK27/AO27,0) -> 0.81762583 | AS27: =SUM((INDIRECT(AS$2&(ROW())):INDIRECT(AS$3&(ROW())))) -> 8155 | AT27: =SUM(INDIRECT(AT$1&AT$2&$C27):INDIRECT(AT$1&AT$3&$C27)) -> 0 | AU27: =AS27-AT27 -> 8155 | AV27: =IFERROR(AS27/AT27,0) -> 0 | AW27: =SUM(INDIRECT(AW$1&AW$2&$A27):INDIRECT(AW$1&AW$3&$A27))+SUM(INDIRECT(AW$1&AW$2&$B27):INDIRECT(AW$1&AW$3&$B27)) -> 9974 | AX27: =AS27-AW27 -> -1819 | AY27: =IFERROR(AS27/AW27,0) -> 0.81762583 | BA27: =SUM((INDIRECT(BA$2&(ROW())):INDIRECT(BA$3&(ROW())))) -> 8155 | BB27: =SUM(INDIRECT(BB$1&BB$2&$C27):INDIRECT(BB$1&BB$3&$C27)) -> 0 | BC27: =BA27-BB27 -> 8155 | BD27: =IFERROR(BA27/BB27,0) -> 0 | BE27: =SUM(INDIRECT(BE$1&BE$2&$A27):INDIRECT(BE$1&BE$3&$A27))+SUM(INDIRECT(BE$1&BE$2&$B27):INDIRECT(BE$1&BE$3&$B27)) -> 9974 | BF27: =BA27-BE27 -> -1819 | BG27: =IFERROR(BA27/BE27,0) -> 0.81762583
A28: 28 | B28: 1 | C28: =ROW() -> 28 | D28: RF | E28: 1 | J28: Financial Income | Q28: 8381 | R28: 7503 | S28: 7373 | T28: 6027 | U28: 6745 | V28: =41030-SUM(Q28:U28) -> 5001 | W28: 6713 | X28: 8053 | Y28: 8971 | Z28: 10229 | AA28: 8973 | AB28: =10022+502 -> 10524 | AC28: =SUM(Q28,R28,S28) -> 23257 | AD28: =SUM(T28,U28,V28) -> 17773 | AE28: =SUM(W28,X28,Y28) -> 23737 | AF28: =SUM(Z28,AA28,AB28) -> 29726 | AG28: =AC28+AD28 -> 41030 | AH28: =AF28+AE28 -> 53463 | AI28: =AG28+AH28 -> 94493 | AK28: =SUM((INDIRECT(AK$2&(ROW())):INDIRECT(AK$3&(ROW())))) -> 8381 | AL28: =SUM(INDIRECT(AL$1&AL$2&$C28):INDIRECT(AL$1&AL$3&$C28)) -> 0 | AM28: =AK28-AL28 -> 8381 | AN28: =IFERROR(AK28/AL28,0) -> 0 | AO28: =SUM(INDIRECT(AO$1&AO$2&$A28):INDIRECT(AO$1&AO$3&$A28))+SUM(INDIRECT(AO$1&AO$2&$B28):INDIRECT(AO$1&AO$3&$B28)) -> 9974 | AP28: =AK28-AO28 -> -1593 | AQ28: =IFERROR(AK28/AO28,0) -> 0.84028474 | AS28: =SUM((INDIRECT(AS$2&(ROW())):INDIRECT(AS$3&(ROW())))) -> 8381 | AT28: =SUM(INDIRECT(AT$1&AT$2&$C28):INDIRECT(AT$1&AT$3&$C28)) -> 0 | AU28: =AS28-AT28 -> 8381 | AV28: =IFERROR(AS28/AT28,0) -> 0 | AW28: =SUM(INDIRECT(AW$1&AW$2&$A28):INDIRECT(AW$1&AW$3&$A28))+SUM(INDIRECT(AW$1&AW$2&$B28):INDIRECT(AW$1&AW$3&$B28)) -> 9974 | AX28: =AS28-AW28 -> -1593 | AY28: =IFERROR(AS28/AW28,0) -> 0.84028474 | BA28: =SUM((INDIRECT(BA$2&(ROW())):INDIRECT(BA$3&(ROW())))) -> 8381 | BB28: =SUM(INDIRECT(BB$1&BB$2&$C28):INDIRECT(BB$1&BB$3&$C28)) -> 0 | BC28: =BA28-BB28 -> 8381 | BD28: =IFERROR(BA28/BB28,0) -> 0 | BE28: =SUM(INDIRECT(BE$1&BE$2&$A28):INDIRECT(BE$1&BE$3&$A28))+SUM(INDIRECT(BE$1&BE$2&$B28):INDIRECT(BE$1&BE$3&$B28)) -> 9974 | BF28: =BA28-BE28 -> -1593 | BG28: =IFERROR(BA28/BE28,0) -> 0.84028474
A29: 29 | B29: 1 | C29: =ROW() -> 29 | D29: RF | E29: 1 | J29: Financial Expenses | Q29: 226 | R29: 148 | S29: 2684 | T29: 510 | U29: 0 | V29: =5814-SUM(Q29:U29) -> 2246 | W29: 230 | X29: 0 | Y29: 2497 | AB29: 2287 | AC29: =SUM(Q29,R29,S29) -> 3058 | AD29: =SUM(T29,U29,V29) -> 2756 | AE29: =SUM(W29,X29,Y29) -> 2727 | AF29: =SUM(Z29,AA29,AB29) -> 2287 | AG29: =AC29+AD29 -> 5814 | AH29: =AF29+AE29 -> 5014 | AI29: =AG29+AH29 -> 10828 | AK29: =SUM((INDIRECT(AK$2&(ROW())):INDIRECT(AK$3&(ROW())))) -> 226 | AL29: =SUM(INDIRECT(AL$1&AL$2&$C29):INDIRECT(AL$1&AL$3&$C29)) -> 0 | AM29: =AK29-AL29 -> 226 | AN29: =IFERROR(AK29/AL29,0) -> 0 | AO29: =SUM(INDIRECT(AO$1&AO$2&$A29):INDIRECT(AO$1&AO$3&$A29))+SUM(INDIRECT(AO$1&AO$2&$B29):INDIRECT(AO$1&AO$3&$B29)) -> 0 | AP29: =AK29-AO29 -> 226 | AQ29: =IFERROR(AK29/AO29,0) -> 0 | AS29: =SUM((INDIRECT(AS$2&(ROW())):INDIRECT(AS$3&(ROW())))) -> 226 | AT29: =SUM(INDIRECT(AT$1&AT$2&$C29):INDIRECT(AT$1&AT$3&$C29)) -> 0 | AU29: =AS29-AT29 -> 226 | AV29: =IFERROR(AS29/AT29,0) -> 0 | AW29: =SUM(INDIRECT(AW$1&AW$2&$A29):INDIRECT(AW$1&AW$3&$A29))+SUM(INDIRECT(AW$1&AW$2&$B29):INDIRECT(AW$1&AW$3&$B29)) -> 0 | AX29: =AS29-AW29 -> 226 | AY29: =IFERROR(AS29/AW29,0) -> 0 | BA29: =SUM((INDIRECT(BA$2&(ROW())):INDIRECT(BA$3&(ROW())))) -> 226 | BB29: =SUM(INDIRECT(BB$1&BB$2&$C29):INDIRECT(BB$1&BB$3&$C29)) -> 0 | BC29: =BA29-BB29 -> 226 | BD29: =IFERROR(BA29/BB29,0) -> 0 | BE29: =SUM(INDIRECT(BE$1&BE$2&$A29):INDIRECT(BE$1&BE$3&$A29))+SUM(INDIRECT(BE$1&BE$2&$B29):INDIRECT(BE$1&BE$3&$B29)) -> 0 | BF29: =BA29-BE29 -> 226 | BG29: =IFERROR(BA29/BE29,0) -> 0
A30: 30 | B30: 1 | C30: =ROW() -> 30 | D30: RF | E30: 1 | I30: Profit before Taxes | Q30: =Q25+Q27 -> 51973 | R30: =R25+R27 -> -23511 | S30: =S25+S27 -> 62005 | T30: =T25+T27 -> 71659 | U30: =U25+U27 -> 90525 | V30: =V25+V27 -> 137041 | W30: =W25+W27 -> 54047 | X30: =X25+X27 -> 66253 | ... AB30: =AB25+AB27 -> 103868.11 | AC30: =SUM(Q30,R30,S30) -> 90467 | AD30: =SUM(T30,U30,V30) -> 299225 | AE30: =SUM(W30,X30,Y30) -> 206254 | AF30: =SUM(Z30,AA30,AB30) -> 288406.11 | AG30: =AC30+AD30 -> 389692 | AH30: =AF30+AE30 -> 494660.11 | AI30: =AG30+AH30 -> 884352.11 | AK30: =SUM((INDIRECT(AK$2&(ROW())):INDIRECT(AK$3&(ROW())))) -> 51973 | AL30: =SUM(INDIRECT(AL$1&AL$2&$C30):INDIRECT(AL$1&AL$3&$C30)) -> 44130.378 | AM30: =AK30-AL30 -> 7842.6215 | AN30: =IFERROR(AK30/AL30,0) -> 1.1777148 | AO30: =SUM(INDIRECT(AO$1&AO$2&$A30):INDIRECT(AO$1&AO$3&$A30))+SUM(INDIRECT(AO$1&AO$2&$B30):INDIRECT(AO$1&AO$3&$B30)) -> -102696 | AP30: =AK30-AO30 -> 154669 | AQ30: =IFERROR(AK30/AO30,0) -> -0.50608592 | AS30: =SUM((INDIRECT(AS$2&(ROW())):INDIRECT(AS$3&(ROW())))) -> 51973 | AT30: =SUM(INDIRECT(AT$1&AT$2&$C30):INDIRECT(AT$1&AT$3&$C30)) -> 44130.378 | AU30: =AS30-AT30 -> 7842.6215 | AV30: =IFERROR(AS30/AT30,0) -> 1.1777148 | AW30: =SUM(INDIRECT(AW$1&AW$2&$A30):INDIRECT(AW$1&AW$3&$A30))+SUM(INDIRECT(AW$1&AW$2&$B30):INDIRECT(AW$1&AW$3&$B30)) -> -102696 | AX30: =AS30-AW30 -> 154669 | AY30: =IFERROR(AS30/AW30,0) -> -0.50608592 | BA30: =SUM((INDIRECT(BA$2&(ROW())):INDIRECT(BA$3&(ROW())))) -> 51973 | BB30: =SUM(INDIRECT(BB$1&BB$2&$C30):INDIRECT(BB$1&BB$3&$C30)) -> 44130.378 | BC30: =BA30-BB30 -> 7842.6215 | BD30: =IFERROR(BA30/BB30,0) -> 1.1777148 | BE30: =SUM(INDIRECT(BE$1&BE$2&$A30):INDIRECT(BE$1&BE$3&$A30))+SUM(INDIRECT(BE$1&BE$2&$B30):INDIRECT(BE$1&BE$3&$B30)) -> -102696 | BF30: =BA30-BE30 -> 154669 | BG30: =IFERROR(BA30/BE30,0) -> -0.50608592
A31: 31 | B31: 1 | C31: =ROW() -> 31 | D31: RF | E31: 1 | I31: Tax Expenses & Others | Q31: =Q30*25.168% -> 13080.565 | R31: =R30*25.168% -> -5917.2485 | S31: =S30*25.168% -> 15605.418 | T31: =T30*25.168% -> 18035.137 | U31: =U30*25.168% -> 22783.332 | V31: =V30*25.168% -> 34490.479 | W31: =W30*25.168% -> 13602.549 | X31: =X30*25.168% -> 16674.555 | ... AB31: =AB30*25.168% -> 26141.525 | AC31: =SUM(Q31,R31,S31) -> 22768.735 | AD31: =SUM(T31,U31,V31) -> 75308.948 | AE31: =SUM(W31,X31,Y31) -> 51910.007 | AF31: =SUM(Z31,AA31,AB31) -> 72586.049 | AG31: =AC31+AD31 -> 98077.683 | AH31: =AF31+AE31 -> 124496.06 | AI31: =AG31+AH31 -> 222573.74 | AK31: =SUM((INDIRECT(AK$2&(ROW())):INDIRECT(AK$3&(ROW())))) -> 13080.565 | AL31: =SUM(INDIRECT(AL$1&AL$2&$C31):INDIRECT(AL$1&AL$3&$C31)) -> 0 | AM31: =AK31-AL31 -> 13080.565 | AN31: =IFERROR(AK31/AL31,0) -> 0 | AO31: =SUM(INDIRECT(AO$1&AO$2&$A31):INDIRECT(AO$1&AO$3&$A31))+SUM(INDIRECT(AO$1&AO$2&$B31):INDIRECT(AO$1&AO$3&$B31)) -> -25848.583 | AP31: =AK31-AO31 -> 38929.148 | AQ31: =IFERROR(AK31/AO31,0) -> -0.50604571 | AS31: =SUM((INDIRECT(AS$2&(ROW())):INDIRECT(AS$3&(ROW())))) -> 13080.565 | AT31: =SUM(INDIRECT(AT$1&AT$2&$C31):INDIRECT(AT$1&AT$3&$C31)) -> 0 | AU31: =AS31-AT31 -> 13080.565 | AV31: =IFERROR(AS31/AT31,0) -> 0 | AW31: =SUM(INDIRECT(AW$1&AW$2&$A31):INDIRECT(AW$1&AW$3&$A31))+SUM(INDIRECT(AW$1&AW$2&$B31):INDIRECT(AW$1&AW$3&$B31)) -> -25848.583 | AX31: =AS31-AW31 -> 38929.148 | AY31: =IFERROR(AS31/AW31,0) -> -0.50604571 | BA31: =SUM((INDIRECT(BA$2&(ROW())):INDIRECT(BA$3&(ROW())))) -> 13080.565 | BB31: =SUM(INDIRECT(BB$1&BB$2&$C31):INDIRECT(BB$1&BB$3&$C31)) -> 0 | BC31: =BA31-BB31 -> 13080.565 | BD31: =IFERROR(BA31/BB31,0) -> 0 | BE31: =SUM(INDIRECT(BE$1&BE$2&$A31):INDIRECT(BE$1&BE$3&$A31))+SUM(INDIRECT(BE$1&BE$2&$B31):INDIRECT(BE$1&BE$3&$B31)) -> -25848.583 | BF31: =BA31-BE31 -> 38929.148 | BG31: =IFERROR(BA31/BE31,0) -> -0.50604571
A32: 32 | B32: 1 | C32: =ROW() -> 32 | D32: RF | E32: 1 | I32: Net Profit | Q32: =Q30-Q31 -> 38892.435 | R32: =R30-R31 -> -17593.752 | S32: =S30-S31 -> 46399.582 | T32: =T30-T31 -> 53623.863 | U32: =U30-U31 -> 67741.668 | V32: =V30-V31 -> 102550.52 | W32: =W30-W31 -> 40444.451 | X32: =X30-X31 -> 49578.445 | ... AB32: =AB30-AB31 -> 77726.582 | AC32: =SUM(Q32,R32,S32) -> 67698.265 | AD32: =SUM(T32,U32,V32) -> 223916.05 | AE32: =SUM(W32,X32,Y32) -> 154343.99 | AF32: =SUM(Z32,AA32,AB32) -> 215820.06 | AG32: =AC32+AD32 -> 291614.32 | AH32: =AF32+AE32 -> 370164.05 | AI32: =AG32+AH32 -> 661778.37 | AK32: =SUM((INDIRECT(AK$2&(ROW())):INDIRECT(AK$3&(ROW())))) -> 38892.435 | AL32: =SUM(INDIRECT(AL$1&AL$2&$C32):INDIRECT(AL$1&AL$3&$C32)) -> 44130.378 | AM32: =AK32-AL32 -> -5237.9431 | AN32: =IFERROR(AK32/AL32,0) -> 0.88130754 | AO32: =SUM(INDIRECT(AO$1&AO$2&$A32):INDIRECT(AO$1&AO$3&$A32))+SUM(INDIRECT(AO$1&AO$2&$B32):INDIRECT(AO$1&AO$3&$B32)) -> -76847.417 | AP32: =AK32-AO32 -> 115739.85 | AQ32: =IFERROR(AK32/AO32,0) -> -0.50609945 | AS32: =SUM((INDIRECT(AS$2&(ROW())):INDIRECT(AS$3&(ROW())))) -> 38892.435 | AT32: =SUM(INDIRECT(AT$1&AT$2&$C32):INDIRECT(AT$1&AT$3&$C32)) -> 44130.378 | AU32: =AS32-AT32 -> -5237.9431 | AV32: =IFERROR(AS32/AT32,0) -> 0.88130754 | AW32: =SUM(INDIRECT(AW$1&AW$2&$A32):INDIRECT(AW$1&AW$3&$A32))+SUM(INDIRECT(AW$1&AW$2&$B32):INDIRECT(AW$1&AW$3&$B32)) -> -76847.417 | AX32: =AS32-AW32 -> 115739.85 | AY32: =IFERROR(AS32/AW32,0) -> -0.50609945 | BA32: =SUM((INDIRECT(BA$2&(ROW())):INDIRECT(BA$3&(ROW())))) -> 38892.435 | BB32: =SUM(INDIRECT(BB$1&BB$2&$C32):INDIRECT(BB$1&BB$3&$C32)) -> 44130.378 | BC32: =BA32-BB32 -> -5237.9431 | BD32: =IFERROR(BA32/BB32,0) -> 0.88130754 | BE32: =SUM(INDIRECT(BE$1&BE$2&$A32):INDIRECT(BE$1&BE$3&$A32))+SUM(INDIRECT(BE$1&BE$2&$B32):INDIRECT(BE$1&BE$3&$B32)) -> -76847.417 | BF32: =BA32-BE32 -> 115739.85 | BG32: =IFERROR(BA32/BE32,0) -> -0.50609945
A33: 33 | B33: 1 | C33: =ROW() -> 33 | D33: RF | E33: 1 | P33: (%) | Q33: =IFERROR(Q32/Q11,0) -> 0.07245953 | R33: =IFERROR(R32/R11,0) -> -0.073386188 | S33: =IFERROR(S32/S11,0) -> 0.094300618 | T33: =IFERROR(T32/T11,0) -> 0.10447069 | U33: =IFERROR(U32/U11,0) -> 0.11538372 | V33: =IFERROR(V32/V11,0) -> 0.13865299 | W33: =IFERROR(W32/W11,0) -> 0.065184413 | X33: =IFERROR(X32/X11,0) -> 0.08477107 | ... AI33: =IFERROR(AI32/AI11,0) -> 0.094803239 | AK33: =IFERROR(AK32/AK11,0) -> 0.07245953 | AL33: =IFERROR(AL32/AL11,0) -> 0.091968858 | AM33: =AK33-AL33 -> -0.019509328 | AO33: =IFERROR(AO32/AO11,0) -> -4.2300554 | AP33: =AK33-AO33 -> 4.3025149 | AS33: =IFERROR(AS32/AS11,0) -> 0.07245953 | AT33: =IFERROR(AT32/AT11,0) -> 0.091968858 | AU33: =AS33-AT33 -> -0.019509328 | AW33: =IFERROR(AW32/AW11,0) -> -4.2300554 | AX33: =AS33-AW33 -> 4.3025149 | BA33: =IFERROR(BA32/BA11,0) -> 0.07245953 | BB33: =IFERROR(BB32/BB11,0) -> 0.091968858 | BC33: =BA33-BB33 -> -0.019509328 | BE33: =IFERROR(BE32/BE11,0) -> -4.2300554 | BF33: =BA33-BE33 -> 4.3025149
A34: 34 | B34: 1 | C34: =ROW() -> 34 | E34: 1
A35: 35 | B35: 1 | C35: =ROW() -> 35 | E35: 1
A36: 36 | B36: 1 | C36: =ROW() -> 36 | E36: 1 | G36: 1-2.SGA Expenses Details
A37: 37 | B37: 1 | C37: =ROW() -> 37 | E37: 1 | I37: Variable Expenses | Q37: =SUM(Q38:Q40) -> 36517 | R37: =SUM(R38:R40) -> 22342 | S37: =SUM(S38:S40) -> 30041 | T37: =SUM(T38:T40) -> 28927 | U37: =SUM(U38:U40) -> 38068 | V37: =SUM(V38:V40) -> 44154 | W37: =SUM(W38:W40) -> 42184 | X37: =SUM(X38:X40) -> 39310 | ... AI37: =SUM(AI38:AI40) -> 408165 | AK37: =SUM((INDIRECT(AK$2&(ROW())):INDIRECT(AK$3&(ROW())))) -> 36517 | AL37: =SUM(INDIRECT(AL$1&AL$2&$C37):INDIRECT(AL$1&AL$3&$C37)) -> 31156.288 | AM37: =AK37-AL37 -> 5360.7117 | AN37: =IFERROR(AK37/AL37,0) -> 1.1720587 | AO37: =SUM(INDIRECT(AO$1&AO$2&$A37):INDIRECT(AO$1&AO$3&$A37))+SUM(INDIRECT(AO$1&AO$2&$B37):INDIRECT(AO$1&AO$3&$B37)) -> 13639 | AP37: =AK37-AO37 -> 22878 | AQ37: =IFERROR(AK37/AO37,0) -> 2.6773957 | AS37: =SUM((INDIRECT(AS$2&(ROW())):INDIRECT(AS$3&(ROW())))) -> 36517 | AT37: =SUM(INDIRECT(AT$1&AT$2&$C37):INDIRECT(AT$1&AT$3&$C37)) -> 31156.288 | AU37: =AS37-AT37 -> 5360.7117 | AV37: =IFERROR(AS37/AT37,0) -> 1.1720587 | AW37: =SUM(INDIRECT(AW$1&AW$2&$A37):INDIRECT(AW$1&AW$3&$A37))+SUM(INDIRECT(AW$1&AW$2&$B37):INDIRECT(AW$1&AW$3&$B37)) -> 13639 | AX37: =AS37-AW37 -> 22878 | AY37: =IFERROR(AS37/AW37,0) -> 2.6773957 | BA37: =SUM((INDIRECT(BA$2&(ROW())):INDIRECT(BA$3&(ROW())))) -> 36517 | BB37: =SUM(INDIRECT(BB$1&BB$2&$C37):INDIRECT(BB$1&BB$3&$C37)) -> 31156.288 | BC37: =BA37-BB37 -> 5360.7117 | BD37: =IFERROR(BA37/BB37,0) -> 1.1720587 | BE37: =SUM(INDIRECT(BE$1&BE$2&$A37):INDIRECT(BE$1&BE$3&$A37))+SUM(INDIRECT(BE$1&BE$2&$B37):INDIRECT(BE$1&BE$3&$B37)) -> 13639 | BF37: =BA37-BE37 -> 22878 | BG37: =IFERROR(BA37/BE37,0) -> 2.6773957
A38: 38 | B38: 1 | C38: =ROW() -> 38 | E38: 1 | J38: Selling Expenses | Q38: 12616 | R38: 2209 | S38: 7895 | T38: 3180 | U38: 9234 | V38: 13126 | W38: 12724 | X38: 11711 | Y38: 9810 | Z38: 4062 | AA38: -22968 | AB38: 153 | AC38: =SUM(Q38,R38,S38) -> 22720 | AD38: =SUM(T38,U38,V38) -> 25540 | AE38: =SUM(W38,X38,Y38) -> 34245 | AF38: =SUM(Z38,AA38,AB38) -> -18753 | AG38: =AC38+AD38 -> 48260 | AH38: =AF38+AE38 -> 15492 | AI38: =AG38+AH38 -> 63752 | AK38: =SUM((INDIRECT(AK$2&(ROW())):INDIRECT(AK$3&(ROW())))) -> 12616 | AL38: =SUM(INDIRECT(AL$1&AL$2&$C38):INDIRECT(AL$1&AL$3&$C38)) -> 8627.8343 | AM38: =AK38-AL38 -> 3988.1657 | AN38: =IFERROR(AK38/AL38,0) -> 1.4622441 | AO38: =SUM(INDIRECT(AO$1&AO$2&$A38):INDIRECT(AO$1&AO$3&$A38))+SUM(INDIRECT(AO$1&AO$2&$B38):INDIRECT(AO$1&AO$3&$B38)) -> 2586 | AP38: =AK38-AO38 -> 10030 | AQ38: =IFERROR(AK38/AO38,0) -> 4.878577 | AS38: =SUM((INDIRECT(AS$2&(ROW())):INDIRECT(AS$3&(ROW())))) -> 12616 | AT38: =SUM(INDIRECT(AT$1&AT$2&$C38):INDIRECT(AT$1&AT$3&$C38)) -> 8627.8343 | AU38: =AS38-AT38 -> 3988.1657 | AV38: =IFERROR(AS38/AT38,0) -> 1.4622441 | AW38: =SUM(INDIRECT(AW$1&AW$2&$A38):INDIRECT(AW$1&AW$3&$A38))+SUM(INDIRECT(AW$1&AW$2&$B38):INDIRECT(AW$1&AW$3&$B38)) -> 2586 | AX38: =AS38-AW38 -> 10030 | AY38: =IFERROR(AS38/AW38,0) -> 4.878577 | BA38: =SUM((INDIRECT(BA$2&(ROW())):INDIRECT(BA$3&(ROW())))) -> 12616 | BB38: =SUM(INDIRECT(BB$1&BB$2&$C38):INDIRECT(BB$1&BB$3&$C38)) -> 8627.8343 | BC38: =BA38-BB38 -> 3988.1657 | BD38: =IFERROR(BA38/BB38,0) -> 1.4622441 | BE38: =SUM(INDIRECT(BE$1&BE$2&$A38):INDIRECT(BE$1&BE$3&$A38))+SUM(INDIRECT(BE$1&BE$2&$B38):INDIRECT(BE$1&BE$3&$B38)) -> 2586 | BF38: =BA38-BE38 -> 10030 | BG38: =IFERROR(BA38/BE38,0) -> 4.878577
A39: 39 | B39: 1 | C39: =ROW() -> 39 | E39: 1 | J39: Adverting Expenses | Q39: 361 | R39: 278 | S39: 814 | T39: 434 | U39: 585 | V39: 3222 | W39: 700 | X39: 347 | Y39: 4299 | Z39: 850 | AA39: 180 | AB39: 935 | AC39: =SUM(Q39,R39,S39) -> 1453 | AD39: =SUM(T39,U39,V39) -> 4241 | AE39: =SUM(W39,X39,Y39) -> 5346 | AF39: =SUM(Z39,AA39,AB39) -> 1965 | AG39: =AC39+AD39 -> 5694 | AH39: =AF39+AE39 -> 7311 | AI39: =AG39+AH39 -> 13005 | AK39: =SUM((INDIRECT(AK$2&(ROW())):INDIRECT(AK$3&(ROW())))) -> 361 | AL39: =SUM(INDIRECT(AL$1&AL$2&$C39):INDIRECT(AL$1&AL$3&$C39)) -> 1415.474 | AM39: =AK39-AL39 -> -1054.474 | AN39: =IFERROR(AK39/AL39,0) -> 0.25503824 | AO39: =SUM(INDIRECT(AO$1&AO$2&$A39):INDIRECT(AO$1&AO$3&$A39))+SUM(INDIRECT(AO$1&AO$2&$B39):INDIRECT(AO$1&AO$3&$B39)) -> 305 | AP39: =AK39-AO39 -> 56 | AQ39: =IFERROR(AK39/AO39,0) -> 1.1836066 | AS39: =SUM((INDIRECT(AS$2&(ROW())):INDIRECT(AS$3&(ROW())))) -> 361 | AT39: =SUM(INDIRECT(AT$1&AT$2&$C39):INDIRECT(AT$1&AT$3&$C39)) -> 1415.474 | AU39: =AS39-AT39 -> -1054.474 | AV39: =IFERROR(AS39/AT39,0) -> 0.25503824 | AW39: =SUM(INDIRECT(AW$1&AW$2&$A39):INDIRECT(AW$1&AW$3&$A39))+SUM(INDIRECT(AW$1&AW$2&$B39):INDIRECT(AW$1&AW$3&$B39)) -> 305 | AX39: =AS39-AW39 -> 56 | AY39: =IFERROR(AS39/AW39,0) -> 1.1836066 | BA39: =SUM((INDIRECT(BA$2&(ROW())):INDIRECT(BA$3&(ROW())))) -> 361 | BB39: =SUM(INDIRECT(BB$1&BB$2&$C39):INDIRECT(BB$1&BB$3&$C39)) -> 1415.474 | BC39: =BA39-BB39 -> -1054.474 | BD39: =IFERROR(BA39/BB39,0) -> 0.25503824 | BE39: =SUM(INDIRECT(BE$1&BE$2&$A39):INDIRECT(BE$1&BE$3&$A39))+SUM(INDIRECT(BE$1&BE$2&$B39):INDIRECT(BE$1&BE$3&$B39)) -> 305 | BF39: =BA39-BE39 -> 56 | BG39: =IFERROR(BA39/BE39,0) -> 1.1836066
A40: 40 | B40: 1 | C40: =ROW() -> 40 | E40: 1 | J40: Logistics Expense | Q40: 23540 | R40: 19855 | S40: 21332 | T40: 25313 | U40: 28249 | V40: 27806 | W40: 28760 | X40: 27252 | Y40: 31136 | Z40: 31313 | AA40: 29488 | AB40: 37364 | AC40: =SUM(Q40,R40,S40) -> 64727 | AD40: =SUM(T40,U40,V40) -> 81368 | AE40: =SUM(W40,X40,Y40) -> 87148 | AF40: =SUM(Z40,AA40,AB40) -> 98165 | AG40: =AC40+AD40 -> 146095 | AH40: =AF40+AE40 -> 185313 | AI40: =AG40+AH40 -> 331408 | AK40: =SUM((INDIRECT(AK$2&(ROW())):INDIRECT(AK$3&(ROW())))) -> 23540 | AL40: =SUM(INDIRECT(AL$1&AL$2&$C40):INDIRECT(AL$1&AL$3&$C40)) -> 21112.98 | AM40: =AK40-AL40 -> 2427.0201 | AN40: =IFERROR(AK40/AL40,0) -> 1.1149539 | AO40: =SUM(INDIRECT(AO$1&AO$2&$A40):INDIRECT(AO$1&AO$3&$A40))+SUM(INDIRECT(AO$1&AO$2&$B40):INDIRECT(AO$1&AO$3&$B40)) -> 10748 | AP40: =AK40-AO40 -> 12792 | AQ40: =IFERROR(AK40/AO40,0) -> 2.1901749 | AS40: =SUM((INDIRECT(AS$2&(ROW())):INDIRECT(AS$3&(ROW())))) -> 23540 | AT40: =SUM(INDIRECT(AT$1&AT$2&$C40):INDIRECT(AT$1&AT$3&$C40)) -> 21112.98 | AU40: =AS40-AT40 -> 2427.0201 | AV40: =IFERROR(AS40/AT40,0) -> 1.1149539 | AW40: =SUM(INDIRECT(AW$1&AW$2&$A40):INDIRECT(AW$1&AW$3&$A40))+SUM(INDIRECT(AW$1&AW$2&$B40):INDIRECT(AW$1&AW$3&$B40)) -> 10748 | AX40: =AS40-AW40 -> 12792 | AY40: =IFERROR(AS40/AW40,0) -> 2.1901749 | BA40: =SUM((INDIRECT(BA$2&(ROW())):INDIRECT(BA$3&(ROW())))) -> 23540 | BB40: =SUM(INDIRECT(BB$1&BB$2&$C40):INDIRECT(BB$1&BB$3&$C40)) -> 21112.98 | BC40: =BA40-BB40 -> 2427.0201 | BD40: =IFERROR(BA40/BB40,0) -> 1.1149539 | BE40: =SUM(INDIRECT(BE$1&BE$2&$A40):INDIRECT(BE$1&BE$3&$A40))+SUM(INDIRECT(BE$1&BE$2&$B40):INDIRECT(BE$1&BE$3&$B40)) -> 10748 | BF40: =BA40-BE40 -> 12792 | BG40: =IFERROR(BA40/BE40,0) -> 2.1901749
A41: 41 | B41: 1 | C41: =ROW() -> 41 | E41: 1 | I41: Wages & Salaries | Q41: =SUM(Q42:Q44) -> 55361 | R41: =SUM(R42:R44) -> 52440 | S41: =SUM(S42:S44) -> 53582 | T41: =SUM(T42:T44) -> 52765 | U41: =SUM(U42:U44) -> 53433 | V41: =SUM(V42:V44) -> 49685 | W41: =SUM(W42:W44) -> 49844 | X41: =SUM(X42:X44) -> 47290 | ... AI41: =SUM(AI42:AI44) -> 660760 | AK41: =SUM((INDIRECT(AK$2&(ROW())):INDIRECT(AK$3&(ROW())))) -> 55361 | AL41: =SUM(INDIRECT(AL$1&AL$2&$C41):INDIRECT(AL$1&AL$3&$C41)) -> 47596.427 | AM41: =AK41-AL41 -> 7764.5726 | AN41: =IFERROR(AK41/AL41,0) -> 1.1631335 | AO41: =SUM(INDIRECT(AO$1&AO$2&$A41):INDIRECT(AO$1&AO$3&$A41))+SUM(INDIRECT(AO$1&AO$2&$B41):INDIRECT(AO$1&AO$3&$B41)) -> 54777 | AP41: =AK41-AO41 -> 584 | AQ41: =IFERROR(AK41/AO41,0) -> 1.0106614 | AS41: =SUM((INDIRECT(AS$2&(ROW())):INDIRECT(AS$3&(ROW())))) -> 55361 | AT41: =SUM(INDIRECT(AT$1&AT$2&$C41):INDIRECT(AT$1&AT$3&$C41)) -> 47596.427 | AU41: =AS41-AT41 -> 7764.5726 | AV41: =IFERROR(AS41/AT41,0) -> 1.1631335 | AW41: =SUM(INDIRECT(AW$1&AW$2&$A41):INDIRECT(AW$1&AW$3&$A41))+SUM(INDIRECT(AW$1&AW$2&$B41):INDIRECT(AW$1&AW$3&$B41)) -> 54777 | AX41: =AS41-AW41 -> 584 | AY41: =IFERROR(AS41/AW41,0) -> 1.0106614 | BA41: =SUM((INDIRECT(BA$2&(ROW())):INDIRECT(BA$3&(ROW())))) -> 55361 | BB41: =SUM(INDIRECT(BB$1&BB$2&$C41):INDIRECT(BB$1&BB$3&$C41)) -> 47596.427 | BC41: =BA41-BB41 -> 7764.5726 | BD41: =IFERROR(BA41/BB41,0) -> 1.1631335 | BE41: =SUM(INDIRECT(BE$1&BE$2&$A41):INDIRECT(BE$1&BE$3&$A41))+SUM(INDIRECT(BE$1&BE$2&$B41):INDIRECT(BE$1&BE$3&$B41)) -> 54777 | BF41: =BA41-BE41 -> 584 | BG41: =IFERROR(BA41/BE41,0) -> 1.0106614
A42: 42 | B42: 1 | C42: =ROW() -> 42 | E42: 1 | J42: Variable Wages & Salaries | Q42: 10526 | R42: 9347 | S42: 5900 | T42: 9800 | U42: 9800 | V42: 7708 | W42: 6039 | X42: 7721 | Y42: 4390 | Z42: 6092 | AA42: =76914*20% -> 15382.8 | AB42: 9481 | AC42: =SUM(Q42,R42,S42) -> 25773 | AD42: =SUM(T42,U42,V42) -> 27308 | AE42: =SUM(W42,X42,Y42) -> 18150 | AF42: =SUM(Z42,AA42,AB42) -> 30955.8 | AG42: =AC42+AD42 -> 53081 | AH42: =AF42+AE42 -> 49105.8 | AI42: =AG42+AH42 -> 102186.8 | AK42: =SUM((INDIRECT(AK$2&(ROW())):INDIRECT(AK$3&(ROW())))) -> 10526 | AL42: =SUM(INDIRECT(AL$1&AL$2&$C42):INDIRECT(AL$1&AL$3&$C42)) -> 9473.8942 | AM42: =AK42-AL42 -> 1052.1058 | AN42: =IFERROR(AK42/AL42,0) -> 1.1110532 | AO42: =SUM(INDIRECT(AO$1&AO$2&$A42):INDIRECT(AO$1&AO$3&$A42))+SUM(INDIRECT(AO$1&AO$2&$B42):INDIRECT(AO$1&AO$3&$B42)) -> 11027 | AP42: =AK42-AO42 -> -501 | AQ42: =IFERROR(AK42/AO42,0) -> 0.95456607 | AS42: =SUM((INDIRECT(AS$2&(ROW())):INDIRECT(AS$3&(ROW())))) -> 10526 | AT42: =SUM(INDIRECT(AT$1&AT$2&$C42):INDIRECT(AT$1&AT$3&$C42)) -> 9473.8942 | AU42: =AS42-AT42 -> 1052.1058 | AV42: =IFERROR(AS42/AT42,0) -> 1.1110532 | AW42: =SUM(INDIRECT(AW$1&AW$2&$A42):INDIRECT(AW$1&AW$3&$A42))+SUM(INDIRECT(AW$1&AW$2&$B42):INDIRECT(AW$1&AW$3&$B42)) -> 11027 | AX42: =AS42-AW42 -> -501 | AY42: =IFERROR(AS42/AW42,0) -> 0.95456607 | BA42: =SUM((INDIRECT(BA$2&(ROW())):INDIRECT(BA$3&(ROW())))) -> 10526 | BB42: =SUM(INDIRECT(BB$1&BB$2&$C42):INDIRECT(BB$1&BB$3&$C42)) -> 9473.8942 | BC42: =BA42-BB42 -> 1052.1058 | BD42: =IFERROR(BA42/BB42,0) -> 1.1110532 | BE42: =SUM(INDIRECT(BE$1&BE$2&$A42):INDIRECT(BE$1&BE$3&$A42))+SUM(INDIRECT(BE$1&BE$2&$B42):INDIRECT(BE$1&BE$3&$B42)) -> 11027 | BF42: =BA42-BE42 -> -501 | BG42: =IFERROR(BA42/BE42,0) -> 0.95456607
A43: 43 | B43: 1 | C43: =ROW() -> 43 | E43: 1 | J43: Fixed Wages & Salaries | Q43: 44835 | R43: 43093 | S43: 47682 | T43: =52765-9800 -> 42965 | U43: 43633 | V43: 41977 | W43: 43805 | X43: 39569 | Y43: 46477 | Z43: 43490 | AA43: =76914*80% -> 61531.2 | AB43: 59516 | AC43: =SUM(Q43,R43,S43) -> 135610 | AD43: =SUM(T43,U43,V43) -> 128575 | AE43: =SUM(W43,X43,Y43) -> 129851 | AF43: =SUM(Z43,AA43,AB43) -> 164537.2 | AG43: =AC43+AD43 -> 264185 | AH43: =AF43+AE43 -> 294388.2 | AI43: =AG43+AH43 -> 558573.2 | AK43: =SUM((INDIRECT(AK$2&(ROW())):INDIRECT(AK$3&(ROW())))) -> 44835 | AL43: =SUM(INDIRECT(AL$1&AL$2&$C43):INDIRECT(AL$1&AL$3&$C43)) -> 38122.533 | AM43: =AK43-AL43 -> 6712.4667 | AN43: =IFERROR(AK43/AL43,0) -> 1.1760761 | AO43: =SUM(INDIRECT(AO$1&AO$2&$A43):INDIRECT(AO$1&AO$3&$A43))+SUM(INDIRECT(AO$1&AO$2&$B43):INDIRECT(AO$1&AO$3&$B43)) -> 43750 | AP43: =AK43-AO43 -> 1085 | AQ43: =IFERROR(AK43/AO43,0) -> 1.0248 | AS43: =SUM((INDIRECT(AS$2&(ROW())):INDIRECT(AS$3&(ROW())))) -> 44835 | AT43: =SUM(INDIRECT(AT$1&AT$2&$C43):INDIRECT(AT$1&AT$3&$C43)) -> 38122.533 | AU43: =AS43-AT43 -> 6712.4667 | AV43: =IFERROR(AS43/AT43,0) -> 1.1760761 | AW43: =SUM(INDIRECT(AW$1&AW$2&$A43):INDIRECT(AW$1&AW$3&$A43))+SUM(INDIRECT(AW$1&AW$2&$B43):INDIRECT(AW$1&AW$3&$B43)) -> 43750 | AX43: =AS43-AW43 -> 1085 | AY43: =IFERROR(AS43/AW43,0) -> 1.0248 | BA43: =SUM((INDIRECT(BA$2&(ROW())):INDIRECT(BA$3&(ROW())))) -> 44835 | BB43: =SUM(INDIRECT(BB$1&BB$2&$C43):INDIRECT(BB$1&BB$3&$C43)) -> 38122.533 | BC43: =BA43-BB43 -> 6712.4667 | BD43: =IFERROR(BA43/BB43,0) -> 1.1760761 | BE43: =SUM(INDIRECT(BE$1&BE$2&$A43):INDIRECT(BE$1&BE$3&$A43))+SUM(INDIRECT(BE$1&BE$2&$B43):INDIRECT(BE$1&BE$3&$B43)) -> 43750 | BF43: =BA43-BE43 -> 1085 | BG43: =IFERROR(BA43/BE43,0) -> 1.0248
A44: 44 | B44: 1 | C44: =ROW() -> 44 | E44: 1 | J44: Retirement Benefit Cost | AC44: =SUM(Q44,R44,S44) -> 0 | AD44: =SUM(T44,U44,V44) -> 0 | AE44: =SUM(W44,X44,Y44) -> 0 | AF44: =SUM(Z44,AA44,AB44) -> 0 | AG44: =AC44+AD44 -> 0 | AH44: =AF44+AE44 -> 0 | AI44: =AG44+AH44 -> 0 | AK44: =SUM((INDIRECT(AK$2&(ROW())):INDIRECT(AK$3&(ROW())))) -> 0 | AL44: =SUM(INDIRECT(AL$1&AL$2&$C44):INDIRECT(AL$1&AL$3&$C44)) -> 0 | AM44: =AK44-AL44 -> 0 | AN44: =IFERROR(AK44/AL44,0) -> 0 | AO44: =SUM(INDIRECT(AO$1&AO$2&$A44):INDIRECT(AO$1&AO$3&$A44))+SUM(INDIRECT(AO$1&AO$2&$B44):INDIRECT(AO$1&AO$3&$B44)) -> 0 | AP44: =AK44-AO44 -> 0 | AQ44: =IFERROR(AK44/AO44,0) -> 0 | AS44: =SUM((INDIRECT(AS$2&(ROW())):INDIRECT(AS$3&(ROW())))) -> 0 | AT44: =SUM(INDIRECT(AT$1&AT$2&$C44):INDIRECT(AT$1&AT$3&$C44)) -> 0 | AU44: =AS44-AT44 -> 0 | AV44: =IFERROR(AS44/AT44,0) -> 0 | AW44: =SUM(INDIRECT(AW$1&AW$2&$A44):INDIRECT(AW$1&AW$3&$A44))+SUM(INDIRECT(AW$1&AW$2&$B44):INDIRECT(AW$1&AW$3&$B44)) -> 0 | AX44: =AS44-AW44 -> 0 | AY44: =IFERROR(AS44/AW44,0) -> 0 | BA44: =SUM((INDIRECT(BA$2&(ROW())):INDIRECT(BA$3&(ROW())))) -> 0 | BB44: =SUM(INDIRECT(BB$1&BB$2&$C44):INDIRECT(BB$1&BB$3&$C44)) -> 0 | BC44: =BA44-BB44 -> 0 | BD44: =IFERROR(BA44/BB44,0) -> 0 | BE44: =SUM(INDIRECT(BE$1&BE$2&$A44):INDIRECT(BE$1&BE$3&$A44))+SUM(INDIRECT(BE$1&BE$2&$B44):INDIRECT(BE$1&BE$3&$B44)) -> 0 | BF44: =BA44-BE44 -> 0 | BG44: =IFERROR(BA44/BE44,0) -> 0
A45: 45 | B45: 1 | C45: =ROW() -> 45 | E45: 1 | I45: Fixed Expenses | Q45: =SUM(Q46:Q51) -> 50491 | R45: =SUM(R46:R51) -> 37415 | S45: =SUM(S46:S51) -> 32923 | T45: =SUM(T46:T51) -> 41534 | U45: =SUM(U46:U51) -> 47192 | V45: =SUM(V46:V51) -> 47945 | W45: =SUM(W46:W51) -> 73702 | X45: =SUM(X46:X51) -> 83001 | ... AI45: =SUM(AI46:AI51) -> 613089 | AK45: =SUM((INDIRECT(AK$2&(ROW())):INDIRECT(AK$3&(ROW())))) -> 50491 | AL45: =SUM(INDIRECT(AL$1&AL$2&$C45):INDIRECT(AL$1&AL$3&$C45)) -> 50819.53 | AM45: =AK45-AL45 -> -328.53008 | AN45: =IFERROR(AK45/AL45,0) -> 0.99353536 | AO45: =SUM(INDIRECT(AO$1&AO$2&$A45):INDIRECT(AO$1&AO$3&$A45))+SUM(INDIRECT(AO$1&AO$2&$B45):INDIRECT(AO$1&AO$3&$B45)) -> 35015 | AP45: =AK45-AO45 -> 15476 | AQ45: =IFERROR(AK45/AO45,0) -> 1.441982 | AS45: =SUM((INDIRECT(AS$2&(ROW())):INDIRECT(AS$3&(ROW())))) -> 50491 | AT45: =SUM(INDIRECT(AT$1&AT$2&$C45):INDIRECT(AT$1&AT$3&$C45)) -> 50819.53 | AU45: =AS45-AT45 -> -328.53008 | AV45: =IFERROR(AS45/AT45,0) -> 0.99353536 | AW45: =SUM(INDIRECT(AW$1&AW$2&$A45):INDIRECT(AW$1&AW$3&$A45))+SUM(INDIRECT(AW$1&AW$2&$B45):INDIRECT(AW$1&AW$3&$B45)) -> 35015 | AX45: =AS45-AW45 -> 15476 | AY45: =IFERROR(AS45/AW45,0) -> 1.441982 | BA45: =SUM((INDIRECT(BA$2&(ROW())):INDIRECT(BA$3&(ROW())))) -> 50491 | BB45: =SUM(INDIRECT(BB$1&BB$2&$C45):INDIRECT(BB$1&BB$3&$C45)) -> 50819.53 | BC45: =BA45-BB45 -> -328.53008 | BD45: =IFERROR(BA45/BB45,0) -> 0.99353536 | BE45: =SUM(INDIRECT(BE$1&BE$2&$A45):INDIRECT(BE$1&BE$3&$A45))+SUM(INDIRECT(BE$1&BE$2&$B45):INDIRECT(BE$1&BE$3&$B45)) -> 35015 | BF45: =BA45-BE45 -> 15476 | BG45: =IFERROR(BA45/BE45,0) -> 1.441982
A46: 46 | B46: 1 | C46: =ROW() -> 46 | E46: 1 | J46: Traveling Expenses | Q46: 74 | R46: 108 | S46: 115 | T46: 646 | U46: 1798 | V46: 2347 | W46: 2409 | X46: 2553 | Y46: 2810 | Z46: 1933 | AA46: 2255 | AB46: 3093 | AC46: =SUM(Q46,R46,S46) -> 297 | AD46: =SUM(T46,U46,V46) -> 4791 | AE46: =SUM(W46,X46,Y46) -> 7772 | AF46: =SUM(Z46,AA46,AB46) -> 7281 | AG46: =AC46+AD46 -> 5088 | AH46: =AF46+AE46 -> 15053 | AI46: =AG46+AH46 -> 20141 | AK46: =SUM((INDIRECT(AK$2&(ROW())):INDIRECT(AK$3&(ROW())))) -> 74 | AL46: =SUM(INDIRECT(AL$1&AL$2&$C46):INDIRECT(AL$1&AL$3&$C46)) -> 2008.0134 | AM46: =AK46-AL46 -> -1934.0134 | AN46: =IFERROR(AK46/AL46,0) -> 0.036852344 | AO46: =SUM(INDIRECT(AO$1&AO$2&$A46):INDIRECT(AO$1&AO$3&$A46))+SUM(INDIRECT(AO$1&AO$2&$B46):INDIRECT(AO$1&AO$3&$B46)) -> 0 | AP46: =AK46-AO46 -> 74 | AQ46: =IFERROR(AK46/AO46,0) -> 0 | AS46: =SUM((INDIRECT(AS$2&(ROW())):INDIRECT(AS$3&(ROW())))) -> 74 | AT46: =SUM(INDIRECT(AT$1&AT$2&$C46):INDIRECT(AT$1&AT$3&$C46)) -> 2008.0134 | AU46: =AS46-AT46 -> -1934.0134 | AV46: =IFERROR(AS46/AT46,0) -> 0.036852344 | AW46: =SUM(INDIRECT(AW$1&AW$2&$A46):INDIRECT(AW$1&AW$3&$A46))+SUM(INDIRECT(AW$1&AW$2&$B46):INDIRECT(AW$1&AW$3&$B46)) -> 0 | AX46: =AS46-AW46 -> 74 | AY46: =IFERROR(AS46/AW46,0) -> 0 | BA46: =SUM((INDIRECT(BA$2&(ROW())):INDIRECT(BA$3&(ROW())))) -> 74 | BB46: =SUM(INDIRECT(BB$1&BB$2&$C46):INDIRECT(BB$1&BB$3&$C46)) -> 2008.0134 | BC46: =BA46-BB46 -> -1934.0134 | BD46: =IFERROR(BA46/BB46,0) -> 0.036852344 | BE46: =SUM(INDIRECT(BE$1&BE$2&$A46):INDIRECT(BE$1&BE$3&$A46))+SUM(INDIRECT(BE$1&BE$2&$B46):INDIRECT(BE$1&BE$3&$B46)) -> 0 | BF46: =BA46-BE46 -> 74 | BG46: =IFERROR(BA46/BE46,0) -> 0
A47: 47 | B47: 1 | C47: =ROW() -> 47 | E47: 1 | J47: Depreciation & Amortization | Q47: 7621 | R47: 7684 | S47: =7619+15856 -> 23475 | T47: 7608 | U47: 7559 | V47: 21871 | W47: 7445 | X47: 7278 | Y47: =7228+11878 -> 19106 | Z47: 7729 | AA47: 7483 | AB47: =17948+6798 -> 24746 | AC47: =SUM(Q47,R47,S47) -> 38780 | AD47: =SUM(T47,U47,V47) -> 37038 | AE47: =SUM(W47,X47,Y47) -> 33829 | AF47: =SUM(Z47,AA47,AB47) -> 39958 | AG47: =AC47+AD47 -> 75818 | AH47: =AF47+AE47 -> 73787 | AI47: =AG47+AH47 -> 149605 | AK47: =SUM((INDIRECT(AK$2&(ROW())):INDIRECT(AK$3&(ROW())))) -> 7621 | AL47: =SUM(INDIRECT(AL$1&AL$2&$C47):INDIRECT(AL$1&AL$3&$C47)) -> 13333.333 | AM47: =AK47-AL47 -> -5712.3333 | AN47: =IFERROR(AK47/AL47,0) -> 0.571575 | AO47: =SUM(INDIRECT(AO$1&AO$2&$A47):INDIRECT(AO$1&AO$3&$A47))+SUM(INDIRECT(AO$1&AO$2&$B47):INDIRECT(AO$1&AO$3&$B47)) -> 7955 | AP47: =AK47-AO47 -> -334 | AQ47: =IFERROR(AK47/AO47,0) -> 0.95801383 | AS47: =SUM((INDIRECT(AS$2&(ROW())):INDIRECT(AS$3&(ROW())))) -> 7621 | AT47: =SUM(INDIRECT(AT$1&AT$2&$C47):INDIRECT(AT$1&AT$3&$C47)) -> 13333.333 | AU47: =AS47-AT47 -> -5712.3333 | AV47: =IFERROR(AS47/AT47,0) -> 0.571575 | AW47: =SUM(INDIRECT(AW$1&AW$2&$A47):INDIRECT(AW$1&AW$3&$A47))+SUM(INDIRECT(AW$1&AW$2&$B47):INDIRECT(AW$1&AW$3&$B47)) -> 7955 | AX47: =AS47-AW47 -> -334 | AY47: =IFERROR(AS47/AW47,0) -> 0.95801383 | BA47: =SUM((INDIRECT(BA$2&(ROW())):INDIRECT(BA$3&(ROW())))) -> 7621 | BB47: =SUM(INDIRECT(BB$1&BB$2&$C47):INDIRECT(BB$1&BB$3&$C47)) -> 13333.333 | BC47: =BA47-BB47 -> -5712.3333 | BD47: =IFERROR(BA47/BB47,0) -> 0.571575 | BE47: =SUM(INDIRECT(BE$1&BE$2&$A47):INDIRECT(BE$1&BE$3&$A47))+SUM(INDIRECT(BE$1&BE$2&$B47):INDIRECT(BE$1&BE$3&$B47)) -> 7955 | BF47: =BA47-BE47 -> -334 | BG47: =IFERROR(BA47/BE47,0) -> 0.95801383
A48: 48 | B48: 1 | C48: =ROW() -> 48 | E48: 1 | J48: Repair and Maintenance | Q48: 496 | R48: 1220 | S48: 676 | T48: 741 | U48: 934 | V48: 518 | W48: 1588 | X48: 1423 | Y48: 1316 | Z48: 891 | AA48: 642 | AB48: 1754 | AC48: =SUM(Q48,R48,S48) -> 2392 | AD48: =SUM(T48,U48,V48) -> 2193 | AE48: =SUM(W48,X48,Y48) -> 4327 | AF48: =SUM(Z48,AA48,AB48) -> 3287 | AG48: =AC48+AD48 -> 4585 | AH48: =AF48+AE48 -> 7614 | AI48: =AG48+AH48 -> 12199 | AK48: =SUM((INDIRECT(AK$2&(ROW())):INDIRECT(AK$3&(ROW())))) -> 496 | AL48: =SUM(INDIRECT(AL$1&AL$2&$C48):INDIRECT(AL$1&AL$3&$C48)) -> 1000 | AM48: =AK48-AL48 -> -504 | AN48: =IFERROR(AK48/AL48,0) -> 0.496 | AO48: =SUM(INDIRECT(AO$1&AO$2&$A48):INDIRECT(AO$1&AO$3&$A48))+SUM(INDIRECT(AO$1&AO$2&$B48):INDIRECT(AO$1&AO$3&$B48)) -> 565 | AP48: =AK48-AO48 -> -69 | AQ48: =IFERROR(AK48/AO48,0) -> 0.87787611 | AS48: =SUM((INDIRECT(AS$2&(ROW())):INDIRECT(AS$3&(ROW())))) -> 496 | AT48: =SUM(INDIRECT(AT$1&AT$2&$C48):INDIRECT(AT$1&AT$3&$C48)) -> 1000 | AU48: =AS48-AT48 -> -504 | AV48: =IFERROR(AS48/AT48,0) -> 0.496 | AW48: =SUM(INDIRECT(AW$1&AW$2&$A48):INDIRECT(AW$1&AW$3&$A48))+SUM(INDIRECT(AW$1&AW$2&$B48):INDIRECT(AW$1&AW$3&$B48)) -> 565 | AX48: =AS48-AW48 -> -69 | AY48: =IFERROR(AS48/AW48,0) -> 0.87787611 | BA48: =SUM((INDIRECT(BA$2&(ROW())):INDIRECT(BA$3&(ROW())))) -> 496 | BB48: =SUM(INDIRECT(BB$1&BB$2&$C48):INDIRECT(BB$1&BB$3&$C48)) -> 1000 | BC48: =BA48-BB48 -> -504 | BD48: =IFERROR(BA48/BB48,0) -> 0.496 | BE48: =SUM(INDIRECT(BE$1&BE$2&$A48):INDIRECT(BE$1&BE$3&$A48))+SUM(INDIRECT(BE$1&BE$2&$B48):INDIRECT(BE$1&BE$3&$B48)) -> 565 | BF48: =BA48-BE48 -> -69 | BG48: =IFERROR(BA48/BE48,0) -> 0.87787611
A49: 49 | B49: 1 | C49: =ROW() -> 49 | E49: 1 | J49: Rent Expenses | Q49: 9411 | R49: 8912 | S49: =7463-18747 -> -11284 | T49: 8659 | U49: 8872 | V49: =-T49-U49+8935 -> -8596 | W49: 9728 | X49: 12587 | Y49: -4791 | Z49: 8571 | AA49: 9102 | AB49: -8113 | AC49: =SUM(Q49,R49,S49) -> 7039 | AD49: =SUM(T49,U49,V49) -> 8935 | AE49: =SUM(W49,X49,Y49) -> 17524 | AF49: =SUM(Z49,AA49,AB49) -> 9560 | AG49: =AC49+AD49 -> 15974 | AH49: =AF49+AE49 -> 27084 | AI49: =AG49+AH49 -> 43058 | AK49: =SUM((INDIRECT(AK$2&(ROW())):INDIRECT(AK$3&(ROW())))) -> 9411 | AL49: =SUM(INDIRECT(AL$1&AL$2&$C49):INDIRECT(AL$1&AL$3&$C49)) -> 3500 | AM49: =AK49-AL49 -> 5911 | AN49: =IFERROR(AK49/AL49,0) -> 2.6888571 | AO49: =SUM(INDIRECT(AO$1&AO$2&$A49):INDIRECT(AO$1&AO$3&$A49))+SUM(INDIRECT(AO$1&AO$2&$B49):INDIRECT(AO$1&AO$3&$B49)) -> 7358 | AP49: =AK49-AO49 -> 2053 | AQ49: =IFERROR(AK49/AO49,0) -> 1.279016 | AS49: =SUM((INDIRECT(AS$2&(ROW())):INDIRECT(AS$3&(ROW())))) -> 9411 | AT49: =SUM(INDIRECT(AT$1&AT$2&$C49):INDIRECT(AT$1&AT$3&$C49)) -> 3500 | AU49: =AS49-AT49 -> 5911 | AV49: =IFERROR(AS49/AT49,0) -> 2.6888571 | AW49: =SUM(INDIRECT(AW$1&AW$2&$A49):INDIRECT(AW$1&AW$3&$A49))+SUM(INDIRECT(AW$1&AW$2&$B49):INDIRECT(AW$1&AW$3&$B49)) -> 7358 | AX49: =AS49-AW49 -> 2053 | AY49: =IFERROR(AS49/AW49,0) -> 1.279016 | BA49: =SUM((INDIRECT(BA$2&(ROW())):INDIRECT(BA$3&(ROW())))) -> 9411 | BB49: =SUM(INDIRECT(BB$1&BB$2&$C49):INDIRECT(BB$1&BB$3&$C49)) -> 3500 | BC49: =BA49-BB49 -> 5911 | BD49: =IFERROR(BA49/BB49,0) -> 2.6888571 | BE49: =SUM(INDIRECT(BE$1&BE$2&$A49):INDIRECT(BE$1&BE$3&$A49))+SUM(INDIRECT(BE$1&BE$2&$B49):INDIRECT(BE$1&BE$3&$B49)) -> 7358 | BF49: =BA49-BE49 -> 2053 | BG49: =IFERROR(BA49/BE49,0) -> 1.279016
A50: 50 | B50: 1 | C50: =ROW() -> 50 | E50: 1 | J50: Service Charges and Fees | Q50: 99 | R50: 99 | S50: 125 | T50: 133 | U50: 130 | V50: 384 | W50: 69 | X50: 0 | Y50: 306 | Z50: 58 | AA50: 0 | AB50: 43 | AC50: =SUM(Q50,R50,S50) -> 323 | AD50: =SUM(T50,U50,V50) -> 647 | AE50: =SUM(W50,X50,Y50) -> 375 | AF50: =SUM(Z50,AA50,AB50) -> 101 | AG50: =AC50+AD50 -> 970 | AH50: =AF50+AE50 -> 476 | AI50: =AG50+AH50 -> 1446 | AK50: =SUM((INDIRECT(AK$2&(ROW())):INDIRECT(AK$3&(ROW())))) -> 99 | AL50: =SUM(INDIRECT(AL$1&AL$2&$C50):INDIRECT(AL$1&AL$3&$C50)) -> 416.66667 | AM50: =AK50-AL50 -> -317.66667 | AN50: =IFERROR(AK50/AL50,0) -> 0.2376 | AO50: =SUM(INDIRECT(AO$1&AO$2&$A50):INDIRECT(AO$1&AO$3&$A50))+SUM(INDIRECT(AO$1&AO$2&$B50):INDIRECT(AO$1&AO$3&$B50)) -> 0 | AP50: =AK50-AO50 -> 99 | AQ50: =IFERROR(AK50/AO50,0) -> 0 | AS50: =SUM((INDIRECT(AS$2&(ROW())):INDIRECT(AS$3&(ROW())))) -> 99 | AT50: =SUM(INDIRECT(AT$1&AT$2&$C50):INDIRECT(AT$1&AT$3&$C50)) -> 416.66667 | AU50: =AS50-AT50 -> -317.66667 | AV50: =IFERROR(AS50/AT50,0) -> 0.2376 | AW50: =SUM(INDIRECT(AW$1&AW$2&$A50):INDIRECT(AW$1&AW$3&$A50))+SUM(INDIRECT(AW$1&AW$2&$B50):INDIRECT(AW$1&AW$3&$B50)) -> 0 | AX50: =AS50-AW50 -> 99 | AY50: =IFERROR(AS50/AW50,0) -> 0 | BA50: =SUM((INDIRECT(BA$2&(ROW())):INDIRECT(BA$3&(ROW())))) -> 99 | BB50: =SUM(INDIRECT(BB$1&BB$2&$C50):INDIRECT(BB$1&BB$3&$C50)) -> 416.66667 | BC50: =BA50-BB50 -> -317.66667 | BD50: =IFERROR(BA50/BB50,0) -> 0.2376 | BE50: =SUM(INDIRECT(BE$1&BE$2&$A50):INDIRECT(BE$1&BE$3&$A50))+SUM(INDIRECT(BE$1&BE$2&$B50):INDIRECT(BE$1&BE$3&$B50)) -> 0 | BF50: =BA50-BE50 -> 99 | BG50: =IFERROR(BA50/BE50,0) -> 0
A51: 51 | B51: 1 | C51: =ROW() -> 51 | E51: 1 | J51: Other Expenses | Q51: 32790 | R51: 19392 | S51: 19816 | T51: 23747 | U51: 27899 | V51: 31421 | W51: 52463 | X51: 59160 | Y51: 27424 | Z51: 22829 | AA51: -2127 | AB51: =78624-6798 -> 71826 | AC51: =SUM(Q51,R51,S51) -> 71998 | AD51: =SUM(T51,U51,V51) -> 83067 | AE51: =SUM(W51,X51,Y51) -> 139047 | AF51: =SUM(Z51,AA51,AB51) -> 92528 | AG51: =AC51+AD51 -> 155065 | AH51: =AF51+AE51 -> 231575 | AI51: =AG51+AH51 -> 386640 | AK51: =SUM((INDIRECT(AK$2&(ROW())):INDIRECT(AK$3&(ROW())))) -> 32790 | AL51: =SUM(INDIRECT(AL$1&AL$2&$C51):INDIRECT(AL$1&AL$3&$C51)) -> 30561.517 | AM51: =AK51-AL51 -> 2228.4833 | AN51: =IFERROR(AK51/AL51,0) -> 1.072918 | AO51: =SUM(INDIRECT(AO$1&AO$2&$A51):INDIRECT(AO$1&AO$3&$A51))+SUM(INDIRECT(AO$1&AO$2&$B51):INDIRECT(AO$1&AO$3&$B51)) -> 19137 | AP51: =AK51-AO51 -> 13653 | AQ51: =IFERROR(AK51/AO51,0) -> 1.7134347 | AS51: =SUM((INDIRECT(AS$2&(ROW())):INDIRECT(AS$3&(ROW())))) -> 32790 | AT51: =SUM(INDIRECT(AT$1&AT$2&$C51):INDIRECT(AT$1&AT$3&$C51)) -> 30561.517 | AU51: =AS51-AT51 -> 2228.4833 | AV51: =IFERROR(AS51/AT51,0) -> 1.072918 | AW51: =SUM(INDIRECT(AW$1&AW$2&$A51):INDIRECT(AW$1&AW$3&$A51))+SUM(INDIRECT(AW$1&AW$2&$B51):INDIRECT(AW$1&AW$3&$B51)) -> 19137 | AX51: =AS51-AW51 -> 13653 | AY51: =IFERROR(AS51/AW51,0) -> 1.7134347 | BA51: =SUM((INDIRECT(BA$2&(ROW())):INDIRECT(BA$3&(ROW())))) -> 32790 | BB51: =SUM(INDIRECT(BB$1&BB$2&$C51):INDIRECT(BB$1&BB$3&$C51)) -> 30561.517 | BC51: =BA51-BB51 -> 2228.4833 | BD51: =IFERROR(BA51/BB51,0) -> 1.072918 | BE51: =SUM(INDIRECT(BE$1&BE$2&$A51):INDIRECT(BE$1&BE$3&$A51))+SUM(INDIRECT(BE$1&BE$2&$B51):INDIRECT(BE$1&BE$3&$B51)) -> 19137 | BF51: =BA51-BE51 -> 13653 | BG51: =IFERROR(BA51/BE51,0) -> 1.7134347
A52: 52 | B52: 1 | C52: =ROW() -> 52 | E52: 1
A53: 53 | B53: 1 | C53: =ROW() -> 53 | D53: RF | E53: 1 | G53: 1-3.Total Personnel Costs
A54: 54 | B54: 1 | C54: =ROW() -> 54 | D54: RF | E54: 1 | I54: Personnel Costs Total | Q54: =SUM(Q55:Q56) -> 71053 | R54: =SUM(R55:R56) -> 68752 | S54: =SUM(S55:S56) -> 69254 | T54: =SUM(T55:T56) -> 68692 | U54: =SUM(U55:U56) -> 69339 | V54: =SUM(V55:V56) -> 62958 | W54: =SUM(W55:W56) -> 64408 | X54: =SUM(X55:X56) -> 62191 | ... AB54: =SUM(AB55:AB56) -> 83701 | AC54: =SUM(Q54,R54,S54) -> 209059 | AD54: =SUM(T54,U54,V54) -> 200989 | AE54: =SUM(W54,X54,Y54) -> 192226 | AF54: =SUM(Z54,AA54,AB54) -> 239293 | AG54: =AC54+AD54 -> 410048 | AH54: =AF54+AE54 -> 431519 | AI54: =AG54+AH54 -> 841567 | AK54: =SUM((INDIRECT(AK$2&(ROW())):INDIRECT(AK$3&(ROW())))) -> 71053 | AL54: =SUM(INDIRECT(AL$1&AL$2&$C54):INDIRECT(AL$1&AL$3&$C54)) -> 64744.973 | AM54: =AK54-AL54 -> 6308.0275 | AN54: =IFERROR(AK54/AL54,0) -> 1.0974288 | AO54: =SUM(INDIRECT(AO$1&AO$2&$A54):INDIRECT(AO$1&AO$3&$A54))+SUM(INDIRECT(AO$1&AO$2&$B54):INDIRECT(AO$1&AO$3&$B54)) -> 70302 | AP54: =AK54-AO54 -> 751 | AQ54: =IFERROR(AK54/AO54,0) -> 1.0106825 | AS54: =SUM((INDIRECT(AS$2&(ROW())):INDIRECT(AS$3&(ROW())))) -> 71053 | AT54: =SUM(INDIRECT(AT$1&AT$2&$C54):INDIRECT(AT$1&AT$3&$C54)) -> 64744.973 | AU54: =AS54-AT54 -> 6308.0275 | AV54: =IFERROR(AS54/AT54,0) -> 1.0974288 | AW54: =SUM(INDIRECT(AW$1&AW$2&$A54):INDIRECT(AW$1&AW$3&$A54))+SUM(INDIRECT(AW$1&AW$2&$B54):INDIRECT(AW$1&AW$3&$B54)) -> 70302 | AX54: =AS54-AW54 -> 751 | AY54: =IFERROR(AS54/AW54,0) -> 1.0106825 | BA54: =SUM((INDIRECT(BA$2&(ROW())):INDIRECT(BA$3&(ROW())))) -> 71053 | BB54: =SUM(INDIRECT(BB$1&BB$2&$C54):INDIRECT(BB$1&BB$3&$C54)) -> 64744.973 | BC54: =BA54-BB54 -> 6308.0275 | BD54: =IFERROR(BA54/BB54,0) -> 1.0974288 | BE54: =SUM(INDIRECT(BE$1&BE$2&$A54):INDIRECT(BE$1&BE$3&$A54))+SUM(INDIRECT(BE$1&BE$2&$B54):INDIRECT(BE$1&BE$3&$B54)) -> 70302 | BF54: =BA54-BE54 -> 751 | BG54: =IFERROR(BA54/BE54,0) -> 1.0106825
A55: 55 | B55: 1 | C55: =ROW() -> 55 | D55: RF | E55: 1 | J55: Included in COGS （Field Service cost /Service Desk Cost） | Q55: =Q758 -> 15692 | R55: =R758 -> 16312 | S55: =S758 -> 15672 | T55: =T758 -> 15927 | U55: =U758 -> 15906 | V55: =V758 -> 13273 | W55: =W758 -> 14564 | X55: =X758 -> 14901 | ... AB55: =AB758 -> 14704 | AC55: =SUM(Q55,R55,S55) -> 47676 | AD55: =SUM(T55,U55,V55) -> 45106 | AE55: =SUM(W55,X55,Y55) -> 44225 | AF55: =SUM(Z55,AA55,AB55) -> 43800 | AG55: =AC55+AD55 -> 92782 | AH55: =AF55+AE55 -> 88025 | AI55: =AG55+AH55 -> 180807 | AK55: =SUM((INDIRECT(AK$2&(ROW())):INDIRECT(AK$3&(ROW())))) -> 15692 | AL55: =SUM(INDIRECT(AL$1&AL$2&$C55):INDIRECT(AL$1&AL$3&$C55)) -> 17148.545 | AM55: =AK55-AL55 -> -1456.5451 | AN55: =IFERROR(AK55/AL55,0) -> 0.91506305 | AO55: =SUM(INDIRECT(AO$1&AO$2&$A55):INDIRECT(AO$1&AO$3&$A55))+SUM(INDIRECT(AO$1&AO$2&$B55):INDIRECT(AO$1&AO$3&$B55)) -> 15525 | AP55: =AK55-AO55 -> 167 | AQ55: =IFERROR(AK55/AO55,0) -> 1.0107568 | AS55: =SUM((INDIRECT(AS$2&(ROW())):INDIRECT(AS$3&(ROW())))) -> 15692 | AT55: =SUM(INDIRECT(AT$1&AT$2&$C55):INDIRECT(AT$1&AT$3&$C55)) -> 17148.545 | AU55: =AS55-AT55 -> -1456.5451 | AV55: =IFERROR(AS55/AT55,0) -> 0.91506305 | AW55: =SUM(INDIRECT(AW$1&AW$2&$A55):INDIRECT(AW$1&AW$3&$A55))+SUM(INDIRECT(AW$1&AW$2&$B55):INDIRECT(AW$1&AW$3&$B55)) -> 15525 | AX55: =AS55-AW55 -> 167 | AY55: =IFERROR(AS55/AW55,0) -> 1.0107568 | BA55: =SUM((INDIRECT(BA$2&(ROW())):INDIRECT(BA$3&(ROW())))) -> 15692 | BB55: =SUM(INDIRECT(BB$1&BB$2&$C55):INDIRECT(BB$1&BB$3&$C55)) -> 17148.545 | BC55: =BA55-BB55 -> -1456.5451 | BD55: =IFERROR(BA55/BB55,0) -> 0.91506305 | BE55: =SUM(INDIRECT(BE$1&BE$2&$A55):INDIRECT(BE$1&BE$3&$A55))+SUM(INDIRECT(BE$1&BE$2&$B55):INDIRECT(BE$1&BE$3&$B55)) -> 15525 | BF55: =BA55-BE55 -> 167 | BG55: =IFERROR(BA55/BE55,0) -> 1.0107568
A56: 56 | B56: 1 | C56: =ROW() -> 56 | D56: RF | E56: 1 | J56: Included in SG&A (Wages & Salaries） | Q56: =Q41 -> 55361 | R56: =R41 -> 52440 | S56: =S41 -> 53582 | T56: =T41 -> 52765 | U56: =U41 -> 53433 | V56: =V41 -> 49685 | W56: =W41 -> 49844 | X56: =X41 -> 47290 | ... AB56: =AB41 -> 68997 | AC56: =SUM(Q56,R56,S56) -> 161383 | AD56: =SUM(T56,U56,V56) -> 155883 | AE56: =SUM(W56,X56,Y56) -> 148001 | AF56: =SUM(Z56,AA56,AB56) -> 195493 | AG56: =AC56+AD56 -> 317266 | AH56: =AF56+AE56 -> 343494 | AI56: =AG56+AH56 -> 660760 | AK56: =SUM((INDIRECT(AK$2&(ROW())):INDIRECT(AK$3&(ROW())))) -> 55361 | AL56: =SUM(INDIRECT(AL$1&AL$2&$C56):INDIRECT(AL$1&AL$3&$C56)) -> 47596.427 | AM56: =AK56-AL56 -> 7764.5726 | AN56: =IFERROR(AK56/AL56,0) -> 1.1631335 | AO56: =SUM(INDIRECT(AO$1&AO$2&$A56):INDIRECT(AO$1&AO$3&$A56))+SUM(INDIRECT(AO$1&AO$2&$B56):INDIRECT(AO$1&AO$3&$B56)) -> 54777 | AP56: =AK56-AO56 -> 584 | AQ56: =IFERROR(AK56/AO56,0) -> 1.0106614 | AS56: =SUM((INDIRECT(AS$2&(ROW())):INDIRECT(AS$3&(ROW())))) -> 55361 | AT56: =SUM(INDIRECT(AT$1&AT$2&$C56):INDIRECT(AT$1&AT$3&$C56)) -> 47596.427 | AU56: =AS56-AT56 -> 7764.5726 | AV56: =IFERROR(AS56/AT56,0) -> 1.1631335 | AW56: =SUM(INDIRECT(AW$1&AW$2&$A56):INDIRECT(AW$1&AW$3&$A56))+SUM(INDIRECT(AW$1&AW$2&$B56):INDIRECT(AW$1&AW$3&$B56)) -> 54777 | AX56: =AS56-AW56 -> 584 | AY56: =IFERROR(AS56/AW56,0) -> 1.0106614 | BA56: =SUM((INDIRECT(BA$2&(ROW())):INDIRECT(BA$3&(ROW())))) -> 55361 | BB56: =SUM(INDIRECT(BB$1&BB$2&$C56):INDIRECT(BB$1&BB$3&$C56)) -> 47596.427 | BC56: =BA56-BB56 -> 7764.5726 | BD56: =IFERROR(BA56/BB56,0) -> 1.1631335 | BE56: =SUM(INDIRECT(BE$1&BE$2&$A56):INDIRECT(BE$1&BE$3&$A56))+SUM(INDIRECT(BE$1&BE$2&$B56):INDIRECT(BE$1&BE$3&$B56)) -> 54777 | BF56: =BA56-BE56 -> 584 | BG56: =IFERROR(BA56/BE56,0) -> 1.0106614
A57: 57 | B57: 1 | C57: =ROW() -> 57 | D57: RF | E57: 1
A58: 58 | B58: 1 | C58: =ROW() -> 58 | D58: RF | E58: 1 | G58: 1-4.Break-down of Other Income, Other Expense
A59: 59 | B59: 1 | C59: =ROW() -> 59 | D59: RF | E59: 1 | I59: Other income | Q59: =Q23 -> 456 | R59: =R23 -> 0 | S59: =S23 -> 5968 | T59: =T23 -> 1984 | U59: =U23 -> 1595 | V59: =V23 -> 0 | W59: =W23 -> 623 | X59: =X23 -> 269 | ... AI59: =AI23 -> 53624 | AK59: =SUM((INDIRECT(AK$2&(ROW())):INDIRECT(AK$3&(ROW())))) -> 456 | AL59: =SUM(INDIRECT(AL$1&AL$2&$C59):INDIRECT(AL$1&AL$3&$C59)) -> 0 | AM59: =AK59-AL59 -> 456 | AN59: =IFERROR(AK59/AL59,0) -> 0 | AO59: =SUM(INDIRECT(AO$1&AO$2&$A59):INDIRECT(AO$1&AO$3&$A59))+SUM(INDIRECT(AO$1&AO$2&$B59):INDIRECT(AO$1&AO$3&$B59)) -> 125 | AP59: =AK59-AO59 -> 331 | AQ59: =IFERROR(AK59/AO59,0) -> 3.648 | AS59: =SUM((INDIRECT(AS$2&(ROW())):INDIRECT(AS$3&(ROW())))) -> 456 | AT59: =SUM(INDIRECT(AT$1&AT$2&$C59):INDIRECT(AT$1&AT$3&$C59)) -> 0 | AU59: =AS59-AT59 -> 456 | AV59: =IFERROR(AS59/AT59,0) -> 0 | AW59: =SUM(INDIRECT(AW$1&AW$2&$A59):INDIRECT(AW$1&AW$3&$A59))+SUM(INDIRECT(AW$1&AW$2&$B59):INDIRECT(AW$1&AW$3&$B59)) -> 125 | AX59: =AS59-AW59 -> 331 | AY59: =IFERROR(AS59/AW59,0) -> 3.648 | BA59: =SUM((INDIRECT(BA$2&(ROW())):INDIRECT(BA$3&(ROW())))) -> 456 | BB59: =SUM(INDIRECT(BB$1&BB$2&$C59):INDIRECT(BB$1&BB$3&$C59)) -> 0 | BC59: =BA59-BB59 -> 456 | BD59: =IFERROR(BA59/BB59,0) -> 0 | BE59: =SUM(INDIRECT(BE$1&BE$2&$A59):INDIRECT(BE$1&BE$3&$A59))+SUM(INDIRECT(BE$1&BE$2&$B59):INDIRECT(BE$1&BE$3&$B59)) -> 125 | BF59: =BA59-BE59 -> 331 | BG59: =IFERROR(BA59/BE59,0) -> 3.648
A60: 60 | B60: 1 | C60: =ROW() -> 60 | D60: RF | E60: 1 | J60: Rent income from Property, Plant and Equipment | AC60: =SUM(Q60,R60,S60) -> 0 | AD60: =SUM(T60,U60,V60) -> 0 | AE60: =SUM(W60,X60,Y60) -> 0 | AF60: =SUM(Z60,AA60,AB60) -> 0 | AG60: =AC60+AD60 -> 0 | AH60: =AF60+AE60 -> 0 | AI60: =AG60+AH60 -> 0 | AK60: =SUM((INDIRECT(AK$2&(ROW())):INDIRECT(AK$3&(ROW())))) -> 0 | AL60: =SUM(INDIRECT(AL$1&AL$2&$C60):INDIRECT(AL$1&AL$3&$C60)) -> 0 | AM60: =AK60-AL60 -> 0 | AN60: =IFERROR(AK60/AL60,0) -> 0 | AO60: =SUM(INDIRECT(AO$1&AO$2&$A60):INDIRECT(AO$1&AO$3&$A60))+SUM(INDIRECT(AO$1&AO$2&$B60):INDIRECT(AO$1&AO$3&$B60)) -> 0 | AP60: =AK60-AO60 -> 0 | AQ60: =IFERROR(AK60/AO60,0) -> 0 | AS60: =SUM((INDIRECT(AS$2&(ROW())):INDIRECT(AS$3&(ROW())))) -> 0 | AT60: =SUM(INDIRECT(AT$1&AT$2&$C60):INDIRECT(AT$1&AT$3&$C60)) -> 0 | AU60: =AS60-AT60 -> 0 | AV60: =IFERROR(AS60/AT60,0) -> 0 | AW60: =SUM(INDIRECT(AW$1&AW$2&$A60):INDIRECT(AW$1&AW$3&$A60))+SUM(INDIRECT(AW$1&AW$2&$B60):INDIRECT(AW$1&AW$3&$B60)) -> 0 | AX60: =AS60-AW60 -> 0 | AY60: =IFERROR(AS60/AW60,0) -> 0 | BA60: =SUM((INDIRECT(BA$2&(ROW())):INDIRECT(BA$3&(ROW())))) -> 0 | BB60: =SUM(INDIRECT(BB$1&BB$2&$C60):INDIRECT(BB$1&BB$3&$C60)) -> 0 | BC60: =BA60-BB60 -> 0 | BD60: =IFERROR(BA60/BB60,0) -> 0 | BE60: =SUM(INDIRECT(BE$1&BE$2&$A60):INDIRECT(BE$1&BE$3&$A60))+SUM(INDIRECT(BE$1&BE$2&$B60):INDIRECT(BE$1&BE$3&$B60)) -> 0 | BF60: =BA60-BE60 -> 0 | BG60: =IFERROR(BA60/BE60,0) -> 0
A61: 61 | B61: 1 | C61: =ROW() -> 61 | D61: RF | E61: 1 | J61: Commissions and Fees Income | AC61: =SUM(Q61,R61,S61) -> 0 | AD61: =SUM(T61,U61,V61) -> 0 | AE61: =SUM(W61,X61,Y61) -> 0 | AF61: =SUM(Z61,AA61,AB61) -> 0 | AG61: =AC61+AD61 -> 0 | AH61: =AF61+AE61 -> 0 | AI61: =AG61+AH61 -> 0 | AK61: =SUM((INDIRECT(AK$2&(ROW())):INDIRECT(AK$3&(ROW())))) -> 0 | AL61: =SUM(INDIRECT(AL$1&AL$2&$C61):INDIRECT(AL$1&AL$3&$C61)) -> 0 | AM61: =AK61-AL61 -> 0 | AN61: =IFERROR(AK61/AL61,0) -> 0 | AO61: =SUM(INDIRECT(AO$1&AO$2&$A61):INDIRECT(AO$1&AO$3&$A61))+SUM(INDIRECT(AO$1&AO$2&$B61):INDIRECT(AO$1&AO$3&$B61)) -> 0 | AP61: =AK61-AO61 -> 0 | AQ61: =IFERROR(AK61/AO61,0) -> 0 | AS61: =SUM((INDIRECT(AS$2&(ROW())):INDIRECT(AS$3&(ROW())))) -> 0 | AT61: =SUM(INDIRECT(AT$1&AT$2&$C61):INDIRECT(AT$1&AT$3&$C61)) -> 0 | AU61: =AS61-AT61 -> 0 | AV61: =IFERROR(AS61/AT61,0) -> 0 | AW61: =SUM(INDIRECT(AW$1&AW$2&$A61):INDIRECT(AW$1&AW$3&$A61))+SUM(INDIRECT(AW$1&AW$2&$B61):INDIRECT(AW$1&AW$3&$B61)) -> 0 | AX61: =AS61-AW61 -> 0 | AY61: =IFERROR(AS61/AW61,0) -> 0 | BA61: =SUM((INDIRECT(BA$2&(ROW())):INDIRECT(BA$3&(ROW())))) -> 0 | BB61: =SUM(INDIRECT(BB$1&BB$2&$C61):INDIRECT(BB$1&BB$3&$C61)) -> 0 | BC61: =BA61-BB61 -> 0 | BD61: =IFERROR(BA61/BB61,0) -> 0 | BE61: =SUM(INDIRECT(BE$1&BE$2&$A61):INDIRECT(BE$1&BE$3&$A61))+SUM(INDIRECT(BE$1&BE$2&$B61):INDIRECT(BE$1&BE$3&$B61)) -> 0 | BF61: =BA61-BE61 -> 0 | BG61: =IFERROR(BA61/BE61,0) -> 0
A62: 62 | B62: 1 | C62: =ROW() -> 62 | D62: RF | E62: 1 | J62: Gains on Sales of Asset | Q62: 283 | R62: 0 | S62: -33 | U62: 1148 | AC62: =SUM(Q62,R62,S62) -> 250 | AD62: =SUM(T62,U62,V62) -> 1148 | AE62: =SUM(W62,X62,Y62) -> 0 | AF62: =SUM(Z62,AA62,AB62) -> 0 | AG62: =AC62+AD62 -> 1398 | AH62: =AF62+AE62 -> 0 | AI62: =AG62+AH62 -> 1398 | AK62: =SUM((INDIRECT(AK$2&(ROW())):INDIRECT(AK$3&(ROW())))) -> 283 | AL62: =SUM(INDIRECT(AL$1&AL$2&$C62):INDIRECT(AL$1&AL$3&$C62)) -> 0 | AM62: =AK62-AL62 -> 283 | AN62: =IFERROR(AK62/AL62,0) -> 0 | AO62: =SUM(INDIRECT(AO$1&AO$2&$A62):INDIRECT(AO$1&AO$3&$A62))+SUM(INDIRECT(AO$1&AO$2&$B62):INDIRECT(AO$1&AO$3&$B62)) -> 79 | AP62: =AK62-AO62 -> 204 | AQ62: =IFERROR(AK62/AO62,0) -> 3.5822785 | AS62: =SUM((INDIRECT(AS$2&(ROW())):INDIRECT(AS$3&(ROW())))) -> 283 | AT62: =SUM(INDIRECT(AT$1&AT$2&$C62):INDIRECT(AT$1&AT$3&$C62)) -> 0 | AU62: =AS62-AT62 -> 283 | AV62: =IFERROR(AS62/AT62,0) -> 0 | AW62: =SUM(INDIRECT(AW$1&AW$2&$A62):INDIRECT(AW$1&AW$3&$A62))+SUM(INDIRECT(AW$1&AW$2&$B62):INDIRECT(AW$1&AW$3&$B62)) -> 79 | AX62: =AS62-AW62 -> 204 | AY62: =IFERROR(AS62/AW62,0) -> 3.5822785 | BA62: =SUM((INDIRECT(BA$2&(ROW())):INDIRECT(BA$3&(ROW())))) -> 283 | BB62: =SUM(INDIRECT(BB$1&BB$2&$C62):INDIRECT(BB$1&BB$3&$C62)) -> 0 | BC62: =BA62-BB62 -> 283 | BD62: =IFERROR(BA62/BB62,0) -> 0 | BE62: =SUM(INDIRECT(BE$1&BE$2&$A62):INDIRECT(BE$1&BE$3&$A62))+SUM(INDIRECT(BE$1&BE$2&$B62):INDIRECT(BE$1&BE$3&$B62)) -> 79 | BF62: =BA62-BE62 -> 204 | BG62: =IFERROR(BA62/BE62,0) -> 3.5822785
A63: 63 | B63: 1 | C63: =ROW() -> 63 | D63: RF | E63: New | J63: Government support | AC63: =SUM(Q63,R63,S63) -> 0 | AD63: =SUM(T63,U63,V63) -> 0 | AE63: =SUM(W63,X63,Y63) -> 0 | AF63: =SUM(Z63,AA63,AB63) -> 0 | AG63: =AG58-AG59-AG60-AG61 -> -10003 | AH63: =AH58-AH59-AH60-AH61 -> -43621 | AI63: =AI58-AI59-AI60-AI61 -> -53624 | AK63: =SUM((INDIRECT(AK$2&(ROW())):INDIRECT(AK$3&(ROW())))) -> 0 | AL63: =SUM(INDIRECT(AL$1&AL$2&$C63):INDIRECT(AL$1&AL$3&$C63)) -> 0 | AM63: =AK63-AL63 -> 0 | AN63: =IFERROR(AK63/AL63,0) -> 0 | AO63: =SUM(INDIRECT(AO$1&AO$2&$A63):INDIRECT(AO$1&AO$3&$A63))+SUM(INDIRECT(AO$1&AO$2&$B63):INDIRECT(AO$1&AO$3&$B63)) -> 46 | AP63: =AK63-AO63 -> -46 | AQ63: =IFERROR(AK63/AO63,0) -> 0 | AS63: =SUM((INDIRECT(AS$2&(ROW())):INDIRECT(AS$3&(ROW())))) -> 0 | AT63: =SUM(INDIRECT(AT$1&AT$2&$C63):INDIRECT(AT$1&AT$3&$C63)) -> 0 | AU63: =AS63-AT63 -> 0 | AV63: =IFERROR(AS63/AT63,0) -> 0 | AW63: =SUM(INDIRECT(AW$1&AW$2&$A63):INDIRECT(AW$1&AW$3&$A63))+SUM(INDIRECT(AW$1&AW$2&$B63):INDIRECT(AW$1&AW$3&$B63)) -> 46 | AX63: =AS63-AW63 -> -46 | AY63: =IFERROR(AS63/AW63,0) -> 0 | BA63: =SUM((INDIRECT(BA$2&(ROW())):INDIRECT(BA$3&(ROW())))) -> 0 | BB63: =SUM(INDIRECT(BB$1&BB$2&$C63):INDIRECT(BB$1&BB$3&$C63)) -> 0 | BC63: =BA63-BB63 -> 0 | BD63: =IFERROR(BA63/BB63,0) -> 0 | BE63: =SUM(INDIRECT(BE$1&BE$2&$A63):INDIRECT(BE$1&BE$3&$A63))+SUM(INDIRECT(BE$1&BE$2&$B63):INDIRECT(BE$1&BE$3&$B63)) -> 46 | BF63: =BA63-BE63 -> -46 | BG63: =IFERROR(BA63/BE63,0) -> 0
A64: 1 | B64: 1 | C64: =ROW() -> 64 | D64: RF | E64: 1 | J64: Other income | Q64: =Q59-SUM(Q60:Q63) -> 173 | R64: =R59-SUM(R60:R63) -> 0 | S64: =S59-SUM(S60:S63) -> 6001 | T64: =T59-SUM(T60:T63) -> 1984 | U64: =U59-SUM(U60:U63) -> 447 | V64: =V59-SUM(V60:V63) -> 0 | W64: =W59-SUM(W60:W63) -> 623 | X64: =X59-SUM(X60:X63) -> 269 | ... AI64: =AI59-SUM(AI60:AI63) -> 105850 | AK64: =SUM((INDIRECT(AK$2&(ROW())):INDIRECT(AK$3&(ROW())))) -> 173 | AL64: =SUM(INDIRECT(AL$1&AL$2&$C64):INDIRECT(AL$1&AL$3&$C64)) -> 0 | AM64: =AK64-AL64 -> 173 | AN64: =IFERROR(AK64/AL64,0) -> 0 | AO64: =SUM(INDIRECT(AO$1&AO$2&$A64):INDIRECT(AO$1&AO$3&$A64))+SUM(INDIRECT(AO$1&AO$2&$B64):INDIRECT(AO$1&AO$3&$B64)) -> 0 | AP64: =AK64-AO64 -> 173 | AQ64: =IFERROR(AK64/AO64,0) -> 0 | AS64: =SUM((INDIRECT(AS$2&(ROW())):INDIRECT(AS$3&(ROW())))) -> 173 | AT64: =SUM(INDIRECT(AT$1&AT$2&$C64):INDIRECT(AT$1&AT$3&$C64)) -> 0 | AU64: =AS64-AT64 -> 173 | AV64: =IFERROR(AS64/AT64,0) -> 0 | AW64: =SUM(INDIRECT(AW$1&AW$2&$A64):INDIRECT(AW$1&AW$3&$A64))+SUM(INDIRECT(AW$1&AW$2&$B64):INDIRECT(AW$1&AW$3&$B64)) -> 0 | AX64: =AS64-AW64 -> 173 | AY64: =IFERROR(AS64/AW64,0) -> 0 | BA64: =SUM((INDIRECT(BA$2&(ROW())):INDIRECT(BA$3&(ROW())))) -> 173 | BB64: =SUM(INDIRECT(BB$1&BB$2&$C64):INDIRECT(BB$1&BB$3&$C64)) -> 0 | BC64: =BA64-BB64 -> 173 | BD64: =IFERROR(BA64/BB64,0) -> 0 | BE64: =SUM(INDIRECT(BE$1&BE$2&$A64):INDIRECT(BE$1&BE$3&$A64))+SUM(INDIRECT(BE$1&BE$2&$B64):INDIRECT(BE$1&BE$3&$B64)) -> 0 | BF64: =BA64-BE64 -> 173 | BG64: =IFERROR(BA64/BE64,0) -> 0
A65: 64 | B65: 1 | C65: =ROW() -> 65 | D65: RF | E65: 1 | I65: Other Expense | Q65: =Q24 -> 0 | R65: =R24 -> 0 | S65: =S24 -> 0 | T65: =T24 -> 635 | U65: =U24 -> 0 | V65: =V24 -> 422 | W65: =W24 -> 0 | X65: =X24 -> 0 | ... AI65: =AI24 -> 1057 | AK65: =SUM((INDIRECT(AK$2&(ROW())):INDIRECT(AK$3&(ROW())))) -> 0 | AL65: =SUM(INDIRECT(AL$1&AL$2&$C65):INDIRECT(AL$1&AL$3&$C65)) -> 0 | AM65: =AK65-AL65 -> 0 | AN65: =IFERROR(AK65/AL65,0) -> 0 | AO65: =SUM(INDIRECT(AO$1&AO$2&$A65):INDIRECT(AO$1&AO$3&$A65))+SUM(INDIRECT(AO$1&AO$2&$B65):INDIRECT(AO$1&AO$3&$B65)) -> 0 | AP65: =AK65-AO65 -> 0 | AQ65: =IFERROR(AK65/AO65,0) -> 0 | AS65: =SUM((INDIRECT(AS$2&(ROW())):INDIRECT(AS$3&(ROW())))) -> 0 | AT65: =SUM(INDIRECT(AT$1&AT$2&$C65):INDIRECT(AT$1&AT$3&$C65)) -> 0 | AU65: =AS65-AT65 -> 0 | AV65: =IFERROR(AS65/AT65,0) -> 0 | AW65: =SUM(INDIRECT(AW$1&AW$2&$A65):INDIRECT(AW$1&AW$3&$A65))+SUM(INDIRECT(AW$1&AW$2&$B65):INDIRECT(AW$1&AW$3&$B65)) -> 0 | AX65: =AS65-AW65 -> 0 | AY65: =IFERROR(AS65/AW65,0) -> 0 | BA65: =SUM((INDIRECT(BA$2&(ROW())):INDIRECT(BA$3&(ROW())))) -> 0 | BB65: =SUM(INDIRECT(BB$1&BB$2&$C65):INDIRECT(BB$1&BB$3&$C65)) -> 0 | BC65: =BA65-BB65 -> 0 | BD65: =IFERROR(BA65/BB65,0) -> 0 | BE65: =SUM(INDIRECT(BE$1&BE$2&$A65):INDIRECT(BE$1&BE$3&$A65))+SUM(INDIRECT(BE$1&BE$2&$B65):INDIRECT(BE$1&BE$3&$B65)) -> 0 | BF65: =BA65-BE65 -> 0 | BG65: =IFERROR(BA65/BE65,0) -> 0
A66: 65 | B66: 1 | C66: =ROW() -> 66 | D66: RF | E66: 1 | J66: Losses on Sales of Asset, Disposal of Asset | T66: 635 | V66: 763 | AC66: =SUM(Q66,R66,S66) -> 0 | AD66: =SUM(T66,U66,V66) -> 1398 | AE66: =SUM(W66,X66,Y66) -> 0 | AF66: =SUM(Z66,AA66,AB66) -> 0 | AG66: =AC66+AD66 -> 1398 | AH66: =AF66+AE66 -> 0 | AI66: =AG66+AH66 -> 1398 | AK66: =SUM((INDIRECT(AK$2&(ROW())):INDIRECT(AK$3&(ROW())))) -> 0 | AL66: =SUM(INDIRECT(AL$1&AL$2&$C66):INDIRECT(AL$1&AL$3&$C66)) -> 0 | AM66: =AK66-AL66 -> 0 | AN66: =IFERROR(AK66/AL66,0) -> 0 | AO66: =SUM(INDIRECT(AO$1&AO$2&$A66):INDIRECT(AO$1&AO$3&$A66))+SUM(INDIRECT(AO$1&AO$2&$B66):INDIRECT(AO$1&AO$3&$B66)) -> 0 | AP66: =AK66-AO66 -> 0 | AQ66: =IFERROR(AK66/AO66,0) -> 0 | AS66: =SUM((INDIRECT(AS$2&(ROW())):INDIRECT(AS$3&(ROW())))) -> 0 | AT66: =SUM(INDIRECT(AT$1&AT$2&$C66):INDIRECT(AT$1&AT$3&$C66)) -> 0 | AU66: =AS66-AT66 -> 0 | AV66: =IFERROR(AS66/AT66,0) -> 0 | AW66: =SUM(INDIRECT(AW$1&AW$2&$A66):INDIRECT(AW$1&AW$3&$A66))+SUM(INDIRECT(AW$1&AW$2&$B66):INDIRECT(AW$1&AW$3&$B66)) -> 0 | AX66: =AS66-AW66 -> 0 | AY66: =IFERROR(AS66/AW66,0) -> 0 | BA66: =SUM((INDIRECT(BA$2&(ROW())):INDIRECT(BA$3&(ROW())))) -> 0 | BB66: =SUM(INDIRECT(BB$1&BB$2&$C66):INDIRECT(BB$1&BB$3&$C66)) -> 0 | BC66: =BA66-BB66 -> 0 | BD66: =IFERROR(BA66/BB66,0) -> 0 | BE66: =SUM(INDIRECT(BE$1&BE$2&$A66):INDIRECT(BE$1&BE$3&$A66))+SUM(INDIRECT(BE$1&BE$2&$B66):INDIRECT(BE$1&BE$3&$B66)) -> 0 | BF66: =BA66-BE66 -> 0 | BG66: =IFERROR(BA66/BE66,0) -> 0
A67: 66 | B67: 1 | C67: =ROW() -> 67 | D67: RF | E67: 1 | J67: Impairment Loss | AC67: =SUM(Q67,R67,S67) -> 0 | AD67: =SUM(T67,U67,V67) -> 0 | AE67: =SUM(W67,X67,Y67) -> 0 | AF67: =SUM(Z67,AA67,AB67) -> 0 | AG67: =AC67+AD67 -> 0 | AH67: =AF67+AE67 -> 0 | AI67: =AG67+AH67 -> 0 | AK67: =SUM((INDIRECT(AK$2&(ROW())):INDIRECT(AK$3&(ROW())))) -> 0 | AL67: =SUM(INDIRECT(AL$1&AL$2&$C67):INDIRECT(AL$1&AL$3&$C67)) -> 0 | AM67: =AK67-AL67 -> 0 | AN67: =IFERROR(AK67/AL67,0) -> 0 | AO67: =SUM(INDIRECT(AO$1&AO$2&$A67):INDIRECT(AO$1&AO$3&$A67))+SUM(INDIRECT(AO$1&AO$2&$B67):INDIRECT(AO$1&AO$3&$B67)) -> 0 | AP67: =AK67-AO67 -> 0 | AQ67: =IFERROR(AK67/AO67,0) -> 0 | AS67: =SUM((INDIRECT(AS$2&(ROW())):INDIRECT(AS$3&(ROW())))) -> 0 | AT67: =SUM(INDIRECT(AT$1&AT$2&$C67):INDIRECT(AT$1&AT$3&$C67)) -> 0 | AU67: =AS67-AT67 -> 0 | AV67: =IFERROR(AS67/AT67,0) -> 0 | AW67: =SUM(INDIRECT(AW$1&AW$2&$A67):INDIRECT(AW$1&AW$3&$A67))+SUM(INDIRECT(AW$1&AW$2&$B67):INDIRECT(AW$1&AW$3&$B67)) -> 0 | AX67: =AS67-AW67 -> 0 | AY67: =IFERROR(AS67/AW67,0) -> 0 | BA67: =SUM((INDIRECT(BA$2&(ROW())):INDIRECT(BA$3&(ROW())))) -> 0 | BB67: =SUM(INDIRECT(BB$1&BB$2&$C67):INDIRECT(BB$1&BB$3&$C67)) -> 0 | BC67: =BA67-BB67 -> 0 | BD67: =IFERROR(BA67/BB67,0) -> 0 | BE67: =SUM(INDIRECT(BE$1&BE$2&$A67):INDIRECT(BE$1&BE$3&$A67))+SUM(INDIRECT(BE$1&BE$2&$B67):INDIRECT(BE$1&BE$3&$B67)) -> 0 | BF67: =BA67-BE67 -> 0 | BG67: =IFERROR(BA67/BE67,0) -> 0
A68: 67 | B68: 1 | C68: =ROW() -> 68 | D68: RF | E68: 1 | J68: Restructuring Expense | AC68: =SUM(Q68,R68,S68) -> 0 | AD68: =SUM(T68,U68,V68) -> 0 | AE68: =SUM(W68,X68,Y68) -> 0 | AF68: =SUM(Z68,AA68,AB68) -> 0 | AG68: =AC68+AD68 -> 0 | AH68: =AF68+AE68 -> 0 | AI68: =AG68+AH68 -> 0 | AK68: =SUM((INDIRECT(AK$2&(ROW())):INDIRECT(AK$3&(ROW())))) -> 0 | AL68: =SUM(INDIRECT(AL$1&AL$2&$C68):INDIRECT(AL$1&AL$3&$C68)) -> 0 | AM68: =AK68-AL68 -> 0 | AN68: =IFERROR(AK68/AL68,0) -> 0 | AO68: =SUM(INDIRECT(AO$1&AO$2&$A68):INDIRECT(AO$1&AO$3&$A68))+SUM(INDIRECT(AO$1&AO$2&$B68):INDIRECT(AO$1&AO$3&$B68)) -> 0 | AP68: =AK68-AO68 -> 0 | AQ68: =IFERROR(AK68/AO68,0) -> 0 | AS68: =SUM((INDIRECT(AS$2&(ROW())):INDIRECT(AS$3&(ROW())))) -> 0 | AT68: =SUM(INDIRECT(AT$1&AT$2&$C68):INDIRECT(AT$1&AT$3&$C68)) -> 0 | AU68: =AS68-AT68 -> 0 | AV68: =IFERROR(AS68/AT68,0) -> 0 | AW68: =SUM(INDIRECT(AW$1&AW$2&$A68):INDIRECT(AW$1&AW$3&$A68))+SUM(INDIRECT(AW$1&AW$2&$B68):INDIRECT(AW$1&AW$3&$B68)) -> 0 | AX68: =AS68-AW68 -> 0 | AY68: =IFERROR(AS68/AW68,0) -> 0 | BA68: =SUM((INDIRECT(BA$2&(ROW())):INDIRECT(BA$3&(ROW())))) -> 0 | BB68: =SUM(INDIRECT(BB$1&BB$2&$C68):INDIRECT(BB$1&BB$3&$C68)) -> 0 | BC68: =BA68-BB68 -> 0 | BD68: =IFERROR(BA68/BB68,0) -> 0 | BE68: =SUM(INDIRECT(BE$1&BE$2&$A68):INDIRECT(BE$1&BE$3&$A68))+SUM(INDIRECT(BE$1&BE$2&$B68):INDIRECT(BE$1&BE$3&$B68)) -> 0 | BF68: =BA68-BE68 -> 0 | BG68: =IFERROR(BA68/BE68,0) -> 0
A69: 1 | B69: 1 | C69: =ROW() -> 69 | D69: RF | E69: New | J69: Expense for layoff benefit | AC69: =SUM(Q69,R69,S69) -> 0 | AD69: =SUM(T69,U69,V69) -> 0 | AE69: =SUM(W69,X69,Y69) -> 0 | AF69: =SUM(Z69,AA69,AB69) -> 0 | AG69: =AC69+AD69 -> 0 | AH69: =AF69+AE69 -> 0 | AI69: =AG69+AH69 -> 0 | AK69: =SUM((INDIRECT(AK$2&(ROW())):INDIRECT(AK$3&(ROW())))) -> 0 | AL69: =SUM(INDIRECT(AL$1&AL$2&$C69):INDIRECT(AL$1&AL$3&$C69)) -> 0 | AM69: =AK69-AL69 -> 0 | AN69: =IFERROR(AK69/AL69,0) -> 0 | AO69: =SUM(INDIRECT(AO$1&AO$2&$A69):INDIRECT(AO$1&AO$3&$A69))+SUM(INDIRECT(AO$1&AO$2&$B69):INDIRECT(AO$1&AO$3&$B69)) -> 0 | AP69: =AK69-AO69 -> 0 | AQ69: =IFERROR(AK69/AO69,0) -> 0 | AS69: =SUM((INDIRECT(AS$2&(ROW())):INDIRECT(AS$3&(ROW())))) -> 0 | AT69: =SUM(INDIRECT(AT$1&AT$2&$C69):INDIRECT(AT$1&AT$3&$C69)) -> 0 | AU69: =AS69-AT69 -> 0 | AV69: =IFERROR(AS69/AT69,0) -> 0 | AW69: =SUM(INDIRECT(AW$1&AW$2&$A69):INDIRECT(AW$1&AW$3&$A69))+SUM(INDIRECT(AW$1&AW$2&$B69):INDIRECT(AW$1&AW$3&$B69)) -> 0 | AX69: =AS69-AW69 -> 0 | AY69: =IFERROR(AS69/AW69,0) -> 0 | BA69: =SUM((INDIRECT(BA$2&(ROW())):INDIRECT(BA$3&(ROW())))) -> 0 | BB69: =SUM(INDIRECT(BB$1&BB$2&$C69):INDIRECT(BB$1&BB$3&$C69)) -> 0 | BC69: =BA69-BB69 -> 0 | BD69: =IFERROR(BA69/BB69,0) -> 0 | BE69: =SUM(INDIRECT(BE$1&BE$2&$A69):INDIRECT(BE$1&BE$3&$A69))+SUM(INDIRECT(BE$1&BE$2&$B69):INDIRECT(BE$1&BE$3&$B69)) -> 0 | BF69: =BA69-BE69 -> 0 | BG69: =IFERROR(BA69/BE69,0) -> 0
A70: 68 | B70: 1 | C70: =ROW() -> 70 | D70: RF | E70: 1 | J70: Other Expense | Q70: =Q65-SUM(Q66:Q69) -> 0 | R70: =R65-SUM(R66:R69) -> 0 | S70: =S65-SUM(S66:S69) -> 0 | T70: =T65-SUM(T66:T69) -> 0 | U70: =U65-SUM(U66:U69) -> 0 | V70: =V65-SUM(V66:V69) -> -341 | W70: =W65-SUM(W66:W69) -> 0 | X70: =X65-SUM(X66:X69) -> 0 | ... AI70: =AI65-SUM(AI66:AI69) -> -341 | AK70: =SUM((INDIRECT(AK$2&(ROW())):INDIRECT(AK$3&(ROW())))) -> 0 | AL70: =SUM(INDIRECT(AL$1&AL$2&$C70):INDIRECT(AL$1&AL$3&$C70)) -> 0 | AM70: =AK70-AL70 -> 0 | AN70: =IFERROR(AK70/AL70,0) -> 0 | AO70: =SUM(INDIRECT(AO$1&AO$2&$A70):INDIRECT(AO$1&AO$3&$A70))+SUM(INDIRECT(AO$1&AO$2&$B70):INDIRECT(AO$1&AO$3&$B70)) -> 0 | AP70: =AK70-AO70 -> 0 | AQ70: =IFERROR(AK70/AO70,0) -> 0 | AS70: =SUM((INDIRECT(AS$2&(ROW())):INDIRECT(AS$3&(ROW())))) -> 0 | AT70: =SUM(INDIRECT(AT$1&AT$2&$C70):INDIRECT(AT$1&AT$3&$C70)) -> 0 | AU70: =AS70-AT70 -> 0 | AV70: =IFERROR(AS70/AT70,0) -> 0 | AW70: =SUM(INDIRECT(AW$1&AW$2&$A70):INDIRECT(AW$1&AW$3&$A70))+SUM(INDIRECT(AW$1&AW$2&$B70):INDIRECT(AW$1&AW$3&$B70)) -> 0 | AX70: =AS70-AW70 -> 0 | AY70: =IFERROR(AS70/AW70,0) -> 0 | BA70: =SUM((INDIRECT(BA$2&(ROW())):INDIRECT(BA$3&(ROW())))) -> 0 | BB70: =SUM(INDIRECT(BB$1&BB$2&$C70):INDIRECT(BB$1&BB$3&$C70)) -> 0 | BC70: =BA70-BB70 -> 0 | BD70: =IFERROR(BA70/BB70,0) -> 0 | BE70: =SUM(INDIRECT(BE$1&BE$2&$A70):INDIRECT(BE$1&BE$3&$A70))+SUM(INDIRECT(BE$1&BE$2&$B70):INDIRECT(BE$1&BE$3&$B70)) -> 0 | BF70: =BA70-BE70 -> 0 | BG70: =IFERROR(BA70/BE70,0) -> 0
A71: 69 | B71: 1 | C71: =ROW() -> 71 | D71: RF | E71: 1
A72: 70 | B72: 1 | C72: =ROW() -> 72 | D72: RF | E72: 1 | F72: 2. P/L(2)- Overview by BU
A73: 71 | B73: 1 | C73: =ROW() -> 73 | D73: RF | E73: 1 | G73: 2-1. P/L Statement by BU
A74: 72 | B74: 1 | C74: =ROW() -> 74 | D74: RF | E74: 1 | H74: (1) Office
A75: 73 | B75: 1 | C75: =ROW() -> 75 | D75: RF | E75: 1 | Q75: =Q$10 -> 43922 | R75: =R$10 -> 43952 | S75: =S$10 -> 43983 | T75: =T$10 -> 44013 | U75: =U$10 -> 44044 | V75: =V$10 -> 44075 | W75: =W$10 -> 44105 | X75: =X$10 -> 44136 | ... AI75: =AI$10 -> Yr. | AK75: =AK$10 -> Result | AL75: =AL$10 -> OP | AM75: =AM$10 -> vs OP | AN75: =AN$10 -> % | AO75: =AO$10 -> FY20 | AP75: =AP$10 -> vs FY20 | AQ75: =AQ$10 -> % | AS75: =AS$10 -> Result | AT75: =AT$10 -> OP | AU75: =AU$10 -> vs OP | AV75: =AV$10 -> % | AW75: =AW$10 -> FY20 | AX75: =AX$10 -> vs FY20 | AY75: =AY$10 -> % | BA75: =BA$10 -> Result | BB75: =BB$10 -> OP | BC75: =BC$10 -> vs OP | BD75: =BD$10 -> % | BE75: =BE$10 -> FY20 | BF75: =BF$10 -> vs FY20 | BG75: =BG$10 -> %
A76: 74 | B76: 1 | C76: =ROW() -> 76 | D76: RF | E76: 1 | I76: Net Sales | O76: (Includes Sales to BT-Gr. Companies) | Q76: =SUM(Q77:Q79) -> 149052 | R76: =SUM(R77:R79) -> 75043 | S76: =SUM(S77:S79) -> 125222 | T76: =SUM(T77:T79) -> 161075 | U76: =SUM(U77:U79) -> 186018 | V76: =SUM(V77:V79) -> 262197 | W76: =SUM(W77:W79) -> 162787 | X76: =SUM(X77:X79) -> 203003 | ... AB76: =SUM(AB77:AB79) -> 241345 | AC76: =SUM(Q76,R76,S76) -> 349317 | AD76: =SUM(T76,U76,V76) -> 609290 | AE76: =SUM(W76,X76,Y76) -> 613587 | AF76: =SUM(Z76,AA76,AB76) -> 580237 | AG76: =SUM(AG77:AG79) -> 958607 | AH76: =SUM(AH77:AH79) -> 1193824 | AI76: =SUM(AI77:AI79) -> 2152431 | AK76: =SUM((INDIRECT(AK$2&(ROW())):INDIRECT(AK$3&(ROW())))) -> 149052 | AL76: =SUM(INDIRECT(AL$1&AL$2&$C76):INDIRECT(AL$1&AL$3&$C76)) -> 127829.69 | AM76: =AK76-AL76 -> 21222.306 | AN76: =IFERROR(AK76/AL76,0) -> 1.1660202 | AO76: =SUM(INDIRECT(AO$1&AO$2&$A76):INDIRECT(AO$1&AO$3&$A76))+SUM(INDIRECT(AO$1&AO$2&$B76):INDIRECT(AO$1&AO$3&$B76)) -> 16078 | AP76: =AK76-AO76 -> 132974 | AQ76: =IFERROR(AK76/AO76,0) -> 9.270556 | AS76: =SUM((INDIRECT(AS$2&(ROW())):INDIRECT(AS$3&(ROW())))) -> 149052 | AT76: =SUM(INDIRECT(AT$1&AT$2&$C76):INDIRECT(AT$1&AT$3&$C76)) -> 127829.69 | AU76: =AS76-AT76 -> 21222.306 | AV76: =IFERROR(AS76/AT76,0) -> 1.1660202 | AW76: =SUM(INDIRECT(AW$1&AW$2&$A76):INDIRECT(AW$1&AW$3&$A76))+SUM(INDIRECT(AW$1&AW$2&$B76):INDIRECT(AW$1&AW$3&$B76)) -> 16078 | AX76: =AS76-AW76 -> 132974 | AY76: =IFERROR(AS76/AW76,0) -> 9.270556 | BA76: =SUM((INDIRECT(BA$2&(ROW())):INDIRECT(BA$3&(ROW())))) -> 149052 | BB76: =SUM(INDIRECT(BB$1&BB$2&$C76):INDIRECT(BB$1&BB$3&$C76)) -> 127829.69 | BC76: =BA76-BB76 -> 21222.306 | BD76: =IFERROR(BA76/BB76,0) -> 1.1660202 | BE76: =SUM(INDIRECT(BE$1&BE$2&$A76):INDIRECT(BE$1&BE$3&$A76))+SUM(INDIRECT(BE$1&BE$2&$B76):INDIRECT(BE$1&BE$3&$B76)) -> 16078 | BF76: =BA76-BE76 -> 132974 | BG76: =IFERROR(BA76/BE76,0) -> 9.270556
A77: 75 | B77: 1 | C77: =ROW() -> 77 | D77: RF | E77: 1 | M77: Hard | Q77: =Q405+Q421 -> 95114 | R77: =R405+R421 -> 48907 | S77: =S405+S421 -> 81276 | T77: =T405+T421 -> 101876 | U77: =U405+U421 -> 123141 | V77: =V405+V421 -> 180890 | W77: =W405+W421 -> 95284 | X77: =X405+X421 -> 141284 | ... AB77: =AB405+AB421 -> 183181 | AC77: =SUM(Q77,R77,S77) -> 225297 | AD77: =SUM(T77,U77,V77) -> 405907 | AE77: =SUM(W77,X77,Y77) -> 396408 | AF77: =SUM(Z77,AA77,AB77) -> 395294 | AG77: =AC77+AD77 -> 631204 | AH77: =AF77+AE77 -> 791702 | AI77: =AG77+AH77 -> 1422906 | AK77: =SUM((INDIRECT(AK$2&(ROW())):INDIRECT(AK$3&(ROW())))) -> 95114 | AL77: =SUM(INDIRECT(AL$1&AL$2&$C77):INDIRECT(AL$1&AL$3&$C77)) -> 80967.689 | AM77: =AK77-AL77 -> 14146.311 | AN77: =IFERROR(AK77/AL77,0) -> 1.1747155 | AO77: =SUM(INDIRECT(AO$1&AO$2&$A77):INDIRECT(AO$1&AO$3&$A77))+SUM(INDIRECT(AO$1&AO$2&$B77):INDIRECT(AO$1&AO$3&$B77)) -> 14474 | AP77: =AK77-AO77 -> 80640 | AQ77: =IFERROR(AK77/AO77,0) -> 6.5713694 | AS77: =SUM((INDIRECT(AS$2&(ROW())):INDIRECT(AS$3&(ROW())))) -> 95114 | AT77: =SUM(INDIRECT(AT$1&AT$2&$C77):INDIRECT(AT$1&AT$3&$C77)) -> 80967.689 | AU77: =AS77-AT77 -> 14146.311 | AV77: =IFERROR(AS77/AT77,0) -> 1.1747155 | AW77: =SUM(INDIRECT(AW$1&AW$2&$A77):INDIRECT(AW$1&AW$3&$A77))+SUM(INDIRECT(AW$1&AW$2&$B77):INDIRECT(AW$1&AW$3&$B77)) -> 14474 | AX77: =AS77-AW77 -> 80640 | AY77: =IFERROR(AS77/AW77,0) -> 6.5713694 | BA77: =SUM((INDIRECT(BA$2&(ROW())):INDIRECT(BA$3&(ROW())))) -> 95114 | BB77: =SUM(INDIRECT(BB$1&BB$2&$C77):INDIRECT(BB$1&BB$3&$C77)) -> 80967.689 | BC77: =BA77-BB77 -> 14146.311 | BD77: =IFERROR(BA77/BB77,0) -> 1.1747155 | BE77: =SUM(INDIRECT(BE$1&BE$2&$A77):INDIRECT(BE$1&BE$3&$A77))+SUM(INDIRECT(BE$1&BE$2&$B77):INDIRECT(BE$1&BE$3&$B77)) -> 14474 | BF77: =BA77-BE77 -> 80640 | BG77: =IFERROR(BA77/BE77,0) -> 6.5713694
A78: 76 | B78: 1 | C78: =ROW() -> 78 | D78: RF | E78: 1 | M78: Non-hard | Q78: =Q410+Q426 -> 53938 | R78: =R410+R426 -> 26136 | S78: =S410+S426 -> 43946 | T78: =T410+T426 -> 59199 | U78: =U410+U426 -> 62877 | V78: =V410+V426 -> 81307 | W78: =W410+W426 -> 67503 | X78: =X410+X426 -> 61719 | ... AB78: =AB410+AB426 -> 58164 | AC78: =SUM(Q78,R78,S78) -> 124020 | AD78: =SUM(T78,U78,V78) -> 203383 | AE78: =SUM(W78,X78,Y78) -> 217179 | AF78: =SUM(Z78,AA78,AB78) -> 184943 | AG78: =AC78+AD78 -> 327403 | AH78: =AF78+AE78 -> 402122 | AI78: =AG78+AH78 -> 729525 | AK78: =SUM((INDIRECT(AK$2&(ROW())):INDIRECT(AK$3&(ROW())))) -> 53938 | AL78: =SUM(INDIRECT(AL$1&AL$2&$C78):INDIRECT(AL$1&AL$3&$C78)) -> 46862.005 | AM78: =AK78-AL78 -> 7075.9949 | AN78: =IFERROR(AK78/AL78,0) -> 1.1509964 | AO78: =SUM(INDIRECT(AO$1&AO$2&$A78):INDIRECT(AO$1&AO$3&$A78))+SUM(INDIRECT(AO$1&AO$2&$B78):INDIRECT(AO$1&AO$3&$B78)) -> 1604 | AP78: =AK78-AO78 -> 52334 | AQ78: =IFERROR(AK78/AO78,0) -> 33.627182 | AS78: =SUM((INDIRECT(AS$2&(ROW())):INDIRECT(AS$3&(ROW())))) -> 53938 | AT78: =SUM(INDIRECT(AT$1&AT$2&$C78):INDIRECT(AT$1&AT$3&$C78)) -> 46862.005 | AU78: =AS78-AT78 -> 7075.9949 | AV78: =IFERROR(AS78/AT78,0) -> 1.1509964 | AW78: =SUM(INDIRECT(AW$1&AW$2&$A78):INDIRECT(AW$1&AW$3&$A78))+SUM(INDIRECT(AW$1&AW$2&$B78):INDIRECT(AW$1&AW$3&$B78)) -> 1604 | AX78: =AS78-AW78 -> 52334 | AY78: =IFERROR(AS78/AW78,0) -> 33.627182 | BA78: =SUM((INDIRECT(BA$2&(ROW())):INDIRECT(BA$3&(ROW())))) -> 53938 | BB78: =SUM(INDIRECT(BB$1&BB$2&$C78):INDIRECT(BB$1&BB$3&$C78)) -> 46862.005 | BC78: =BA78-BB78 -> 7075.9949 | BD78: =IFERROR(BA78/BB78,0) -> 1.1509964 | BE78: =SUM(INDIRECT(BE$1&BE$2&$A78):INDIRECT(BE$1&BE$3&$A78))+SUM(INDIRECT(BE$1&BE$2&$B78):INDIRECT(BE$1&BE$3&$B78)) -> 1604 | BF78: =BA78-BE78 -> 52334 | BG78: =IFERROR(BA78/BE78,0) -> 33.627182
A79: 77 | B79: 1 | C79: =ROW() -> 79 | D79: RF | E79: 1 | M79: Others | Q79: =Q419+Q435 -> 0 | R79: =R419+R435 -> 0 | S79: =S419+S435 -> 0 | T79: =T419+T435 -> 0 | U79: =U419+U435 -> 0 | V79: =V419+V435 -> 0 | W79: =W419+W435 -> 0 | X79: =X419+X435 -> 0 | ... AB79: =AB419+AB435 -> 0 | AC79: =SUM(Q79,R79,S79) -> 0 | AD79: =SUM(T79,U79,V79) -> 0 | AE79: =SUM(W79,X79,Y79) -> 0 | AF79: =SUM(Z79,AA79,AB79) -> 0 | AG79: =AC79+AD79 -> 0 | AH79: =AF79+AE79 -> 0 | AI79: =AG79+AH79 -> 0 | AK79: =SUM((INDIRECT(AK$2&(ROW())):INDIRECT(AK$3&(ROW())))) -> 0 | AL79: =SUM(INDIRECT(AL$1&AL$2&$C79):INDIRECT(AL$1&AL$3&$C79)) -> 0 | AM79: =AK79-AL79 -> 0 | AN79: =IFERROR(AK79/AL79,0) -> 0 | AO79: =SUM(INDIRECT(AO$1&AO$2&$A79):INDIRECT(AO$1&AO$3&$A79))+SUM(INDIRECT(AO$1&AO$2&$B79):INDIRECT(AO$1&AO$3&$B79)) -> 0 | AP79: =AK79-AO79 -> 0 | AQ79: =IFERROR(AK79/AO79,0) -> 0 | AS79: =SUM((INDIRECT(AS$2&(ROW())):INDIRECT(AS$3&(ROW())))) -> 0 | AT79: =SUM(INDIRECT(AT$1&AT$2&$C79):INDIRECT(AT$1&AT$3&$C79)) -> 0 | AU79: =AS79-AT79 -> 0 | AV79: =IFERROR(AS79/AT79,0) -> 0 | AW79: =SUM(INDIRECT(AW$1&AW$2&$A79):INDIRECT(AW$1&AW$3&$A79))+SUM(INDIRECT(AW$1&AW$2&$B79):INDIRECT(AW$1&AW$3&$B79)) -> 0 | AX79: =AS79-AW79 -> 0 | AY79: =IFERROR(AS79/AW79,0) -> 0 | BA79: =SUM((INDIRECT(BA$2&(ROW())):INDIRECT(BA$3&(ROW())))) -> 0 | BB79: =SUM(INDIRECT(BB$1&BB$2&$C79):INDIRECT(BB$1&BB$3&$C79)) -> 0 | BC79: =BA79-BB79 -> 0 | BD79: =IFERROR(BA79/BB79,0) -> 0 | BE79: =SUM(INDIRECT(BE$1&BE$2&$A79):INDIRECT(BE$1&BE$3&$A79))+SUM(INDIRECT(BE$1&BE$2&$B79):INDIRECT(BE$1&BE$3&$B79)) -> 0 | BF79: =BA79-BE79 -> 0 | BG79: =IFERROR(BA79/BE79,0) -> 0
A80: 78 | B80: 1 | C80: =ROW() -> 80 | D80: RF | E80: 1 | I80: BT Consolidated Sales | O80: (Excludes Sales to BT-Gr. Companies) | Q80: =SUM(Q81:Q83) -> 149052 | R80: =SUM(R81:R83) -> 75043 | S80: =SUM(S81:S83) -> 125222 | T80: =SUM(T81:T83) -> 161075 | U80: =SUM(U81:U83) -> 186018 | V80: =SUM(V81:V83) -> 262197 | W80: =SUM(W81:W83) -> 162787 | X80: =SUM(X81:X83) -> 203003 | ... AB80: =SUM(AB81:AB83) -> 241345 | AC80: =SUM(Q80,R80,S80) -> 349317 | AD80: =SUM(T80,U80,V80) -> 609290 | AE80: =SUM(W80,X80,Y80) -> 613587 | AF80: =SUM(Z80,AA80,AB80) -> 580237 | AG80: =SUM(AG81:AG83) -> 958607 | AH80: =SUM(AH81:AH83) -> 1193824 | AI80: =SUM(AI81:AI83) -> 2152431 | AK80: =SUM((INDIRECT(AK$2&(ROW())):INDIRECT(AK$3&(ROW())))) -> 149052 | AL80: =SUM(INDIRECT(AL$1&AL$2&$C80):INDIRECT(AL$1&AL$3&$C80)) -> 127829.69 | AM80: =AK80-AL80 -> 21222.306 | AN80: =IFERROR(AK80/AL80,0) -> 1.1660202 | AO80: =SUM(INDIRECT(AO$1&AO$2&$A80):INDIRECT(AO$1&AO$3&$A80))+SUM(INDIRECT(AO$1&AO$2&$B80):INDIRECT(AO$1&AO$3&$B80)) -> 16078 | AP80: =AK80-AO80 -> 132974 | AQ80: =IFERROR(AK80/AO80,0) -> 9.270556 | AS80: =SUM((INDIRECT(AS$2&(ROW())):INDIRECT(AS$3&(ROW())))) -> 149052 | AT80: =SUM(INDIRECT(AT$1&AT$2&$C80):INDIRECT(AT$1&AT$3&$C80)) -> 127829.69 | AU80: =AS80-AT80 -> 21222.306 | AV80: =IFERROR(AS80/AT80,0) -> 1.1660202 | AW80: =SUM(INDIRECT(AW$1&AW$2&$A80):INDIRECT(AW$1&AW$3&$A80))+SUM(INDIRECT(AW$1&AW$2&$B80):INDIRECT(AW$1&AW$3&$B80)) -> 16078 | AX80: =AS80-AW80 -> 132974 | AY80: =IFERROR(AS80/AW80,0) -> 9.270556 | BA80: =SUM((INDIRECT(BA$2&(ROW())):INDIRECT(BA$3&(ROW())))) -> 149052 | BB80: =SUM(INDIRECT(BB$1&BB$2&$C80):INDIRECT(BB$1&BB$3&$C80)) -> 127829.69 | BC80: =BA80-BB80 -> 21222.306 | BD80: =IFERROR(BA80/BB80,0) -> 1.1660202 | BE80: =SUM(INDIRECT(BE$1&BE$2&$A80):INDIRECT(BE$1&BE$3&$A80))+SUM(INDIRECT(BE$1&BE$2&$B80):INDIRECT(BE$1&BE$3&$B80)) -> 16078 | BF80: =BA80-BE80 -> 132974 | BG80: =IFERROR(BA80/BE80,0) -> 9.270556
A81: 79 | B81: 1 | C81: =ROW() -> 81 | D81: RF | E81: 1 | M81: Hard | Q81: 95114 | R81: 48907 | S81: 81276 | T81: 101876 | U81: 123141 | V81: 180890 | W81: 95284 | X81: 141284 | Y81: 159840 | Z81: 108942 | AA81: 103171 | AB81: 183181 | AC81: =SUM(Q81,R81,S81) -> 225297 | AD81: =SUM(T81,U81,V81) -> 405907 | AE81: =SUM(W81,X81,Y81) -> 396408 | AF81: =SUM(Z81,AA81,AB81) -> 395294 | AG81: =AC81+AD81 -> 631204 | AH81: =AF81+AE81 -> 791702 | AI81: =AG81+AH81 -> 1422906 | AK81: =SUM((INDIRECT(AK$2&(ROW())):INDIRECT(AK$3&(ROW())))) -> 95114 | AL81: =SUM(INDIRECT(AL$1&AL$2&$C81):INDIRECT(AL$1&AL$3&$C81)) -> 80967.689 | AM81: =AK81-AL81 -> 14146.311 | AN81: =IFERROR(AK81/AL81,0) -> 1.1747155 | AO81: =SUM(INDIRECT(AO$1&AO$2&$A81):INDIRECT(AO$1&AO$3&$A81))+SUM(INDIRECT(AO$1&AO$2&$B81):INDIRECT(AO$1&AO$3&$B81)) -> 14474 | AP81: =AK81-AO81 -> 80640 | AQ81: =IFERROR(AK81/AO81,0) -> 6.5713694 | AS81: =SUM((INDIRECT(AS$2&(ROW())):INDIRECT(AS$3&(ROW())))) -> 95114 | AT81: =SUM(INDIRECT(AT$1&AT$2&$C81):INDIRECT(AT$1&AT$3&$C81)) -> 80967.689 | AU81: =AS81-AT81 -> 14146.311 | AV81: =IFERROR(AS81/AT81,0) -> 1.1747155 | AW81: =SUM(INDIRECT(AW$1&AW$2&$A81):INDIRECT(AW$1&AW$3&$A81))+SUM(INDIRECT(AW$1&AW$2&$B81):INDIRECT(AW$1&AW$3&$B81)) -> 14474 | AX81: =AS81-AW81 -> 80640 | AY81: =IFERROR(AS81/AW81,0) -> 6.5713694 | BA81: =SUM((INDIRECT(BA$2&(ROW())):INDIRECT(BA$3&(ROW())))) -> 95114 | BB81: =SUM(INDIRECT(BB$1&BB$2&$C81):INDIRECT(BB$1&BB$3&$C81)) -> 80967.689 | BC81: =BA81-BB81 -> 14146.311 | BD81: =IFERROR(BA81/BB81,0) -> 1.1747155 | BE81: =SUM(INDIRECT(BE$1&BE$2&$A81):INDIRECT(BE$1&BE$3&$A81))+SUM(INDIRECT(BE$1&BE$2&$B81):INDIRECT(BE$1&BE$3&$B81)) -> 14474 | BF81: =BA81-BE81 -> 80640 | BG81: =IFERROR(BA81/BE81,0) -> 6.5713694
A82: 80 | B82: 1 | C82: =ROW() -> 82 | D82: RF | E82: 1 | M82: Non-hard | Q82: 53938 | R82: 26136 | S82: 43946 | T82: 59199 | U82: 62877 | V82: 81307 | W82: 67503 | X82: 61719 | Y82: 87957 | Z82: 59004 | AA82: 67775 | AB82: 58164 | AC82: =SUM(Q82,R82,S82) -> 124020 | AD82: =SUM(T82,U82,V82) -> 203383 | AE82: =SUM(W82,X82,Y82) -> 217179 | AF82: =SUM(Z82,AA82,AB82) -> 184943 | AG82: =AC82+AD82 -> 327403 | AH82: =AF82+AE82 -> 402122 | AI82: =AG82+AH82 -> 729525 | AK82: =SUM((INDIRECT(AK$2&(ROW())):INDIRECT(AK$3&(ROW())))) -> 53938 | AL82: =SUM(INDIRECT(AL$1&AL$2&$C82):INDIRECT(AL$1&AL$3&$C82)) -> 46862.005 | AM82: =AK82-AL82 -> 7075.9949 | AN82: =IFERROR(AK82/AL82,0) -> 1.1509964 | AO82: =SUM(INDIRECT(AO$1&AO$2&$A82):INDIRECT(AO$1&AO$3&$A82))+SUM(INDIRECT(AO$1&AO$2&$B82):INDIRECT(AO$1&AO$3&$B82)) -> 1604 | AP82: =AK82-AO82 -> 52334 | AQ82: =IFERROR(AK82/AO82,0) -> 33.627182 | AS82: =SUM((INDIRECT(AS$2&(ROW())):INDIRECT(AS$3&(ROW())))) -> 53938 | AT82: =SUM(INDIRECT(AT$1&AT$2&$C82):INDIRECT(AT$1&AT$3&$C82)) -> 46862.005 | AU82: =AS82-AT82 -> 7075.9949 | AV82: =IFERROR(AS82/AT82,0) -> 1.1509964 | AW82: =SUM(INDIRECT(AW$1&AW$2&$A82):INDIRECT(AW$1&AW$3&$A82))+SUM(INDIRECT(AW$1&AW$2&$B82):INDIRECT(AW$1&AW$3&$B82)) -> 1604 | AX82: =AS82-AW82 -> 52334 | AY82: =IFERROR(AS82/AW82,0) -> 33.627182 | BA82: =SUM((INDIRECT(BA$2&(ROW())):INDIRECT(BA$3&(ROW())))) -> 53938 | BB82: =SUM(INDIRECT(BB$1&BB$2&$C82):INDIRECT(BB$1&BB$3&$C82)) -> 46862.005 | BC82: =BA82-BB82 -> 7075.9949 | BD82: =IFERROR(BA82/BB82,0) -> 1.1509964 | BE82: =SUM(INDIRECT(BE$1&BE$2&$A82):INDIRECT(BE$1&BE$3&$A82))+SUM(INDIRECT(BE$1&BE$2&$B82):INDIRECT(BE$1&BE$3&$B82)) -> 1604 | BF82: =BA82-BE82 -> 52334 | BG82: =IFERROR(BA82/BE82,0) -> 33.627182
A83: 81 | B83: 1 | C83: =ROW() -> 83 | D83: RF | E83: 1 | M83: Others | AC83: =SUM(Q83,R83,S83) -> 0 | AD83: =SUM(T83,U83,V83) -> 0 | AE83: =SUM(W83,X83,Y83) -> 0 | AF83: =SUM(Z83,AA83,AB83) -> 0 | AG83: =AC83+AD83 -> 0 | AH83: =AF83+AE83 -> 0 | AI83: =AG83+AH83 -> 0 | AK83: =SUM((INDIRECT(AK$2&(ROW())):INDIRECT(AK$3&(ROW())))) -> 0 | AL83: =SUM(INDIRECT(AL$1&AL$2&$C83):INDIRECT(AL$1&AL$3&$C83)) -> 0 | AM83: =AK83-AL83 -> 0 | AN83: =IFERROR(AK83/AL83,0) -> 0 | AO83: =SUM(INDIRECT(AO$1&AO$2&$A83):INDIRECT(AO$1&AO$3&$A83))+SUM(INDIRECT(AO$1&AO$2&$B83):INDIRECT(AO$1&AO$3&$B83)) -> 0 | AP83: =AK83-AO83 -> 0 | AQ83: =IFERROR(AK83/AO83,0) -> 0 | AS83: =SUM((INDIRECT(AS$2&(ROW())):INDIRECT(AS$3&(ROW())))) -> 0 | AT83: =SUM(INDIRECT(AT$1&AT$2&$C83):INDIRECT(AT$1&AT$3&$C83)) -> 0 | AU83: =AS83-AT83 -> 0 | AV83: =IFERROR(AS83/AT83,0) -> 0 | AW83: =SUM(INDIRECT(AW$1&AW$2&$A83):INDIRECT(AW$1&AW$3&$A83))+SUM(INDIRECT(AW$1&AW$2&$B83):INDIRECT(AW$1&AW$3&$B83)) -> 0 | AX83: =AS83-AW83 -> 0 | AY83: =IFERROR(AS83/AW83,0) -> 0 | BA83: =SUM((INDIRECT(BA$2&(ROW())):INDIRECT(BA$3&(ROW())))) -> 0 | BB83: =SUM(INDIRECT(BB$1&BB$2&$C83):INDIRECT(BB$1&BB$3&$C83)) -> 0 | BC83: =BA83-BB83 -> 0 | BD83: =IFERROR(BA83/BB83,0) -> 0 | BE83: =SUM(INDIRECT(BE$1&BE$2&$A83):INDIRECT(BE$1&BE$3&$A83))+SUM(INDIRECT(BE$1&BE$2&$B83):INDIRECT(BE$1&BE$3&$B83)) -> 0 | BF83: =BA83-BE83 -> 0 | BG83: =IFERROR(BA83/BE83,0) -> 0
A84: 82 | B84: 1 | C84: =ROW() -> 84 | E84: 1 | I84: Cost of Sales | Q84: =Q85+Q88+Q96 -> 98928 | R84: =R85+R88+R96 -> 46606 | S84: =S85+S88+S96 -> 81197 | T84: =T85+T88+T96 -> 101990 | U84: =U85+U88+U96 -> 121712 | V84: =V85+V88+V96 -> 167942 | W84: =W85+W88+W96 -> 104269 | X84: =X85+X88+X96 -> 128901 | ... AI84: =AI85+AI88+AI96 -> 1442008 | AK84: =SUM((INDIRECT(AK$2&(ROW())):INDIRECT(AK$3&(ROW())))) -> 98928 | AL84: =SUM(INDIRECT(AL$1&AL$2&$C84):INDIRECT(AL$1&AL$3&$C84)) -> 80936.767 | AM84: =AK84-AL84 -> 17991.233 | AN84: =IFERROR(AK84/AL84,0) -> 1.2222875 | AO84: =SUM(INDIRECT(AO$1&AO$2&$A84):INDIRECT(AO$1&AO$3&$A84))+SUM(INDIRECT(AO$1&AO$2&$B84):INDIRECT(AO$1&AO$3&$B84)) -> 10716 | AP84: =AK84-AO84 -> 88212 | AQ84: =IFERROR(AK84/AO84,0) -> 9.2318029 | AS84: =SUM((INDIRECT(AS$2&(ROW())):INDIRECT(AS$3&(ROW())))) -> 98928 | AT84: =SUM(INDIRECT(AT$1&AT$2&$C84):INDIRECT(AT$1&AT$3&$C84)) -> 80936.767 | AU84: =AS84-AT84 -> 17991.233 | AV84: =IFERROR(AS84/AT84,0) -> 1.2222875 | AW84: =SUM(INDIRECT(AW$1&AW$2&$A84):INDIRECT(AW$1&AW$3&$A84))+SUM(INDIRECT(AW$1&AW$2&$B84):INDIRECT(AW$1&AW$3&$B84)) -> 10716 | AX84: =AS84-AW84 -> 88212 | AY84: =IFERROR(AS84/AW84,0) -> 9.2318029 | BA84: =SUM((INDIRECT(BA$2&(ROW())):INDIRECT(BA$3&(ROW())))) -> 98928 | BB84: =SUM(INDIRECT(BB$1&BB$2&$C84):INDIRECT(BB$1&BB$3&$C84)) -> 80936.767 | BC84: =BA84-BB84 -> 17991.233 | BD84: =IFERROR(BA84/BB84,0) -> 1.2222875 | BE84: =SUM(INDIRECT(BE$1&BE$2&$A84):INDIRECT(BE$1&BE$3&$A84))+SUM(INDIRECT(BE$1&BE$2&$B84):INDIRECT(BE$1&BE$3&$B84)) -> 10716 | BF84: =BA84-BE84 -> 88212 | BG84: =IFERROR(BA84/BE84,0) -> 9.2318029
A85: 83 | B85: 1 | C85: =ROW() -> 85 | E85: 1 | M85: Hard | Q85: =SUM(Q86:Q87) -> 67475 | R85: =SUM(R86:R87) -> 29364 | S85: =SUM(S86:S87) -> 54359 | T85: =SUM(T86:T87) -> 67187 | U85: =SUM(U86:U87) -> 85512 | V85: =SUM(V86:V87) -> 121832 | W85: =SUM(W86:W87) -> 65166 | X85: =SUM(X86:X87) -> 91255 | ... AB85: =SUM(AB86:AB87) -> 151110 | AC85: =SUM(Q85,R85,S85) -> 151198 | AD85: =SUM(T85,U85,V85) -> 274531 | AE85: =SUM(W85,X85,Y85) -> 268338 | AF85: =SUM(Z85,AA85,AB85) -> 315933 | AG85: =AC85+AD85 -> 425729 | AH85: =AF85+AE85 -> 584271 | AI85: =AG85+AH85 -> 1010000 | AK85: =SUM((INDIRECT(AK$2&(ROW())):INDIRECT(AK$3&(ROW())))) -> 67475 | AL85: =SUM(INDIRECT(AL$1&AL$2&$C85):INDIRECT(AL$1&AL$3&$C85)) -> 55205.351 | AM85: =AK85-AL85 -> 12269.649 | AN85: =IFERROR(AK85/AL85,0) -> 1.2222547 | AO85: =SUM(INDIRECT(AO$1&AO$2&$A85):INDIRECT(AO$1&AO$3&$A85))+SUM(INDIRECT(AO$1&AO$2&$B85):INDIRECT(AO$1&AO$3&$B85)) -> 7502 | AP85: =AK85-AO85 -> 59973 | AQ85: =IFERROR(AK85/AO85,0) -> 8.9942682 | AS85: =SUM((INDIRECT(AS$2&(ROW())):INDIRECT(AS$3&(ROW())))) -> 67475 | AT85: =SUM(INDIRECT(AT$1&AT$2&$C85):INDIRECT(AT$1&AT$3&$C85)) -> 55205.351 | AU85: =AS85-AT85 -> 12269.649 | AV85: =IFERROR(AS85/AT85,0) -> 1.2222547 | AW85: =SUM(INDIRECT(AW$1&AW$2&$A85):INDIRECT(AW$1&AW$3&$A85))+SUM(INDIRECT(AW$1&AW$2&$B85):INDIRECT(AW$1&AW$3&$B85)) -> 7502 | AX85: =AS85-AW85 -> 59973 | AY85: =IFERROR(AS85/AW85,0) -> 8.9942682 | BA85: =SUM((INDIRECT(BA$2&(ROW())):INDIRECT(BA$3&(ROW())))) -> 67475 | BB85: =SUM(INDIRECT(BB$1&BB$2&$C85):INDIRECT(BB$1&BB$3&$C85)) -> 55205.351 | BC85: =BA85-BB85 -> 12269.649 | BD85: =IFERROR(BA85/BB85,0) -> 1.2222547 | BE85: =SUM(INDIRECT(BE$1&BE$2&$A85):INDIRECT(BE$1&BE$3&$A85))+SUM(INDIRECT(BE$1&BE$2&$B85):INDIRECT(BE$1&BE$3&$B85)) -> 7502 | BF85: =BA85-BE85 -> 59973 | BG85: =IFERROR(BA85/BE85,0) -> 8.9942682
A86: 84 | B86: 1 | C86: =ROW() -> 86 | E86: 1 | O86: KMI | Q86: =Q406+Q422-Q439-Q463 -> 67475 | R86: =R406+R422-R439-R463 -> 29364 | S86: =S406+S422-S439-S463 -> 54359 | T86: =T406+T422-T439-T463 -> 67187 | U86: =U406+U422-U439-U463 -> 85512 | V86: =V406+V422-V439-V463 -> 121832 | W86: =W406+W422-W439-W463 -> 65166 | X86: =X406+X422-X439-X463 -> 91255 | ... AB86: =AB406+AB422-AB439-AB463 -> 151110 | AC86: =SUM(Q86,R86,S86) -> 151198 | AD86: =SUM(T86,U86,V86) -> 274531 | AE86: =SUM(W86,X86,Y86) -> 268338 | AF86: =SUM(Z86,AA86,AB86) -> 315933 | AG86: =AC86+AD86 -> 425729 | AH86: =AF86+AE86 -> 584271 | AI86: =AG86+AH86 -> 1010000 | AK86: =SUM((INDIRECT(AK$2&(ROW())):INDIRECT(AK$3&(ROW())))) -> 67475 | AL86: =SUM(INDIRECT(AL$1&AL$2&$C86):INDIRECT(AL$1&AL$3&$C86)) -> 55205.351 | AM86: =AK86-AL86 -> 12269.649 | AN86: =IFERROR(AK86/AL86,0) -> 1.2222547 | AO86: =SUM(INDIRECT(AO$1&AO$2&$A86):INDIRECT(AO$1&AO$3&$A86))+SUM(INDIRECT(AO$1&AO$2&$B86):INDIRECT(AO$1&AO$3&$B86)) -> 7502 | AP86: =AK86-AO86 -> 59973 | AQ86: =IFERROR(AK86/AO86,0) -> 8.9942682 | AS86: =SUM((INDIRECT(AS$2&(ROW())):INDIRECT(AS$3&(ROW())))) -> 67475 | AT86: =SUM(INDIRECT(AT$1&AT$2&$C86):INDIRECT(AT$1&AT$3&$C86)) -> 55205.351 | AU86: =AS86-AT86 -> 12269.649 | AV86: =IFERROR(AS86/AT86,0) -> 1.2222547 | AW86: =SUM(INDIRECT(AW$1&AW$2&$A86):INDIRECT(AW$1&AW$3&$A86))+SUM(INDIRECT(AW$1&AW$2&$B86):INDIRECT(AW$1&AW$3&$B86)) -> 7502 | AX86: =AS86-AW86 -> 59973 | AY86: =IFERROR(AS86/AW86,0) -> 8.9942682 | BA86: =SUM((INDIRECT(BA$2&(ROW())):INDIRECT(BA$3&(ROW())))) -> 67475 | BB86: =SUM(INDIRECT(BB$1&BB$2&$C86):INDIRECT(BB$1&BB$3&$C86)) -> 55205.351 | BC86: =BA86-BB86 -> 12269.649 | BD86: =IFERROR(BA86/BB86,0) -> 1.2222547 | BE86: =SUM(INDIRECT(BE$1&BE$2&$A86):INDIRECT(BE$1&BE$3&$A86))+SUM(INDIRECT(BE$1&BE$2&$B86):INDIRECT(BE$1&BE$3&$B86)) -> 7502 | BF86: =BA86-BE86 -> 59973 | BG86: =IFERROR(BA86/BE86,0) -> 8.9942682
A87: 85 | B87: 1 | C87: =ROW() -> 87 | E87: 1 | O87: 3rd Party | Q87: =Q409+Q425-Q442-Q466 -> 0 | R87: =R409+R425-R442-R466 -> 0 | S87: =S409+S425-S442-S466 -> 0 | T87: =T409+T425-T442-T466 -> 0 | U87: =U409+U425-U442-U466 -> 0 | V87: =V409+V425-V442-V466 -> 0 | W87: =W409+W425-W442-W466 -> 0 | X87: =X409+X425-X442-X466 -> 0 | ... AB87: =AB409+AB425-AB442-AB466 -> 0 | AC87: =SUM(Q87,R87,S87) -> 0 | AD87: =SUM(T87,U87,V87) -> 0 | AE87: =SUM(W87,X87,Y87) -> 0 | AF87: =SUM(Z87,AA87,AB87) -> 0 | AG87: =AC87+AD87 -> 0 | AH87: =AF87+AE87 -> 0 | AI87: =AG87+AH87 -> 0 | AK87: =SUM((INDIRECT(AK$2&(ROW())):INDIRECT(AK$3&(ROW())))) -> 0 | AL87: =SUM(INDIRECT(AL$1&AL$2&$C87):INDIRECT(AL$1&AL$3&$C87)) -> 0 | AM87: =AK87-AL87 -> 0 | AN87: =IFERROR(AK87/AL87,0) -> 0 | AO87: =SUM(INDIRECT(AO$1&AO$2&$A87):INDIRECT(AO$1&AO$3&$A87))+SUM(INDIRECT(AO$1&AO$2&$B87):INDIRECT(AO$1&AO$3&$B87)) -> 0 | AP87: =AK87-AO87 -> 0 | AQ87: =IFERROR(AK87/AO87,0) -> 0 | AS87: =SUM((INDIRECT(AS$2&(ROW())):INDIRECT(AS$3&(ROW())))) -> 0 | AT87: =SUM(INDIRECT(AT$1&AT$2&$C87):INDIRECT(AT$1&AT$3&$C87)) -> 0 | AU87: =AS87-AT87 -> 0 | AV87: =IFERROR(AS87/AT87,0) -> 0 | AW87: =SUM(INDIRECT(AW$1&AW$2&$A87):INDIRECT(AW$1&AW$3&$A87))+SUM(INDIRECT(AW$1&AW$2&$B87):INDIRECT(AW$1&AW$3&$B87)) -> 0 | AX87: =AS87-AW87 -> 0 | AY87: =IFERROR(AS87/AW87,0) -> 0 | BA87: =SUM((INDIRECT(BA$2&(ROW())):INDIRECT(BA$3&(ROW())))) -> 0 | BB87: =SUM(INDIRECT(BB$1&BB$2&$C87):INDIRECT(BB$1&BB$3&$C87)) -> 0 | BC87: =BA87-BB87 -> 0 | BD87: =IFERROR(BA87/BB87,0) -> 0 | BE87: =SUM(INDIRECT(BE$1&BE$2&$A87):INDIRECT(BE$1&BE$3&$A87))+SUM(INDIRECT(BE$1&BE$2&$B87):INDIRECT(BE$1&BE$3&$B87)) -> 0 | BF87: =BA87-BE87 -> 0 | BG87: =IFERROR(BA87/BE87,0) -> 0
A88: 86 | B88: 1 | C88: =ROW() -> 88 | E88: 1 | M88: Non-hard | Q88: =Q78-Q103 -> 31453 | R88: =R78-R103 -> 17242 | S88: =S78-S103 -> 26838 | T88: =T78-T103 -> 34803 | U88: =U78-U103 -> 36200 | V88: =V78-V103 -> 46110 | W88: =W78-W103 -> 39103 | X88: =X78-X103 -> 37646 | ... AB88: =AB78-AB103 -> 38040 | AC88: =SUM(Q88,R88,S88) -> 75533 | AD88: =SUM(T88,U88,V88) -> 117113 | AE88: =SUM(W88,X88,Y88) -> 124073 | AF88: =SUM(Z88,AA88,AB88) -> 115289 | AG88: =AC88+AD88 -> 192646 | AH88: =AF88+AE88 -> 239362 | AI88: =AG88+AH88 -> 432008 | AK88: =SUM((INDIRECT(AK$2&(ROW())):INDIRECT(AK$3&(ROW())))) -> 31453 | AL88: =SUM(INDIRECT(AL$1&AL$2&$C88):INDIRECT(AL$1&AL$3&$C88)) -> 25731.416 | AM88: =AK88-AL88 -> 5721.5835 | AN88: =IFERROR(AK88/AL88,0) -> 1.2223579 | AO88: =SUM(INDIRECT(AO$1&AO$2&$A88):INDIRECT(AO$1&AO$3&$A88))+SUM(INDIRECT(AO$1&AO$2&$B88):INDIRECT(AO$1&AO$3&$B88)) -> 3214 | AP88: =AK88-AO88 -> 28239 | AQ88: =IFERROR(AK88/AO88,0) -> 9.7862477 | AS88: =SUM((INDIRECT(AS$2&(ROW())):INDIRECT(AS$3&(ROW())))) -> 31453 | AT88: =SUM(INDIRECT(AT$1&AT$2&$C88):INDIRECT(AT$1&AT$3&$C88)) -> 25731.416 | AU88: =AS88-AT88 -> 5721.5835 | AV88: =IFERROR(AS88/AT88,0) -> 1.2223579 | AW88: =SUM(INDIRECT(AW$1&AW$2&$A88):INDIRECT(AW$1&AW$3&$A88))+SUM(INDIRECT(AW$1&AW$2&$B88):INDIRECT(AW$1&AW$3&$B88)) -> 3214 | AX88: =AS88-AW88 -> 28239 | AY88: =IFERROR(AS88/AW88,0) -> 9.7862477 | BA88: =SUM((INDIRECT(BA$2&(ROW())):INDIRECT(BA$3&(ROW())))) -> 31453 | BB88: =SUM(INDIRECT(BB$1&BB$2&$C88):INDIRECT(BB$1&BB$3&$C88)) -> 25731.416 | BC88: =BA88-BB88 -> 5721.5835 | BD88: =IFERROR(BA88/BB88,0) -> 1.2223579 | BE88: =SUM(INDIRECT(BE$1&BE$2&$A88):INDIRECT(BE$1&BE$3&$A88))+SUM(INDIRECT(BE$1&BE$2&$B88):INDIRECT(BE$1&BE$3&$B88)) -> 3214 | BF88: =BA88-BE88 -> 28239 | BG88: =IFERROR(BA88/BE88,0) -> 9.7862477
A89: 87 | B89: 1 | C89: =ROW() -> 89 | E89: 1 | O89: Material Cost(Toner, Parts, Consumable) | Q89: 26536 | R89: 11575 | S89: 20448 | T89: 28011 | U89: 30201 | V89: 39594 | W89: 32309 | X89: 30800 | Y89: 40311 | Z89: 29095 | AA89: 34513 | AB89: 27315 | AC89: =SUM(Q89,R89,S89) -> 58559 | AD89: =SUM(T89,U89,V89) -> 97806 | AE89: =SUM(W89,X89,Y89) -> 103420 | AF89: =SUM(Z89,AA89,AB89) -> 90923 | AG89: =AC89+AD89 -> 156365 | AH89: =AF89+AE89 -> 194343 | AI89: =AG89+AH89 -> 350708 | AK89: =SUM((INDIRECT(AK$2&(ROW())):INDIRECT(AK$3&(ROW())))) -> 26536 | AL89: =SUM(INDIRECT(AL$1&AL$2&$C89):INDIRECT(AL$1&AL$3&$C89)) -> 19733.27 | AM89: =AK89-AL89 -> 6802.7299 | AN89: =IFERROR(AK89/AL89,0) -> 1.344734 | AO89: =SUM(INDIRECT(AO$1&AO$2&$A89):INDIRECT(AO$1&AO$3&$A89))+SUM(INDIRECT(AO$1&AO$2&$B89):INDIRECT(AO$1&AO$3&$B89)) -> 718 | AP89: =AK89-AO89 -> 25818 | AQ89: =IFERROR(AK89/AO89,0) -> 36.958217 | AS89: =SUM((INDIRECT(AS$2&(ROW())):INDIRECT(AS$3&(ROW())))) -> 26536 | AT89: =SUM(INDIRECT(AT$1&AT$2&$C89):INDIRECT(AT$1&AT$3&$C89)) -> 19733.27 | AU89: =AS89-AT89 -> 6802.7299 | AV89: =IFERROR(AS89/AT89,0) -> 1.344734 | AW89: =SUM(INDIRECT(AW$1&AW$2&$A89):INDIRECT(AW$1&AW$3&$A89))+SUM(INDIRECT(AW$1&AW$2&$B89):INDIRECT(AW$1&AW$3&$B89)) -> 718 | AX89: =AS89-AW89 -> 25818 | AY89: =IFERROR(AS89/AW89,0) -> 36.958217 | BA89: =SUM((INDIRECT(BA$2&(ROW())):INDIRECT(BA$3&(ROW())))) -> 26536 | BB89: =SUM(INDIRECT(BB$1&BB$2&$C89):INDIRECT(BB$1&BB$3&$C89)) -> 19733.27 | BC89: =BA89-BB89 -> 6802.7299 | BD89: =IFERROR(BA89/BB89,0) -> 1.344734 | BE89: =SUM(INDIRECT(BE$1&BE$2&$A89):INDIRECT(BE$1&BE$3&$A89))+SUM(INDIRECT(BE$1&BE$2&$B89):INDIRECT(BE$1&BE$3&$B89)) -> 718 | BF89: =BA89-BE89 -> 25818 | BG89: =IFERROR(BA89/BE89,0) -> 36.958217
A90: 88 | B90: 1 | C90: =ROW() -> 90 | E90: 1 | P90: Direct | Q90: =Q413-Q446 -> 2660 | R90: =R413-R446 -> 1884 | S90: =S413-S446 -> 4149 | T90: =T413-T446 -> 3972 | U90: =U413-U446 -> 4323 | V90: =V413-V446 -> 5093 | W90: =W413-W446 -> 4773 | X90: =X413-X446 -> 6150 | ... AB90: =AB413-AB446 -> 5125 | AC90: =SUM(Q90,R90,S90) -> 8693 | AD90: =SUM(T90,U90,V90) -> 13388 | AE90: =SUM(W90,X90,Y90) -> 14577 | AF90: =SUM(Z90,AA90,AB90) -> 15478 | AG90: =AC90+AD90 -> 22081 | AH90: =AF90+AE90 -> 30055 | AI90: =AG90+AH90 -> 52136 | AK90: =SUM((INDIRECT(AK$2&(ROW())):INDIRECT(AK$3&(ROW())))) -> 2660 | AL90: =SUM(INDIRECT(AL$1&AL$2&$C90):INDIRECT(AL$1&AL$3&$C90)) -> 2990.4628 | AM90: =AK90-AL90 -> -330.4628 | AN90: =IFERROR(AK90/AL90,0) -> 0.88949443 | AO90: =SUM(INDIRECT(AO$1&AO$2&$A90):INDIRECT(AO$1&AO$3&$A90))+SUM(INDIRECT(AO$1&AO$2&$B90):INDIRECT(AO$1&AO$3&$B90)) -> 359 | AP90: =AK90-AO90 -> 2301 | AQ90: =IFERROR(AK90/AO90,0) -> 7.4094708 | AS90: =SUM((INDIRECT(AS$2&(ROW())):INDIRECT(AS$3&(ROW())))) -> 2660 | AT90: =SUM(INDIRECT(AT$1&AT$2&$C90):INDIRECT(AT$1&AT$3&$C90)) -> 2990.4628 | AU90: =AS90-AT90 -> -330.4628 | AV90: =IFERROR(AS90/AT90,0) -> 0.88949443 | AW90: =SUM(INDIRECT(AW$1&AW$2&$A90):INDIRECT(AW$1&AW$3&$A90))+SUM(INDIRECT(AW$1&AW$2&$B90):INDIRECT(AW$1&AW$3&$B90)) -> 359 | AX90: =AS90-AW90 -> 2301 | AY90: =IFERROR(AS90/AW90,0) -> 7.4094708 | BA90: =SUM((INDIRECT(BA$2&(ROW())):INDIRECT(BA$3&(ROW())))) -> 2660 | BB90: =SUM(INDIRECT(BB$1&BB$2&$C90):INDIRECT(BB$1&BB$3&$C90)) -> 2990.4628 | BC90: =BA90-BB90 -> -330.4628 | BD90: =IFERROR(BA90/BB90,0) -> 0.88949443 | BE90: =SUM(INDIRECT(BE$1&BE$2&$A90):INDIRECT(BE$1&BE$3&$A90))+SUM(INDIRECT(BE$1&BE$2&$B90):INDIRECT(BE$1&BE$3&$B90)) -> 359 | BF90: =BA90-BE90 -> 2301 | BG90: =IFERROR(BA90/BE90,0) -> 7.4094708
A91: 89 | B91: 1 | C91: =ROW() -> 91 | E91: 1 | P91: Indirect | Q91: =Q89-Q90 -> 23876 | R91: =R89-R90 -> 9691 | S91: =S89-S90 -> 16299 | T91: =T89-T90 -> 24039 | U91: =U89-U90 -> 25878 | V91: =V89-V90 -> 34501 | W91: =W89-W90 -> 27536 | X91: =X89-X90 -> 24650 | ... AI91: =AI89-AI90 -> 298572 | AK91: =SUM((INDIRECT(AK$2&(ROW())):INDIRECT(AK$3&(ROW())))) -> 23876 | AL91: =SUM(INDIRECT(AL$1&AL$2&$C91):INDIRECT(AL$1&AL$3&$C91)) -> 16742.807 | AM91: =AK91-AL91 -> 7133.1927 | AN91: =IFERROR(AK91/AL91,0) -> 1.4260452 | AO91: =SUM(INDIRECT(AO$1&AO$2&$A91):INDIRECT(AO$1&AO$3&$A91))+SUM(INDIRECT(AO$1&AO$2&$B91):INDIRECT(AO$1&AO$3&$B91)) -> 359 | AP91: =AK91-AO91 -> 23517 | AQ91: =IFERROR(AK91/AO91,0) -> 66.506964 | AS91: =SUM((INDIRECT(AS$2&(ROW())):INDIRECT(AS$3&(ROW())))) -> 23876 | AT91: =SUM(INDIRECT(AT$1&AT$2&$C91):INDIRECT(AT$1&AT$3&$C91)) -> 16742.807 | AU91: =AS91-AT91 -> 7133.1927 | AV91: =IFERROR(AS91/AT91,0) -> 1.4260452 | AW91: =SUM(INDIRECT(AW$1&AW$2&$A91):INDIRECT(AW$1&AW$3&$A91))+SUM(INDIRECT(AW$1&AW$2&$B91):INDIRECT(AW$1&AW$3&$B91)) -> 359 | AX91: =AS91-AW91 -> 23517 | AY91: =IFERROR(AS91/AW91,0) -> 66.506964 | BA91: =SUM((INDIRECT(BA$2&(ROW())):INDIRECT(BA$3&(ROW())))) -> 23876 | BB91: =SUM(INDIRECT(BB$1&BB$2&$C91):INDIRECT(BB$1&BB$3&$C91)) -> 16742.807 | BC91: =BA91-BB91 -> 7133.1927 | BD91: =IFERROR(BA91/BB91,0) -> 1.4260452 | BE91: =SUM(INDIRECT(BE$1&BE$2&$A91):INDIRECT(BE$1&BE$3&$A91))+SUM(INDIRECT(BE$1&BE$2&$B91):INDIRECT(BE$1&BE$3&$B91)) -> 359 | BF91: =BA91-BE91 -> 23517 | BG91: =IFERROR(BA91/BE91,0) -> 66.506964
A92: 90 | B92: 1 | C92: =ROW() -> 92 | E92: 1 | O92: Field Service Cost | Q92: =(Q452+Q476)*-1 -> 4884 | R92: =(R452+R476)*-1 -> 5634 | S92: =(S452+S476)*-1 -> 6357 | T92: =(T452+T476)*-1 -> 6765 | U92: =(U452+U476)*-1 -> 5972 | V92: =(V452+V476)*-1 -> 6483 | W92: =(W452+W476)*-1 -> 6761 | X92: =(X452+X476)*-1 -> 6813 | ... AB92: =(AB452+AB476)*-1 -> 10718 | AC92: =SUM(Q92,R92,S92) -> 16875 | AD92: =SUM(T92,U92,V92) -> 19220 | AE92: =SUM(W92,X92,Y92) -> 20532 | AF92: =SUM(Z92,AA92,AB92) -> 24296 | AG92: =AC92+AD92 -> 36095 | AH92: =AF92+AE92 -> 44828 | AI92: =AG92+AH92 -> 80923 | AK92: =SUM((INDIRECT(AK$2&(ROW())):INDIRECT(AK$3&(ROW())))) -> 4884 | AL92: =SUM(INDIRECT(AL$1&AL$2&$C92):INDIRECT(AL$1&AL$3&$C92)) -> 5958.1464 | AM92: =AK92-AL92 -> -1074.1464 | AN92: =IFERROR(AK92/AL92,0) -> 0.81971803 | AO92: =SUM(INDIRECT(AO$1&AO$2&$A92):INDIRECT(AO$1&AO$3&$A92))+SUM(INDIRECT(AO$1&AO$2&$B92):INDIRECT(AO$1&AO$3&$B92)) -> 2451 | AP92: =AK92-AO92 -> 2433 | AQ92: =IFERROR(AK92/AO92,0) -> 1.9926561 | AS92: =SUM((INDIRECT(AS$2&(ROW())):INDIRECT(AS$3&(ROW())))) -> 4884 | AT92: =SUM(INDIRECT(AT$1&AT$2&$C92):INDIRECT(AT$1&AT$3&$C92)) -> 5958.1464 | AU92: =AS92-AT92 -> -1074.1464 | AV92: =IFERROR(AS92/AT92,0) -> 0.81971803 | AW92: =SUM(INDIRECT(AW$1&AW$2&$A92):INDIRECT(AW$1&AW$3&$A92))+SUM(INDIRECT(AW$1&AW$2&$B92):INDIRECT(AW$1&AW$3&$B92)) -> 2451 | AX92: =AS92-AW92 -> 2433 | AY92: =IFERROR(AS92/AW92,0) -> 1.9926561 | BA92: =SUM((INDIRECT(BA$2&(ROW())):INDIRECT(BA$3&(ROW())))) -> 4884 | BB92: =SUM(INDIRECT(BB$1&BB$2&$C92):INDIRECT(BB$1&BB$3&$C92)) -> 5958.1464 | BC92: =BA92-BB92 -> -1074.1464 | BD92: =IFERROR(BA92/BB92,0) -> 0.81971803 | BE92: =SUM(INDIRECT(BE$1&BE$2&$A92):INDIRECT(BE$1&BE$3&$A92))+SUM(INDIRECT(BE$1&BE$2&$B92):INDIRECT(BE$1&BE$3&$B92)) -> 2451 | BF92: =BA92-BE92 -> 2433 | BG92: =IFERROR(BA92/BE92,0) -> 1.9926561
A93: 91 | B93: 1 | C93: =ROW() -> 93 | E93: 1 | O93: Service Desk Cost | Q93: =(Q456+Q480)*-1 -> 33 | R93: =(R456+R480)*-1 -> 33 | S93: =(S456+S480)*-1 -> 33 | T93: =(T456+T480)*-1 -> 27 | U93: =(U456+U480)*-1 -> 27 | V93: =(V456+V480)*-1 -> 33 | W93: =(W456+W480)*-1 -> 33 | X93: =(X456+X480)*-1 -> 33 | ... AB93: =(AB456+AB480)*-1 -> 7 | AC93: =SUM(Q93,R93,S93) -> 99 | AD93: =SUM(T93,U93,V93) -> 87 | AE93: =SUM(W93,X93,Y93) -> 121 | AF93: =SUM(Z93,AA93,AB93) -> 70 | AG93: =AC93+AD93 -> 186 | AH93: =AF93+AE93 -> 191 | AI93: =AG93+AH93 -> 377 | AK93: =SUM((INDIRECT(AK$2&(ROW())):INDIRECT(AK$3&(ROW())))) -> 33 | AL93: =SUM(INDIRECT(AL$1&AL$2&$C93):INDIRECT(AL$1&AL$3&$C93)) -> 40 | AM93: =AK93-AL93 -> -7 | AN93: =IFERROR(AK93/AL93,0) -> 0.825 | AO93: =SUM(INDIRECT(AO$1&AO$2&$A93):INDIRECT(AO$1&AO$3&$A93))+SUM(INDIRECT(AO$1&AO$2&$B93):INDIRECT(AO$1&AO$3&$B93)) -> 45 | AP93: =AK93-AO93 -> -12 | AQ93: =IFERROR(AK93/AO93,0) -> 0.73333333 | AS93: =SUM((INDIRECT(AS$2&(ROW())):INDIRECT(AS$3&(ROW())))) -> 33 | AT93: =SUM(INDIRECT(AT$1&AT$2&$C93):INDIRECT(AT$1&AT$3&$C93)) -> 40 | AU93: =AS93-AT93 -> -7 | AV93: =IFERROR(AS93/AT93,0) -> 0.825 | AW93: =SUM(INDIRECT(AW$1&AW$2&$A93):INDIRECT(AW$1&AW$3&$A93))+SUM(INDIRECT(AW$1&AW$2&$B93):INDIRECT(AW$1&AW$3&$B93)) -> 45 | AX93: =AS93-AW93 -> -12 | AY93: =IFERROR(AS93/AW93,0) -> 0.73333333 | BA93: =SUM((INDIRECT(BA$2&(ROW())):INDIRECT(BA$3&(ROW())))) -> 33 | BB93: =SUM(INDIRECT(BB$1&BB$2&$C93):INDIRECT(BB$1&BB$3&$C93)) -> 40 | BC93: =BA93-BB93 -> -7 | BD93: =IFERROR(BA93/BB93,0) -> 0.825 | BE93: =SUM(INDIRECT(BE$1&BE$2&$A93):INDIRECT(BE$1&BE$3&$A93))+SUM(INDIRECT(BE$1&BE$2&$B93):INDIRECT(BE$1&BE$3&$B93)) -> 45 | BF93: =BA93-BE93 -> -12 | BG93: =IFERROR(BA93/BE93,0) -> 0.73333333
A94: 92 | B94: 1 | C94: =ROW() -> 94 | E94: 1 | O94: Depreciation & Amortization | Q94: =(Q459+Q483)*-1 -> 0 | R94: =(R459+R483)*-1 -> 0 | S94: =(S459+S483)*-1 -> 0 | T94: =(T459+T483)*-1 -> 0 | U94: =(U459+U483)*-1 -> 0 | V94: =(V459+V483)*-1 -> 0 | W94: =(W459+W483)*-1 -> 0 | X94: =(X459+X483)*-1 -> 0 | ... AB94: =(AB459+AB483)*-1 -> 0 | AC94: =SUM(Q94,R94,S94) -> 0 | AD94: =SUM(T94,U94,V94) -> 0 | AE94: =SUM(W94,X94,Y94) -> 0 | AF94: =SUM(Z94,AA94,AB94) -> 0 | AG94: =AC94+AD94 -> 0 | AH94: =AF94+AE94 -> 0 | AI94: =AG94+AH94 -> 0 | AK94: =SUM((INDIRECT(AK$2&(ROW())):INDIRECT(AK$3&(ROW())))) -> 0 | AL94: =SUM(INDIRECT(AL$1&AL$2&$C94):INDIRECT(AL$1&AL$3&$C94)) -> 0 | AM94: =AK94-AL94 -> 0 | AN94: =IFERROR(AK94/AL94,0) -> 0 | AO94: =SUM(INDIRECT(AO$1&AO$2&$A94):INDIRECT(AO$1&AO$3&$A94))+SUM(INDIRECT(AO$1&AO$2&$B94):INDIRECT(AO$1&AO$3&$B94)) -> 0 | AP94: =AK94-AO94 -> 0 | AQ94: =IFERROR(AK94/AO94,0) -> 0 | AS94: =SUM((INDIRECT(AS$2&(ROW())):INDIRECT(AS$3&(ROW())))) -> 0 | AT94: =SUM(INDIRECT(AT$1&AT$2&$C94):INDIRECT(AT$1&AT$3&$C94)) -> 0 | AU94: =AS94-AT94 -> 0 | AV94: =IFERROR(AS94/AT94,0) -> 0 | AW94: =SUM(INDIRECT(AW$1&AW$2&$A94):INDIRECT(AW$1&AW$3&$A94))+SUM(INDIRECT(AW$1&AW$2&$B94):INDIRECT(AW$1&AW$3&$B94)) -> 0 | AX94: =AS94-AW94 -> 0 | AY94: =IFERROR(AS94/AW94,0) -> 0 | BA94: =SUM((INDIRECT(BA$2&(ROW())):INDIRECT(BA$3&(ROW())))) -> 0 | BB94: =SUM(INDIRECT(BB$1&BB$2&$C94):INDIRECT(BB$1&BB$3&$C94)) -> 0 | BC94: =BA94-BB94 -> 0 | BD94: =IFERROR(BA94/BB94,0) -> 0 | BE94: =SUM(INDIRECT(BE$1&BE$2&$A94):INDIRECT(BE$1&BE$3&$A94))+SUM(INDIRECT(BE$1&BE$2&$B94):INDIRECT(BE$1&BE$3&$B94)) -> 0 | BF94: =BA94-BE94 -> 0 | BG94: =IFERROR(BA94/BE94,0) -> 0
A95: 93 | B95: 1 | C95: =ROW() -> 95 | E95: 1 | O95: Others | Q95: =Q88-Q89-Q92-Q93-Q94 -> 0 | R95: =R88-R89-R92-R93-R94 -> 0 | S95: =S88-S89-S92-S93-S94 -> 0 | T95: =T88-T89-T92-T93-T94 -> 0 | U95: =U88-U89-U92-U93-U94 -> 0 | V95: =V88-V89-V92-V93-V94 -> 0 | W95: =W88-W89-W92-W93-W94 -> 0 | X95: =X88-X89-X92-X93-X94 -> 0 | ... AB95: =AB88-AB89-AB92-AB93-AB94 -> 0 | AC95: =SUM(Q95,R95,S95) -> 0 | AD95: =SUM(T95,U95,V95) -> 0 | AE95: =SUM(W95,X95,Y95) -> 0 | AF95: =SUM(Z95,AA95,AB95) -> 0 | AG95: =AC95+AD95 -> 0 | AH95: =AF95+AE95 -> 0 | AI95: =AG95+AH95 -> 0 | AK95: =SUM((INDIRECT(AK$2&(ROW())):INDIRECT(AK$3&(ROW())))) -> 0 | AL95: =SUM(INDIRECT(AL$1&AL$2&$C95):INDIRECT(AL$1&AL$3&$C95)) -> -1.8189894e-12 | AM95: =AK95-AL95 -> 1.8189894e-12 | AN95: =IFERROR(AK95/AL95,0) -> 0 | AO95: =SUM(INDIRECT(AO$1&AO$2&$A95):INDIRECT(AO$1&AO$3&$A95))+SUM(INDIRECT(AO$1&AO$2&$B95):INDIRECT(AO$1&AO$3&$B95)) -> 0 | AP95: =AK95-AO95 -> 0 | AQ95: =IFERROR(AK95/AO95,0) -> 0 | AS95: =SUM((INDIRECT(AS$2&(ROW())):INDIRECT(AS$3&(ROW())))) -> 0 | AT95: =SUM(INDIRECT(AT$1&AT$2&$C95):INDIRECT(AT$1&AT$3&$C95)) -> -1.8189894e-12 | AU95: =AS95-AT95 -> 1.8189894e-12 | AV95: =IFERROR(AS95/AT95,0) -> 0 | AW95: =SUM(INDIRECT(AW$1&AW$2&$A95):INDIRECT(AW$1&AW$3&$A95))+SUM(INDIRECT(AW$1&AW$2&$B95):INDIRECT(AW$1&AW$3&$B95)) -> 0 | AX95: =AS95-AW95 -> 0 | AY95: =IFERROR(AS95/AW95,0) -> 0 | BA95: =SUM((INDIRECT(BA$2&(ROW())):INDIRECT(BA$3&(ROW())))) -> 0 | BB95: =SUM(INDIRECT(BB$1&BB$2&$C95):INDIRECT(BB$1&BB$3&$C95)) -> -1.8189894e-12 | BC95: =BA95-BB95 -> 1.8189894e-12 | BD95: =IFERROR(BA95/BB95,0) -> 0 | BE95: =SUM(INDIRECT(BE$1&BE$2&$A95):INDIRECT(BE$1&BE$3&$A95))+SUM(INDIRECT(BE$1&BE$2&$B95):INDIRECT(BE$1&BE$3&$B95)) -> 0 | BF95: =BA95-BE95 -> 0 | BG95: =IFERROR(BA95/BE95,0) -> 0
A96: 94 | B96: 1 | C96: =ROW() -> 96 | E96: 1 | M96: Others | O96: For KMJ Only | Q96: =Q419+Q435-Q460-Q484 -> 0 | R96: =R419+R435-R460-R484 -> 0 | S96: =S419+S435-S460-S484 -> 0 | T96: =T419+T435-T460-T484 -> 0 | U96: =U419+U435-U460-U484 -> 0 | V96: =V419+V435-V460-V484 -> 0 | W96: =W419+W435-W460-W484 -> 0 | X96: =X419+X435-X460-X484 -> 0 | ... AB96: =AB419+AB435-AB460-AB484 -> 0 | AC96: =SUM(Q96,R96,S96) -> 0 | AD96: =SUM(T96,U96,V96) -> 0 | AE96: =SUM(W96,X96,Y96) -> 0 | AF96: =SUM(Z96,AA96,AB96) -> 0 | AG96: =AC96+AD96 -> 0 | AH96: =AF96+AE96 -> 0 | AI96: =AG96+AH96 -> 0 | AK96: =SUM((INDIRECT(AK$2&(ROW())):INDIRECT(AK$3&(ROW())))) -> 0 | AL96: =SUM(INDIRECT(AL$1&AL$2&$C96):INDIRECT(AL$1&AL$3&$C96)) -> 0 | AM96: =AK96-AL96 -> 0 | AN96: =IFERROR(AK96/AL96,0) -> 0 | AO96: =SUM(INDIRECT(AO$1&AO$2&$A96):INDIRECT(AO$1&AO$3&$A96))+SUM(INDIRECT(AO$1&AO$2&$B96):INDIRECT(AO$1&AO$3&$B96)) -> 0 | AP96: =AK96-AO96 -> 0 | AQ96: =IFERROR(AK96/AO96,0) -> 0 | AS96: =SUM((INDIRECT(AS$2&(ROW())):INDIRECT(AS$3&(ROW())))) -> 0 | AT96: =SUM(INDIRECT(AT$1&AT$2&$C96):INDIRECT(AT$1&AT$3&$C96)) -> 0 | AU96: =AS96-AT96 -> 0 | AV96: =IFERROR(AS96/AT96,0) -> 0 | AW96: =SUM(INDIRECT(AW$1&AW$2&$A96):INDIRECT(AW$1&AW$3&$A96))+SUM(INDIRECT(AW$1&AW$2&$B96):INDIRECT(AW$1&AW$3&$B96)) -> 0 | AX96: =AS96-AW96 -> 0 | AY96: =IFERROR(AS96/AW96,0) -> 0 | BA96: =SUM((INDIRECT(BA$2&(ROW())):INDIRECT(BA$3&(ROW())))) -> 0 | BB96: =SUM(INDIRECT(BB$1&BB$2&$C96):INDIRECT(BB$1&BB$3&$C96)) -> 0 | BC96: =BA96-BB96 -> 0 | BD96: =IFERROR(BA96/BB96,0) -> 0 | BE96: =SUM(INDIRECT(BE$1&BE$2&$A96):INDIRECT(BE$1&BE$3&$A96))+SUM(INDIRECT(BE$1&BE$2&$B96):INDIRECT(BE$1&BE$3&$B96)) -> 0 | BF96: =BA96-BE96 -> 0 | BG96: =IFERROR(BA96/BE96,0) -> 0
A97: 95 | B97: 1 | C97: =ROW() -> 97 | D97: RF | E97: 1 | I97: Gross Profit | Q97: =SUM(Q102:Q104) -> 50124 | R97: =SUM(R102:R104) -> 28437 | S97: =SUM(S102:S104) -> 44025 | T97: =SUM(T102:T104) -> 59085 | U97: =SUM(U102:U104) -> 64306 | V97: =SUM(V102:V104) -> 94255 | W97: =SUM(W102:W104) -> 58518 | X97: =SUM(X102:X104) -> 74102 | ... AB97: =SUM(AB102:AB104) -> 52195 | AC97: =SUM(Q97,R97,S97) -> 122586 | AD97: =SUM(T97,U97,V97) -> 217646 | AE97: =SUM(W97,X97,Y97) -> 221176 | AF97: =SUM(Z97,AA97,AB97) -> 149015 | AG97: =SUM(AG102:AG104) -> 340232 | AH97: =SUM(AH102:AH104) -> 370191 | AI97: =SUM(AI102:AI104) -> 710423 | AK97: =SUM((INDIRECT(AK$2&(ROW())):INDIRECT(AK$3&(ROW())))) -> 50124 | AL97: =SUM(INDIRECT(AL$1&AL$2&$C97):INDIRECT(AL$1&AL$3&$C97)) -> 46892.927 | AM97: =AK97-AL97 -> 3231.0731 | AN97: =IFERROR(AK97/AL97,0) -> 1.0689032 | AO97: =SUM(INDIRECT(AO$1&AO$2&$A97):INDIRECT(AO$1&AO$3&$A97))+SUM(INDIRECT(AO$1&AO$2&$B97):INDIRECT(AO$1&AO$3&$B97)) -> 5362 | AP97: =AK97-AO97 -> 44762 | AQ97: =IFERROR(AK97/AO97,0) -> 9.3480045 | AS97: =SUM((INDIRECT(AS$2&(ROW())):INDIRECT(AS$3&(ROW())))) -> 50124 | AT97: =SUM(INDIRECT(AT$1&AT$2&$C97):INDIRECT(AT$1&AT$3&$C97)) -> 46892.927 | AU97: =AS97-AT97 -> 3231.0731 | AV97: =IFERROR(AS97/AT97,0) -> 1.0689032 | AW97: =SUM(INDIRECT(AW$1&AW$2&$A97):INDIRECT(AW$1&AW$3&$A97))+SUM(INDIRECT(AW$1&AW$2&$B97):INDIRECT(AW$1&AW$3&$B97)) -> 5362 | AX97: =AS97-AW97 -> 44762 | AY97: =IFERROR(AS97/AW97,0) -> 9.3480045 | BA97: =SUM((INDIRECT(BA$2&(ROW())):INDIRECT(BA$3&(ROW())))) -> 50124 | BB97: =SUM(INDIRECT(BB$1&BB$2&$C97):INDIRECT(BB$1&BB$3&$C97)) -> 46892.927 | BC97: =BA97-BB97 -> 3231.0731 | BD97: =IFERROR(BA97/BB97,0) -> 1.0689032 | BE97: =SUM(INDIRECT(BE$1&BE$2&$A97):INDIRECT(BE$1&BE$3&$A97))+SUM(INDIRECT(BE$1&BE$2&$B97):INDIRECT(BE$1&BE$3&$B97)) -> 5362 | BF97: =BA97-BE97 -> 44762 | BG97: =IFERROR(BA97/BE97,0) -> 9.3480045
A98: 96 | B98: 1 | C98: =ROW() -> 98 | D98: RF | E98: 1 | J98: (%) | O98: (Formula: Gross Profit / Net Sales) | Q98: =IFERROR(Q97/Q76,0) -> 0.33628532 | R98: =IFERROR(R97/R76,0) -> 0.37894274 | S98: =IFERROR(S97/S76,0) -> 0.3515756 | T98: =IFERROR(T97/T76,0) -> 0.3668167 | U98: =IFERROR(U97/U76,0) -> 0.34569773 | V98: =IFERROR(V97/V76,0) -> 0.35948161 | W98: =IFERROR(W97/W76,0) -> 0.35947588 | X98: =IFERROR(X97/X76,0) -> 0.36502909 | ... AI98: =IFERROR(AI97/AI76,0) -> 0.33005611 | AK98: =IFERROR(AK97/AK76,0) -> 0.33628532 | AL98: =IFERROR(AL97/AL76,0) -> 0.36683908 | AM98: =AK98-AL98 -> -0.030553753 | AO98: =IFERROR(AO97/AO76,0) -> 0.33349919 | AP98: =AK98-AO98 -> 0.0027861318 | AS98: =IFERROR(AS97/AS76,0) -> 0.33628532 | AT98: =IFERROR(AT97/AT76,0) -> 0.36683908 | AU98: =AS98-AT98 -> -0.030553753 | AW98: =IFERROR(AW97/AW76,0) -> 0.33349919 | AX98: =AS98-AW98 -> 0.0027861318 | BA98: =IFERROR(BA97/BA76,0) -> 0.33628532 | BB98: =IFERROR(BB97/BB76,0) -> 0.36683908 | BC98: =BA98-BB98 -> -0.030553753 | BE98: =IFERROR(BE97/BE76,0) -> 0.33349919 | BF98: =BA98-BE98 -> 0.0027861318
A99: 97 | B99: 1 | C99: =ROW() -> 99 | D99: RF | E99: 1 | M99: Hard (%) | Q99: =IFERROR(Q102/Q77,0) -> 0.29058814 | R99: =IFERROR(R102/R77,0) -> 0.39959515 | S99: =IFERROR(S102/S77,0) -> 0.33118018 | T99: =IFERROR(T102/T77,0) -> 0.34050218 | U99: =IFERROR(U102/U77,0) -> 0.30557653 | V99: =IFERROR(V102/V77,0) -> 0.32648571 | W99: =IFERROR(W102/W77,0) -> 0.31608665 | X99: =IFERROR(X102/X77,0) -> 0.35410238 | ... AI99: =IFERROR(AI102/AI77,0) -> 0.29018502 | AK99: =IFERROR(AK102/AK77,0) -> 0.29058814 | AL99: =IFERROR(AL102/AL77,0) -> 0.31818048 | AM99: =AK99-AL99 -> -0.027592344 | AO99: =IFERROR(AO102/AO77,0) -> 0.48169131 | AP99: =AK99-AO99 -> -0.19110317 | AS99: =IFERROR(AS102/AS77,0) -> 0.29058814 | AT99: =IFERROR(AT102/AT77,0) -> 0.31818048 | AU99: =AS99-AT99 -> -0.027592344 | AW99: =IFERROR(AW102/AW77,0) -> 0.48169131 | AX99: =AS99-AW99 -> -0.19110317 | BA99: =IFERROR(BA102/BA77,0) -> 0.29058814 | BB99: =IFERROR(BB102/BB77,0) -> 0.31818048 | BC99: =BA99-BB99 -> -0.027592344 | BE99: =IFERROR(BE102/BE77,0) -> 0.48169131 | BF99: =BA99-BE99 -> -0.19110317
A100: 98 | B100: 1 | C100: =ROW() -> 100 | D100: RF | E100: 1 | M100: Non-hard (%) | Q100: =IFERROR(Q103/Q78,0) -> 0.41686751 | R100: =IFERROR(R103/R78,0) -> 0.34029691 | S100: =IFERROR(S103/S78,0) -> 0.38929595 | T100: =IFERROR(T103/T78,0) -> 0.41210156 | U100: =IFERROR(U103/U78,0) -> 0.42427279 | V100: =IFERROR(V103/V78,0) -> 0.43289016 | W100: =IFERROR(W103/W78,0) -> 0.42072204 | X100: =IFERROR(X103/X78,0) -> 0.39004196 | ... AI100: =IFERROR(AI103/AI78,0) -> 0.4078229 | AK100: =IFERROR(AK103/AK78,0) -> 0.41686751 | AL100: =IFERROR(AL103/AL78,0) -> 0.45091089 | AM100: =AK100-AL100 -> -0.03404338 | AO100: =IFERROR(AO103/AO78,0) -> -1.0037406 | AP100: =AK100-AO100 -> 1.4206082 | AS100: =IFERROR(AS103/AS78,0) -> 0.41686751 | AT100: =IFERROR(AT103/AT78,0) -> 0.45091089 | AU100: =AS100-AT100 -> -0.03404338 | AW100: =IFERROR(AW103/AW78,0) -> -1.0037406 | AX100: =AS100-AW100 -> 1.4206082 | BA100: =IFERROR(BA103/BA78,0) -> 0.41686751 | BB100: =IFERROR(BB103/BB78,0) -> 0.45091089 | BC100: =BA100-BB100 -> -0.03404338 | BE100: =IFERROR(BE103/BE78,0) -> -1.0037406 | BF100: =BA100-BE100 -> 1.4206082
A101: 99 | B101: 1 | C101: =ROW() -> 101 | D101: RF | E101: 1 | M101: Others (%) | Q101: =IFERROR(Q104/Q79,0) -> 0 | R101: =IFERROR(R104/R79,0) -> 0 | S101: =IFERROR(S104/S79,0) -> 0 | T101: =IFERROR(T104/T79,0) -> 0 | U101: =IFERROR(U104/U79,0) -> 0 | V101: =IFERROR(V104/V79,0) -> 0 | W101: =IFERROR(W104/W79,0) -> 0 | X101: =IFERROR(X104/X79,0) -> 0 | ... AI101: =IFERROR(AI104/AI79,0) -> 0 | AK101: =IFERROR(AK104/AK79,0) -> 0 | AL101: =IFERROR(AL104/AL79,0) -> 0 | AM101: =AK101-AL101 -> 0 | AO101: =IFERROR(AO104/AO79,0) -> 0 | AP101: =AK101-AO101 -> 0 | AS101: =IFERROR(AS104/AS79,0) -> 0 | AT101: =IFERROR(AT104/AT79,0) -> 0 | AU101: =AS101-AT101 -> 0 | AW101: =IFERROR(AW104/AW79,0) -> 0 | AX101: =AS101-AW101 -> 0 | BA101: =IFERROR(BA104/BA79,0) -> 0 | BB101: =IFERROR(BB104/BB79,0) -> 0 | BC101: =BA101-BB101 -> 0 | BE101: =IFERROR(BE104/BE79,0) -> 0 | BF101: =BA101-BE101 -> 0
...

Sheet Purchase
A2: ='PL,HC,INV'!F4 -> FY2021 Monthly Actual ver1.0 | H2: Input fields
B4: Detail of Purchase | G4: Not include Incidental Cost
B5: KMJ/BUS/BEU Stand Alone/BAU/BCN/BHK/BSA/BME/BIN/BBR ONLY
B7: (Unit: 1,000 Local currency) | H7: ='PL,HC,INV'!Q10 -> 43922 | I7: ='PL,HC,INV'!R10 -> 43952 | J7: ='PL,HC,INV'!S10 -> 43983 | K7: ='PL,HC,INV'!T10 -> 44013 | L7: ='PL,HC,INV'!U10 -> 44044 | M7: ='PL,HC,INV'!V10 -> 44075 | N7: ='PL,HC,INV'!W10 -> 44105 | O7: ='PL,HC,INV'!X10 -> 44136 | ... Z7: ='PL,HC,INV'!AI10 -> Yr.
B8: Total Purchase amount (①+②+③+④) | H8: =SUM(H10,H34,H35,H36) -> 509337.66 | I8: =SUM(I10,I34,I35,I36) -> 364047.46 | J8: =SUM(J10,J34,J35,J36) -> 397299.29 | K8: =SUM(K10,K34,K35,K36) -> 203605.06 | L8: =SUM(L10,L34,L35,L36) -> 275588.72 | M8: =SUM(M10,M34,M35,M36) -> 255679.67 | N8: =SUM(N10,N34,N35,N36) -> 251464.96 | O8: =SUM(O10,O34,O35,O36) -> 325534.65 | ... S8: =SUM(S10,S34,S35,S36) -> 254138.21 | T8: =SUM(H8:J8) -> 1270684.4 | U8: =SUM(K8:M8) -> 734873.44 | V8: =SUM(N8:P8) -> 951147.03 | W8: =SUM(Q8:S8) -> 908611.08 | X8: =SUM(T8:U8) -> 2005557.8 | Y8: =SUM(V8:W8) -> 1859758.1 | Z8: =SUM(X8:Y8) -> 3865316
C9: Total BT-Gr Purchase amount（①+②+③） | H9: =H10+H34+H35 -> 503140.98 | I9: =I10+I34+I35 -> 362842.43 | J9: =J10+J34+J35 -> 394429.46 | K9: =K10+K34+K35 -> 201972.37 | L9: =L10+L34+L35 -> 268192.81 | M9: =M10+M34+M35 -> 253562.02 | N9: =N10+N34+N35 -> 243111.44 | O9: =O10+O34+O35 -> 316812.76 | ... S9: =S10+S34+S35 -> 248004.83 | T9: =SUM(H9:J9) -> 1260412.9 | U9: =SUM(K9:M9) -> 723727.2 | V9: =SUM(N9:P9) -> 930796.25 | W9: =SUM(Q9:S9) -> 897399.52 | X9: =SUM(T9:U9) -> 1984140.1 | Y9: =SUM(V9:W9) -> 1828195.8 | Z9: =SUM(X9:Y9) -> 3812335.8
D10: ①Supplier = BT | H10: =H11+H20+H29+H32+H33 -> 500112.91 | I10: =I11+I20+I29+I32+I33 -> 309095.38 | J10: =J11+J20+J29+J32+J33 -> 391333.46 | K10: =K11+K20+K29+K32+K33 -> 198486.31 | L10: =L11+L20+L29+L32+L33 -> 266219.19 | M10: =M11+M20+M29+M32+M33 -> 235787.81 | N10: =N11+N20+N29+N32+N33 -> 236622.05 | O10: =O11+O20+O29+O32+O33 -> 303116.65 | ... Z10: =Z11+Z20+Z29+Z32+Z33 -> 3640795.7
D11: (1) Office | H11: =H12+H16 -> 190783.83 | I11: =I12+I16 -> 95463.801 | J11: =J12+J16 -> 108056.88 | K11: =K12+K16 -> 23361.028 | L11: =L12+L16 -> 76744.272 | M11: =M12+M16 -> 84288.61 | N11: =N12+N16 -> 47302.799 | O11: =O12+O16 -> 124095.68 | ... Z11: =Z12+Z16 -> 1130331.9
E12: RR | H12: =SUM(H13:H15) -> 186802.67 | I12: =SUM(I13:I15) -> 91433.53 | J12: =SUM(J13:J15) -> 103861.3 | K12: =SUM(K13:K15) -> 22984.581 | L12: =SUM(L13:L15) -> 73822.921 | M12: =SUM(M13:M15) -> 79047.61 | N12: =SUM(N13:N15) -> 41946.12 | O12: =SUM(O13:O15) -> 121042.75 | ... Z12: =SUM(Z13:Z15) -> 1080196.4
F13: Machine | H13: 141768.2 | I13: 60352.273 | J13: 88582.426 | K13: 15467.618 | L13: 30019.145 | M13: 48671.071 | N13: 30984.55 | O13: 84899.458 | P13: 68986.165 | Q13: 34253.479 | R13: 111704.86 | S13: 13495.458 | T13: =SUM(H13:J13) -> 290702.9 | U13: =SUM(K13:M13) -> 94157.834 | V13: =SUM(N13:P13) -> 184870.17 | W13: =SUM(Q13:S13) -> 159453.8 | X13: =SUM(T13:U13) -> 384860.73 | Y13: =SUM(V13:W13) -> 344323.97 | Z13: =SUM(X13:Y13) -> 729184.71
F14: Option | H14: 1590.4 | I14: 1880.429 | J14: 329.999 | K14: 5670.419 | L14: 5820.38 | M14: 2199.065 | N14: 4586.07 | O14: 10233.762 | P14: 15438.944 | Q14: 8786.732 | R14: 17375.331 | S14: 4291.615 | T14: =SUM(H14:J14) -> 3800.828 | U14: =SUM(K14:M14) -> 13689.864 | V14: =SUM(N14:P14) -> 30258.776 | W14: =SUM(Q14:S14) -> 30453.678 | X14: =SUM(T14:U14) -> 17490.692 | Y14: =SUM(V14:W14) -> 60712.454 | Z14: =SUM(X14:Y14) -> 78203.146
F15: Supplies | H15: 43444.072 | I15: 29200.828 | J15: 14948.874 | K15: 1846.544 | L15: 37983.396 | M15: 28177.474 | N15: 6375.5 | O15: 25909.526 | P15: 23945.775 | Q15: 22051.099 | R15: 22029.094 | S15: 16896.387 | T15: =SUM(H15:J15) -> 87593.774 | U15: =SUM(K15:M15) -> 68007.414 | V15: =SUM(N15:P15) -> 56230.801 | W15: =SUM(Q15:S15) -> 60976.58 | X15: =SUM(T15:U15) -> 155601.19 | Y15: =SUM(V15:W15) -> 117207.38 | Z15: =SUM(X15:Y15) -> 272808.57
E16: Non-RR | H16: =SUM(H17:H19) -> 3981.1533 | I16: =SUM(I17:I19) -> 4030.2705 | J16: =SUM(J17:J19) -> 4195.5783 | K16: =SUM(K17:K19) -> 376.44676 | L16: =SUM(L17:L19) -> 2921.3507 | M16: =SUM(M17:M19) -> 5241 | N16: =SUM(N17:N19) -> 5356.6788 | O16: =SUM(O17:O19) -> 3052.9371 | ... Z16: =SUM(Z17:Z19) -> 50135.453
F17: Others | T17: =SUM(H17:J17) -> 0 | U17: =SUM(K17:M17) -> 0 | V17: =SUM(N17:P17) -> 0 | W17: =SUM(Q17:S17) -> 0 | X17: =SUM(T17:U17) -> 0 | Y17: =SUM(V17:W17) -> 0 | Z17: =SUM(X17:Y17) -> 0
F18: BT Support/Discount | T18: =SUM(H18:J18) -> 0 | U18: =SUM(K18:M18) -> 0 | V18: =SUM(N18:P18) -> 0 | W18: =SUM(Q18:S18) -> 0 | X18: =SUM(T18:U18) -> 0 | Y18: =SUM(V18:W18) -> 0 | Z18: =SUM(X18:Y18) -> 0
F19: Parts | H19: 3981.1533 | I19: 4030.2705 | J19: 4195.5783 | K19: 376.44676 | L19: 2921.3507 | M19: 5241 | N19: 5356.6788 | O19: 3052.9371 | P19: 9314.9581 | Q19: 3279.0545 | R19: 4354.1793 | S19: 4031.8457 | T19: =SUM(H19:J19) -> 12207.002 | U19: =SUM(K19:M19) -> 8538.7975 | V19: =SUM(N19:P19) -> 17724.574 | W19: =SUM(Q19:S19) -> 11665.08 | X19: =SUM(T19:U19) -> 20745.8 | Y19: =SUM(V19:W19) -> 29389.654 | Z19: =SUM(X19:Y19) -> 50135.453
D20: (2) PP | H20: =H21+H25 -> 308348.65 | I20: =I21+I25 -> 213167.14 | J20: =J21+J25 -> 282244.73 | K20: =K21+K25 -> 168952.47 | L20: =L21+L25 -> 188541.87 | M20: =M21+M25 -> 133820.87 | N20: =N21+N25 -> 178255.41 | O20: =O21+O25 -> 178316.38 | ... Z20: =Z21+Z25 -> 2462227.1
E21: RR | H21: =SUM(H22:H24) -> 262707.85 | I21: =SUM(I22:I24) -> 174830.78 | J21: =SUM(J22:J24) -> 253408.08 | K21: =SUM(K22:K24) -> 167774.13 | L21: =SUM(L22:L24) -> 165227.89 | M21: =SUM(M22:M24) -> 91848.77 | N21: =SUM(N22:N24) -> 145105.56 | O21: =SUM(O22:O24) -> 164017.31 | ... Z21: =SUM(Z22:Z24) -> 2074023.9
F22: Machine | H22: 82025.222 | I22: 49854.921 | J22: 69201.162 | K22: 35118.738 | L22: 49202.187 | M22: 16173.477 | N22: 9876.422 | O22: 44972.397 | P22: 38822.858 | Q22: 13022.898 | R22: 41940.779 | S22: 53002.715 | T22: =SUM(H22:J22) -> 201081.3 | U22: =SUM(K22:M22) -> 100494.4 | V22: =SUM(N22:P22) -> 93671.677 | W22: =SUM(Q22:S22) -> 107966.39 | X22: =SUM(T22:U22) -> 301575.71 | Y22: =SUM(V22:W22) -> 201638.07 | Z22: =SUM(X22:Y22) -> 503213.78
F23: Option | H23: 1536.201 | I23: 6107.285 | J23: 3154.997 | K23: 10150.774 | L23: 11085.712 | M23: 6277.505 | N23: 4833.341 | O23: 20716.88 | P23: 20541.057 | Q23: 5993.557 | R23: 24824.152 | S23: 5813.945 | T23: =SUM(H23:J23) -> 10798.483 | U23: =SUM(K23:M23) -> 27513.991 | V23: =SUM(N23:P23) -> 46091.278 | W23: =SUM(Q23:S23) -> 36631.654 | X23: =SUM(T23:U23) -> 38312.474 | Y23: =SUM(V23:W23) -> 82722.932 | Z23: =SUM(X23:Y23) -> 121035.41
F24: Supplies | H24: 179146.43 | I24: 118868.57 | J24: 181051.92 | K24: 122504.62 | L24: 104940 | M24: 69397.788 | N24: 130395.8 | O24: 98328.036 | P24: 128314.45 | Q24: 95116.99 | R24: 115442.6 | S24: 106267.49 | T24: =SUM(H24:J24) -> 479066.92 | U24: =SUM(K24:M24) -> 296842.4 | V24: =SUM(N24:P24) -> 357038.29 | W24: =SUM(Q24:S24) -> 316827.08 | X24: =SUM(T24:U24) -> 775909.32 | Y24: =SUM(V24:W24) -> 673865.36 | Z24: =SUM(X24:Y24) -> 1449774.7
E25: Non-RR | H25: =SUM(H26:H28) -> 45640.802 | I25: =SUM(I26:I28) -> 38336.365 | J25: =SUM(J26:J28) -> 28836.654 | K25: =SUM(K26:K28) -> 1178.3447 | L25: =SUM(L26:L28) -> 23313.978 | M25: =SUM(M26:M28) -> 41972.096 | N25: =SUM(N26:N28) -> 33149.851 | O25: =SUM(O26:O28) -> 14299.062 | ... Z25: =SUM(Z26:Z28) -> 388203.22
F26: Others | T26: =SUM(H26:J26) -> 0 | U26: =SUM(K26:M26) -> 0 | V26: =SUM(N26:P26) -> 0 | W26: =SUM(Q26:S26) -> 0 | X26: =SUM(T26:U26) -> 0 | Y26: =SUM(V26:W26) -> 0 | Z26: =SUM(X26:Y26) -> 0
F27: BT Support/Discount | T27: =SUM(H27:J27) -> 0 | U27: =SUM(K27:M27) -> 0 | V27: =SUM(N27:P27) -> 0 | W27: =SUM(Q27:S27) -> 0 | X27: =SUM(T27:U27) -> 0 | Y27: =SUM(V27:W27) -> 0 | Z27: =SUM(X27:Y27) -> 0
F28: Parts | H28: 45640.802 | I28: 38336.365 | J28: 28836.654 | K28: 1178.3447 | L28: 23313.978 | M28: 41972.096 | N28: 33149.851 | O28: 14299.062 | P28: 45793.745 | Q28: 40986.277 | R28: 47545.146 | S28: 27150.905 | T28: =SUM(H28:J28) -> 112813.82 | U28: =SUM(K28:M28) -> 66464.418 | V28: =SUM(N28:P28) -> 93242.657 | W28: =SUM(Q28:S28) -> 115682.33 | X28: =SUM(T28:U28) -> 179278.24 | Y28: =SUM(V28:W28) -> 208924.99 | Z28: =SUM(X28:Y28) -> 388203.22
D29: (3) IP | H29: =SUM(H30:H31) -> 936.42985 | I29: =SUM(I30:I31) -> 402.2826 | J29: =SUM(J30:J31) -> 1031.8491 | K29: =SUM(K30:K31) -> 6172.8044 | L29: =SUM(L30:L31) -> 933.04207 | M29: =SUM(M30:M31) -> 17678.335 | N29: =SUM(N30:N31) -> 11063.835 | O29: =SUM(O30:O31) -> 704.59011 | ... Z29: =SUM(Z30:Z31) -> 48130.549
E30: RR | F30: Label Printer | I30: 247.765 | J30: 994.868 | K30: 3150 | S30: 3150 | T30: =SUM(H30:J30) -> 1242.633 | U30: =SUM(K30:M30) -> 3150 | V30: =SUM(N30:P30) -> 0 | W30: =SUM(Q30:S30) -> 3150 | X30: =SUM(T30:U30) -> 4392.633 | Y30: =SUM(V30:W30) -> 3150 | Z30: =SUM(X30:Y30) -> 7542.633
E31: Non-RR | F31: Others(KM1,EFI/LF,Textile,others) | H31: 936.42985 | I31: 154.5176 | J31: 36.98112 | K31: 3022.8044 | L31: 933.04207 | M31: 17678.335 | N31: 11063.835 | O31: 704.59011 | P31: 2067.3501 | Q31: 1721.6433 | R31: 474.93878 | S31: 1793.4486 | T31: =SUM(H31:J31) -> 1127.9286 | U31: =SUM(K31:M31) -> 21634.181 | V31: =SUM(N31:P31) -> 13835.776 | W31: =SUM(Q31:S31) -> 3990.0307 | X31: =SUM(T31:U31) -> 22762.11 | Y31: =SUM(V31:W31) -> 17825.806 | Z31: =SUM(X31:Y31) -> 40587.916
D32: (4) MS | T32: =SUM(H32:J32) -> 0 | U32: =SUM(K32:M32) -> 0 | V32: =SUM(N32:P32) -> 0 | W32: =SUM(Q32:S32) -> 0 | X32: =SUM(T32:U32) -> 0 | Y32: =SUM(V32:W32) -> 0 | Z32: =SUM(X32:Y32) -> 0
A33: Chg | D33: (5) DW-DX | H33: 44 | I33: 62.152 | T33: =SUM(H33:J33) -> 106.152 | U33: =SUM(K33:M33) -> 0 | V33: =SUM(N33:P33) -> 0 | W33: =SUM(Q33:S33) -> 0 | X33: =SUM(T33:U33) -> 106.152 | Y33: =SUM(V33:W33) -> 0 | Z33: =SUM(X33:Y33) -> 106.152
D34: ②Other BT-Gr Suppliers (BSF/BCUS) | I34: 52773.571 | J34: 3096.0006 | L34: 1973.628 | M34: 17774.206 | N34: 4540.5912 | O34: 13696.114 | P34: 17287.582 | Q34: 6750.65 | R34: 26966.589 | S34: 10845.825 | T34: =SUM(H34:J34) -> 55869.571 | U34: =SUM(K34:M34) -> 19747.834 | V34: =SUM(N34:P34) -> 35524.288 | W34: =SUM(Q34:S34) -> 44563.064 | X34: =SUM(T34:U34) -> 75617.405 | Y34: =SUM(V34:W34) -> 80087.352 | Z34: =SUM(X34:Y34) -> 155704.76
D35: ③Other BT-Gr Suppliers (MGI) | H35: 3028.0675 | I35: 973.48198 | K35: 3486.0626 | N35: 1948.806 | P35: 359.15542 | Q35: 4774.6387 | S35: 1265.1979 | T35: =SUM(H35:J35) -> 4001.5495 | U35: =SUM(K35:M35) -> 3486.0626 | V35: =SUM(N35:P35) -> 2307.9614 | W35: =SUM(Q35:S35) -> 6039.8366 | X35: =SUM(T35:U35) -> 7487.6121 | Y35: =SUM(V35:W35) -> 8347.798 | Z35: =SUM(X35:Y35) -> 15835.41
C36: ④Other (3rd Party） Suppliers | H36: 6196.6838 | I36: 1205.0228 | J36: 2869.8274 | K36: 1632.6916 | L36: 7395.9041 | M36: 2117.6487 | N36: 8353.5135 | O36: 8721.8842 | P36: 3275.3885 | Q36: 1390.5562 | R36: 3687.6282 | S36: 6133.3749 | T36: =SUM(H36:J36) -> 10271.534 | U36: =SUM(K36:M36) -> 11146.244 | V36: =SUM(N36:P36) -> 20350.786 | W36: =SUM(Q36:S36) -> 11211.559 | X36: =SUM(T36:U36) -> 21417.778 | Y36: =SUM(V36:W36) -> 31562.345 | Z36: =SUM(X36:Y36) -> 52980.124
B38: Additional Purchase information
B39: KMJ/BEU Stand Alone/BCN
B40: (Unit: 1,000 Local currency) | H40: ='PL,HC,INV'!Q10 -> 43922 | I40: ='PL,HC,INV'!R10 -> 43952 | J40: ='PL,HC,INV'!S10 -> 43983 | K40: ='PL,HC,INV'!T10 -> 44013 | L40: ='PL,HC,INV'!U10 -> 44044 | M40: ='PL,HC,INV'!V10 -> 44075 | N40: ='PL,HC,INV'!W10 -> 44105 | O40: ='PL,HC,INV'!X10 -> 44136 | ... Z40: ='PL,HC,INV'!AI10 -> Yr.
B41: ①Supplier = BT | H41: =H10 -> 500112.91 | I41: =I10 -> 309095.38 | J41: =J10 -> 391333.46 | K41: =K10 -> 198486.31 | L41: =L10 -> 266219.19 | M41: =M10 -> 235787.81 | N41: =N10 -> 236622.05 | O41: =O10 -> 303116.65 | ... Z41: =Z10 -> 3640795.7
D42: RR Purchase | H42: 0 | T42: =SUM(H42:J42) -> 0 | U42: =SUM(K42:M42) -> 0 | V42: =SUM(N42:P42) -> 0 | W42: =SUM(Q42:S42) -> 0 | X42: =SUM(T42:U42) -> 0 | Y42: =SUM(V42:W42) -> 0 | Z42: =SUM(X42:Y42) -> 0
D43: Non-RR | H43: 500112.91 | I43: 309095.38 | J43: 391333.46 | K43: 198486.31 | L43: 266219.19 | M43: 235787.81 | N43: 236622.05 | O43: 303116.65 | P43: 353225.3 | Q43: 225211.73 | R43: 385691.08 | S43: 235893.81 | T43: =SUM(H43:J43) -> 1200541.8 | U43: =SUM(K43:M43) -> 700493.3 | V43: =SUM(N43:P43) -> 892964 | W43: =SUM(Q43:S43) -> 846796.62 | X43: =SUM(T43:U43) -> 1901035.1 | Y43: =SUM(V43:W43) -> 1739760.6 | Z43: =SUM(X43:Y43) -> 3640795.7
D44: Purchase for South Africa | G44: (for BEU) | T44: =SUM(H44:J44) -> 0 | U44: =SUM(K44:M44) -> 0 | V44: =SUM(N44:P44) -> 0 | W44: =SUM(Q44:S44) -> 0 | X44: =SUM(T44:U44) -> 0 | Y44: =SUM(V44:W44) -> 0 | Z44: =SUM(X44:Y44) -> 0
D45: Purchase for Oli | G45: (for BEU) | T45: =SUM(H45:J45) -> 0 | U45: =SUM(K45:M45) -> 0 | V45: =SUM(N45:P45) -> 0 | W45: =SUM(Q45:S45) -> 0 | X45: =SUM(T45:U45) -> 0 | Y45: =SUM(V45:W45) -> 0 | Z45: =SUM(X45:Y45) -> 0
D46: Purchase for Aurora | G46: (for BCN) | T46: =SUM(H46:J46) -> 0 | U46: =SUM(K46:M46) -> 0 | V46: =SUM(N46:P46) -> 0 | W46: =SUM(Q46:S46) -> 0 | X46: =SUM(T46:U46) -> 0 | Y46: =SUM(V46:W46) -> 0 | Z46: =SUM(X46:Y46) -> 0
D47: Purchase for Murata | G47: (for KMJ) | T47: =SUM(H47:J47) -> 0 | U47: =SUM(K47:M47) -> 0 | V47: =SUM(N47:P47) -> 0 | W47: =SUM(Q47:S47) -> 0 | X47: =SUM(T47:U47) -> 0 | Y47: =SUM(V47:W47) -> 0 | Z47: =SUM(X47:Y47) -> 0
D48: BT Support/Discount | G48: (for KMJ/BEU/BCN) | T48: =SUM(H48:J48) -> 0 | U48: =SUM(K48:M48) -> 0 | V48: =SUM(N48:P48) -> 0 | W48: =SUM(Q48:S48) -> 0 | X48: =SUM(T48:U48) -> 0 | Y48: =SUM(V48:W48) -> 0 | Z48: =SUM(X48:Y48) -> 0
D49: CHK--> | H49: =IF(ROUND(H41,0)=ROUND(SUM(H42:H48),0),"OK","NG") -> OK | I49: =IF(ROUND(I41,0)=ROUND(SUM(I42:I48),0),"OK","NG") -> OK | J49: =IF(ROUND(J41,0)=ROUND(SUM(J42:J48),0),"OK","NG") -> OK | K49: =IF(ROUND(K41,0)=ROUND(SUM(K42:K48),0),"OK","NG") -> OK | L49: =IF(ROUND(L41,0)=ROUND(SUM(L42:L48),0),"OK","NG") -> OK | M49: =IF(ROUND(M41,0)=ROUND(SUM(M42:M48),0),"OK","NG") -> OK | N49: =IF(ROUND(N41,0)=ROUND(SUM(N42:N48),0),"OK","NG") -> OK | O49: =IF(ROUND(O41,0)=ROUND(SUM(O42:O48),0),"OK","NG") -> OK | ... S49: =IF(ROUND(S41,0)=ROUND(SUM(S42:S48),0),"OK","NG") -> OK
B51: Inventory Analysis
B52: KMJ/BUS/BEU Stand Alone/BCN/BSA-Cons/BAU/BIN
C54: In calculating unrealized profit by each BU of KMI(FY2018), there is a huge gap between monthly estimation (from Rolling Forecast) and Actual result.
C55: we revised as follows to confirm inventory estimation and In-Out balance consistency by each BU in order to solve this problem.
H57: ='PL,HC,INV'!Q10 -> 43922 | I57: ='PL,HC,INV'!R10 -> 43952 | J57: ='PL,HC,INV'!S10 -> 43983 | K57: ='PL,HC,INV'!T10 -> 44013 | L57: ='PL,HC,INV'!U10 -> 44044 | M57: ='PL,HC,INV'!V10 -> 44075 | N57: ='PL,HC,INV'!W10 -> 44105 | O57: ='PL,HC,INV'!X10 -> 44136 | ... S57: ='PL,HC,INV'!AB10 -> 44256
B58: IN Total | H58: =SUM(H59,H62,H65) -> 1489993.7 | I58: =SUM(I59,I62,I65) -> 1590490.5 | J58: =SUM(J59,J62,J65) -> 1877158.3 | K58: =SUM(K59,K62,K65) -> 1776411.1 | L58: =SUM(L59,L62,L65) -> 1771066 | M58: =SUM(M59,M62,M65) -> 1649543.7 | N58: =SUM(N59,N62,N65) -> 1444828 | O58: =SUM(O59,O62,O65) -> 1402138.6 | ... S58: =SUM(S59,S62,S65) -> 1365832.7
C59: Inventory at the beginning | H59: =SUM(H60:H61) -> 976784 | I59: =SUM(I60:I61) -> 1226631 | J59: =SUM(J60:J61) -> 1462220 | K59: =SUM(K60:K61) -> 1567742 | L59: =SUM(L60:L61) -> 1476786 | M59: =SUM(M60:M61) -> 1424047 | N59: =SUM(N60:N61) -> 1201823 | O59: =SUM(O60:O61) -> 1081000 | ... S59: =SUM(S60:S61) -> 990510.47
D60: From BT-Gr (Include BSF/BCUS/MGI) | H60: 965878 | I60: =H88 -> 1210661 | J60: =I88 -> 1448461 | K60: =J88 -> 1555495 | L60: =K88 -> 1465203 | M60: =L88 -> 1407458 | N60: =M88 -> 1185483 | O60: =N88 -> 1062218 | P60: =O88 -> 1039157 | ... S60: =R88 -> 956643.31
D61: Others(3rd Party) | H61: 10906 | I61: =H89 -> 15970 | J61: =I89 -> 13759 | K61: =J89 -> 12247 | L61: =K89 -> 11583 | M61: =L89 -> 16589 | N61: =M89 -> 16340 | O61: =N89 -> 18782 | P61: =O89 -> 23409 | ... S61: =R89 -> 33867.162
C62: Purchase | H62: =SUM(H63:H64) -> 509337.66 | I62: =SUM(I63:I64) -> 364047.46 | J62: =SUM(J63:J64) -> 397299.29 | K62: =SUM(K63:K64) -> 203605.06 | L62: =SUM(L63:L64) -> 275588.72 | M62: =SUM(M63:M64) -> 255679.67 | N62: =SUM(N63:N64) -> 251464.96 | O62: =SUM(O63:O64) -> 325534.65 | ... S62: =SUM(S63:S64) -> 254138.21
D63: From BT-Gr (Include BSF/BCUS/MGI) | H63: =H9 -> 503140.98 | I63: =I9 -> 362842.43 | J63: =J9 -> 394429.46 | K63: =K9 -> 201972.37 | L63: =L9 -> 268192.81 | M63: =M9 -> 253562.02 | N63: =N9 -> 243111.44 | O63: =O9 -> 316812.76 | ... S63: =S9 -> 248004.83
D64: Others(3rd Party) | H64: =H36 -> 6196.6838 | I64: =I36 -> 1205.0228 | J64: =J36 -> 2869.8274 | K64: =K36 -> 1632.6916 | L64: =L36 -> 7395.9041 | M64: =M36 -> 2117.6487 | N64: =N36 -> 8353.5135 | O64: =O36 -> 8721.8842 | ... S64: =S36 -> 6133.3749
C65: Others | H65: =SUM(H66:H67) -> 3872 | I65: =SUM(I66:I67) -> -188 | J65: =SUM(J66:J67) -> 17639 | K65: =SUM(K66:K67) -> 5064 | L65: =SUM(L66:L67) -> 18691.269 | M65: =SUM(M66:M67) -> -30183 | N65: =SUM(N66:N67) -> -8460 | O65: =SUM(O66:O67) -> -4396 | ... S65: =SUM(S66:S67) -> 121184
D66: Incidental Cost
D67: < free input > | H67: 3872 | I67: -188 | J67: 17639 | K67: 5064 | L67: 18691.269 | M67: -30183 | N67: -8460 | O67: -4396 | P67: 17341.192 | Q67: 41784 | R67: 29922 | S67: 121184
B68: OUT Total | H68: =SUM(H69,H82,H83,H87) -> 1489993.8 | I68: =SUM(I69,I82,I83,I87) -> 1590489.7 | J68: =SUM(J69,J82,J83,J87) -> 1877157.9 | K68: =SUM(K69,K82,K83,K87) -> 1776410.8 | L68: =SUM(L69,L82,L83,L87) -> 1771066 | M68: =SUM(M69,M82,M83,M87) -> 1649543.7 | N68: =SUM(N69,N82,N83,N87) -> 1444828.1 | O68: =SUM(O69,O82,O83,O87) -> 1402139.5 | ... S68: =SUM(S69,S82,S83,S87) -> 1365832.7
C69: Transfer from Inventory | H69: =H70+H78 -> 263310.78 | I69: =I70+I78 -> 128269.68 | J69: =J70+J78 -> 302203.59 | K69: =K70+K78 -> 299391.82 | L69: =L70+L78 -> 338819.65 | M69: =M70+M78 -> 447720.68 | N69: =N70+N78 -> 362589.16 | O69: =O70+O78 -> 338080.45 | ... S69: =S70+S78 -> 529357.45
D70: From BT-Gr (Include BSF/BCUS/MGI) | H70: =H71+H74+H77 -> 263310.78 | I70: =I71+I74+I77 -> 128269.68 | J70: =J71+J74+J77 -> 302203.59 | K70: =K71+K74+K77 -> 299391.82 | L70: =L71+L74+L77 -> 338819.65 | M70: =M71+M74+M77 -> 447720.68 | N70: =N71+N74+N77 -> 362589.16 | O70: =O71+O74+O77 -> 338080.45 | ... S70: =S71+S74+S77 -> 529357.45
E71: Office | F71: Total | H71: 39478.166 | I71: 35391.071 | J71: 77737.29 | K71: 91307.797 | L71: 109402.61 | M71: 168999.65 | N71: 95017.395 | O71: 120830.31 | P71: 152883.85 | Q71: 112252.89 | R71: 112494.13 | S71: 193730.91
F72: except BT Support (HW, NH) | H72: =H71-H73 -> 39478.166 | I72: =I71-I73 -> 35391.071 | J72: =J71-J73 -> 77737.29 | K72: =K71-K73 -> 91307.797 | L72: =L71-L73 -> 109402.61 | M72: =M71-M73 -> 168999.65 | N72: =N71-N73 -> 95017.395 | O72: =O71-O73 -> 120830.31 | ... S72: =S71-S73 -> 193730.91
F73: BT Support | H73: =H18 -> 0 | I73: =I18 -> 0 | J73: =J18 -> 0 | K73: =K18 -> 0 | L73: =L18 -> 0 | M73: =M18 -> 0 | N73: =N18 -> 0 | O73: =O18 -> 0 | ... S73: =S18 -> 0
E74: PP | F74: Total | H74: 221509.93 | I74: 71553.972 | J74: 184446.12 | K74: 194635.51 | L74: 227352.65 | M74: 265123.46 | N74: 261804.81 | O74: 209951.78 | P74: 285171.32 | Q74: 228950.68 | R74: 220528.85 | S74: 311746.7
F75: except BT Support (HW, NH) | H75: =H74-H76 -> 221509.93 | I75: =I74-I76 -> 71553.972 | J75: =J74-J76 -> 184446.12 | K75: =K74-K76 -> 194635.51 | L75: =L74-L76 -> 227352.65 | M75: =M74-M76 -> 265123.46 | N75: =N74-N76 -> 261804.81 | O75: =O74-O76 -> 209951.78 | ... S75: =S74-S76 -> 311746.7
F76: BT Support | H76: =H27 -> 0 | I76: =I27 -> 0 | J76: =J27 -> 0 | K76: =K27 -> 0 | L76: =L27 -> 0 | M76: =M27 -> 0 | N76: =N27 -> 0 | O76: =O27 -> 0 | ... S76: =S27 -> 0
A77: Chg | E77: Others | F77: IP, DW-DX, Others | H77: 2322.6789 | I77: 21324.638 | J77: 40020.18 | K77: 13448.514 | L77: 2064.3846 | M77: 13597.567 | N77: 5766.9571 | O77: 7298.365 | P77: 14417.164 | Q77: 28823.668 | R77: 31486.368 | S77: 23879.841
D78: Others(3rd Party) | H78: =SUM(H79:H81) -> 0 | I78: =SUM(I79:I81) -> 0 | J78: =SUM(J79:J81) -> 0 | K78: =SUM(K79:K81) -> 0 | L78: =SUM(L79:L81) -> 0 | M78: =SUM(M79:M81) -> 0 | N78: =SUM(N79:N81) -> 0 | O78: =SUM(O79:O81) -> 0 | ... S78: =SUM(S79:S81) -> 0
E79: Office
E80: PP
A81: Chg | E81: Others | F81: IP, DW-DX, Others
C82: Loss & Disposal of Inventories | H82: 52 | J82: 7212.3497 | K82: 233.01014 | L82: 8199.3422 | N82: 1238.9361 | O82: 1493.0128 | P82: 2007.2902 | Q82: 327.90556 | R82: 378.96992 | S82: 16563.665
C83: Others | H83: =SUM(H84:H86) -> 0 | I83: =SUM(I84:I86) -> 0 | J83: =SUM(J84:J86) -> 0 | K83: =SUM(K84:K86) -> 0 | L83: =SUM(L84:L86) -> 0 | M83: =SUM(M84:M86) -> 0 | N83: =SUM(N84:N86) -> 0 | O83: =SUM(O84:O86) -> 0 | ... S83: =SUM(S84:S86) -> 0
D84: < free input >
D85: < free input >
D86: Others | H86: 0
C87: Inventory at the end | H87: =SUM(H88:H89) -> 1226631 | I87: =SUM(I88:I89) -> 1462220 | J87: =SUM(J88:J89) -> 1567742 | K87: =SUM(K88:K89) -> 1476786 | L87: =SUM(L88:L89) -> 1424047 | M87: =SUM(M88:M89) -> 1201823 | N87: =SUM(N88:N89) -> 1081000 | O87: =SUM(O88:O89) -> 1062566 | ... S87: =SUM(S88:S89) -> 819911.6
D88: From BT-Gr (Include BSF/BCUS/MGI) | H88: ='PL,HC,INV'!Q976+'PL,HC,INV'!Q977 -> 1210661 | I88: ='PL,HC,INV'!R976+'PL,HC,INV'!R977 -> 1448461 | J88: ='PL,HC,INV'!S976+'PL,HC,INV'!S977 -> 1555495 | K88: ='PL,HC,INV'!T976+'PL,HC,INV'!T977 -> 1465203 | L88: ='PL,HC,INV'!U976+'PL,HC,INV'!U977 -> 1407458 | M88: ='PL,HC,INV'!V976+'PL,HC,INV'!V977 -> 1185483 | N88: ='PL,HC,INV'!W976+'PL,HC,INV'!W977 -> 1062218 | O88: ='PL,HC,INV'!X976+'PL,HC,INV'!X977 -> 1039157 | ... S88: ='PL,HC,INV'!AB976+'PL,HC,INV'!AB977 -> 792745.22
D89: Others | H89: ='PL,HC,INV'!Q978 -> 15970 | I89: ='PL,HC,INV'!R978 -> 13759 | J89: ='PL,HC,INV'!S978 -> 12247 | K89: ='PL,HC,INV'!T978 -> 11583 | L89: ='PL,HC,INV'!U978 -> 16589 | M89: ='PL,HC,INV'!V978 -> 16340 | N89: ='PL,HC,INV'!W978 -> 18782 | O89: ='PL,HC,INV'!X978 -> 23409 | ... S89: ='PL,HC,INV'!AB978 -> 27166.376
D90: balance CHK--> | H90: =IF(ROUND(H58,0)=ROUND(H68,0),"OK","NG") -> OK | I90: =IF(ROUND(I58,0)=ROUND(I68,0),"OK","NG") -> OK | J90: =IF(ROUND(J58,0)=ROUND(J68,0),"OK","NG") -> OK | K90: =IF(ROUND(K58,0)=ROUND(K68,0),"OK","NG") -> OK | L90: =IF(ROUND(L58,0)=ROUND(L68,0),"OK","NG") -> OK | M90: =IF(ROUND(M58,0)=ROUND(M68,0),"OK","NG") -> OK | N90: =IF(ROUND(N58,0)=ROUND(N68,0),"OK","NG") -> OK | O90: =IF(ROUND(O58,0)=ROUND(O68,0),"OK","NG") -> OK | ... S90: =IF(ROUND(S58,0)=ROUND(S68,0),"OK","NG") -> OK
B92: OUT check by BU
C93: Office <OUT> | H93: =H71+H79+'PL,HC,INV'!#REF! -> #REF! | I93: =I71+I79+'PL,HC,INV'!#REF! -> #REF! | J93: =J71+J79+'PL,HC,INV'!#REF! -> #REF! | K93: =K71+K79+'PL,HC,INV'!#REF! -> #REF! | L93: =L71+L79+'PL,HC,INV'!#REF! -> #REF! | M93: =M71+M79+'PL,HC,INV'!#REF! -> #REF! | N93: =N71+N79+'PL,HC,INV'!#REF! -> #REF! | O93: =O71+O79+'PL,HC,INV'!#REF! -> #REF! | ... S93: =S71+S79+'PL,HC,INV'!#REF! -> #REF!
C94: PP <OUT> | H94: =H74+H80+'PL,HC,INV'!#REF! -> #REF! | I94: =I74+I80+'PL,HC,INV'!#REF! -> #REF! | J94: =J74+J80+'PL,HC,INV'!#REF! -> #REF! | K94: =K74+K80+'PL,HC,INV'!#REF! -> #REF! | L94: =L74+L80+'PL,HC,INV'!#REF! -> #REF! | M94: =M74+M80+'PL,HC,INV'!#REF! -> #REF! | N94: =N74+N80+'PL,HC,INV'!#REF! -> #REF! | O94: =O74+O80+'PL,HC,INV'!#REF! -> #REF! | ... S94: =S74+S80+'PL,HC,INV'!#REF! -> #REF!
C95: Others <OUT> | H95: =H77+H81+'PL,HC,INV'!Q973+'PL,HC,INV'!Q977+'PL,HC,INV'!Q980 -> 444420.68 | I95: =I77+I81+'PL,HC,INV'!R973+'PL,HC,INV'!R977+'PL,HC,INV'!R980 -> 520731.64 | J95: =J77+J81+'PL,HC,INV'!S973+'PL,HC,INV'!S977+'PL,HC,INV'!S980 -> 571104.18 | K95: =K77+K81+'PL,HC,INV'!T973+'PL,HC,INV'!T977+'PL,HC,INV'!T980 -> 477687.51 | L95: =L77+L81+'PL,HC,INV'!U973+'PL,HC,INV'!U977+'PL,HC,INV'!U980 -> 431846.38 | M95: =M77+M81+'PL,HC,INV'!V973+'PL,HC,INV'!V977+'PL,HC,INV'!V980 -> 356375.57 | N95: =N77+N81+'PL,HC,INV'!W973+'PL,HC,INV'!W977+'PL,HC,INV'!W980 -> 308996.96 | O95: =O77+O81+'PL,HC,INV'!X973+'PL,HC,INV'!X977+'PL,HC,INV'!X980 -> 311331.36 | ... S95: =S77+S81+'PL,HC,INV'!AB973+'PL,HC,INV'!AB977+'PL,HC,INV'!AB980 -> 219656.84
C96: Loss & Disposal of Inventories | H96: =H82 -> 52 | I96: =I82 -> 0 | J96: =J82 -> 7212.3497 | K96: =K82 -> 233.01014 | L96: =L82 -> 8199.3422 | M96: =M82 -> 0 | N96: =N82 -> 1238.9361 | O96: =O82 -> 1493.0128 | ... S96: =S82 -> 16563.665
D97: Others of Others | H97: =H83 -> 0 | I97: =I83 -> 0 | J97: =J83 -> 0 | K97: =K83 -> 0 | L97: =L83 -> 0 | M97: =M83 -> 0 | N97: =N83 -> 0 | O97: =O83 -> 0 | ... S97: =S83 -> 0
B98: OUT Total | H98: =SUM(H93:H97) -> #REF! | I98: =SUM(I93:I97) -> #REF! | J98: =SUM(J93:J97) -> #REF! | K98: =SUM(K93:K97) -> #REF! | L98: =SUM(L93:L97) -> #REF! | M98: =SUM(M93:M97) -> #REF! | N98: =SUM(N93:N97) -> #REF! | O98: =SUM(O93:O97) -> #REF! | ... S98: =SUM(S93:S97) -> #REF!
D99: difference check. | H99: =H98-H68 -> #REF! | I99: =I98-I68 -> #REF! | J99: =J98-J68 -> #REF! | K99: =K98-K68 -> #REF! | L99: =L98-L68 -> #REF! | M99: =M98-M68 -> #REF! | N99: =N98-N68 -> #REF! | O99: =O98-O68 -> #REF! | ... S99: =S98-S68 -> #REF!

Sheet Definition
A1: FY21 new topic
A3: ★ | B3: 1. BU structure change
B5: (1) ITS and WPH merged to DW-DX
B13: (2) Mobotix and DM have been merged into IIS (Imaging-IoT Solution)
A15: ★ | B15: 2. DW-DX SG&A change
C16: 1) | D16: Delete breakdown of SG&A by service level in DW-DX
C17: 2) | D17: Add 4 categories of W&S in DW-DX
B18: DW-DX SGA Expenses
C19: Variable Expenses
C20: Wages & Salaries
D21: Sales | G21: Added
D22: Pre-sales / Consultant | G22: Added
D23: Marketing / Business Development | G23: Added
D24: Admin / Others | G24: Added
C25: Fixed Expenses
C26: breakdown by Service Line (please allocate each Service Line) | G26: Delete
D27: Ch.1/ IMS | G27: Delete
D28: Ch.2/ MCS | G28: Delete
D29: Ch.2/ BPS | G29: Delete
D30: Ch.2/ Office Solution | G30: Delete
A32: ★ | B32: 3. Move "Cost Allocation" section to "PL_INV" sheet
A54: ★ | B54: 4. Add IP inventories by product
A67: ★ | B67: 5. Add account items in "1-4.Break-down of Other Income, Other Expense"
G74: Government compensation program for COVID-19
G80: Normal retirement cost different from structural reform
A83: ★ | B83: 6. Add BU other than BT to Investment sheet
A92: ★ | B92: Skip
B93: OPS
A95: Classification
C96: (1) Office
D97: Hard | F97: Office A3 | G97: Classified by item code (by products)
F98: Office A4
D99: Non-hard | F99: Copy Click (Kit) | G99: Click business for Office products classified by item code or allocated for Office(A3/A4). Minimum commitment and over volume included. (KMJ: Kit contract included)
F100: Non Contract | G100: Non-Contract service for Office products classified by item code. Including Office products installation fees (Including contracted MIFs)
D101: KMI | G101: Purchased from KMI
D102: 3rd Party | G102: Purchased from Other Vendors
D103: Others | G103: KMJ's special products only.
C104: (2) PP
D105: Hard | F105: Office A3 | G105: Classified by items code (by products)
F106: Office A4
D107: Hard | F107: Other | G107: KIP,EPSON,WF
D108: Non-hard | F108: Copy Click (Kit) | G108: Click business for Office products classified by item code or allocated for Office(A3/A4). Minimum commitment and over volume included. (KMJ: Kit contract included)
F109: Non Contract | G109: Non-Contract service for Office products classified by item code. Including Office products installation fees (Including contracted MIFs)
D110: KMI | G110: Purchased from KMI
D111: 3rd Party | G111: Purchased from Other Vendors
D112: Others | G112: KMJ's special products only.
D113: Solution | G113: Application S/W, Application S/W related H/W, S/W Licensees related to PP
G114: Color Management/Variable Data Printing/Print Automation/Make Ready/Web to print
G115: EX)Color Care, Page Pro NDPS, Print Shop
C116: (3) IP
D117: KM-1 | G117: KM-1 related businesses. This includes KM-1s
D118: Label Printer | G118: Label Printer related businesses
D119: MGI | G119: MGI related businesses (Meteor / Digi-iFOIL)
D120: EFI/LF | G120: EFI VUTEk
D121: Textile Printer | G121: IJ-PP Textile Printer
D122: Others | G122: 3D Printers, Other local equipment
C123: (4) MS (Marketing Service)
D124: MPM | E124: Procurement | G124: Marketing procurement services such as; Marketing printing, POS, Direct mail, PPOS, Merchandise, and Packaging
E125: Production | G125: Marketing production services such as; Onsite studio, Central creative production agency, Pre-Media, Asset creation, and Marketing technology
E126: Solution | G126: Marketing solution services such as; Marketing planning, Customer insight, Creative, Planning, Data, and Technology
D127: ODP | E127: On Demand Printing | G127: For Kinko's (BKK BKJ) Original printing business such as Copy & Print, Business card, etc （All Business except below 3 categories）
E128: Marketing Service | G128: For Kinko's (BKK BKJ) Sign & Graphic(Display) exclude Ondemand MPM
E129: Digital Solution | G129: For Kinko's (BKK BKJ) Ondemand MPM(POSM), WiL, Kinko's commerce, Mobotix, C3-Value, etc.
E130: ODP New Business | G130: For Kinko's (BKK BKJ) ODP New Business such as TSUKURU
A131: Chgd | C131: (5) DWDX
A132: Chgd | D132: IMS | G132: "Infrastructure Management Services" that provides IT infrastructure and its management. EX) Infrastructure as a service, Helpdesk service, IT security service, Data management etc.
A133: Chgd | D133: WPH #1 | G133: WPH Hardware and Software
A134: Chgd | D134: MCS | G134: "Managed Contents Services" that supports distributing and managing information and contents. This category includes ECM, Document Management, Scan & Capture, DPO (Document Process Outsourcing). EX) SharePoint, Square 9, OnBase, Dispatcher Phoenix, Open Bee Scan, eCopy, Document Navigator, Komi Doc/Scan, Autostore, 仕訳名人 etc.
A135: Chgd | D135: BPS / WPH #3 | G135: "Business Process Services" that improves customer’s business critical processes、EX) ERP, CRM, BI, etc. "WPH #3 services" that improves/reforms customers' workflows or way of working by utilizing existing data or data being newly collected from customers' workplace.
A136: Chgd | D136: Office Solution | G136: S/W & H/W related to Office MFP EX) Dispatcher Paragon、Papercut、Output Manager
A137: Chgd
A138: Chgd | D138: DW-DX | F138: one shot product (HW/SW License) | G138: One time product sales including software and hardware, such as PC, server, perpetual SW license and its maintenance. Please note that If license renewal cycle is longer than a year, it is considered as One-shot. The following global products fall into this category; Dispatcher Phoenix, ScanTrip, Dispatcher Paragon, YSoft SafeQ, Dispatcher Suite, bizhub SECURE Notifier, Shield Guard at one-time payment, Personalize at one-time payment
A139: Chgd | D139: product category | F139: recurring product (SaaS/Cloud) | G139: Recurring type of product sales, such as SaaS or PaaS. Payment cycle may vary. The following global products fall into this category; Dispatcher Paragon Cloud, Workplace Go, Shield Guard at subscription, Personalize at subscription, bizhub Evolution, Dispatcher Phoenix Cloud SaaS (service name is TBD)
A140: Chgd | F140: one shot professional service | G140: One time professional services such as consultation, implementation or training. One shot DPO falls into this category. Please note that if the contract renewal cycle is longer than a year, it is considered as One-shot.
A141: Chgd | F141: recurring professional service | G141: Recurring type of professional services, such as Managed IT Service, resource fulfillment, DPO with cyclic billing, or cloud hosting service. Please note that if the contract renewal cycle is less than a year, such as monthly or quarterly, it is considered as Recurring.
A143: New | C143: MX
A144: New | D144: Product | F144: Hard | G144: Hardware/device, such as thermal camera, outdoor camera, gas-monitoring camera,etc. and other optional devices
A145: New | F145: Non-hard | G145: Software, application
A146: New | D146: Service | F146: Onetime | G146: Onetime-offer services, such as installtion, solution proposal, maintenance and inspection services
A147: New | F147: Recurring | G147: Recurring type of services, such as AI, data service, etc. with monthly/quarterly billing contract
C149: Common fields for all BU
D150: Material Cost | G150: This fields require the cost related to Toner, Parts and Consumables used during the service for products in field.
G151: Please enter both total of the following:
G152: Cost of goods that engineer use at customers
G153: Cost of goods that sent directly to customers
G154: Please enter by each business unit and by direct / indirect.
D155: Field Service Cost | G155: Wages & Salaries, Travel expenses, Communication fee for Onsite Engineers
E156: included in COGS
D157: Service Desk Cost | G157: Wages & Salaries, Communication fee for Remote Engineers
E158: included in COGS
C160: Headcount
D162: Items | G162: Allocation method
D163: Full-Time Employees / Temporary Transfer from Other Company | G163: This is the same as Stravis definition. Include "Full-Time Employees" and "Temporary Transfer from Other Company" 1) Please enter the number of employees whose personnel cost is borne by your company. 2) Please do NOT include "Transferred To Other Company" in "Full-Time." 3) Please do NOT include directors, employees on long-term leave, employees who resigned on the end of the period. 4) Those who are re-employed by consolidated company upon resigning the original company on the end of the period should be counted as employees at original company.
D164: Semi-Full-Time/Part-Time Employees /Contractors | G164: Include "Semi-Full-Time/Part-Time Employees" and "Contractors"
C166: Headcount allocation bases by SBU
D168: Items | G168: Allocation method
D169: Dedicated employee | G169: Direct charge to SBU
D170: Common function employee | G170: Charge by annual sales ratio allocation bases to BU. Allocation% should be same for each month in FY18
D171: Non-dedicated (concurrent post) employee | G171: Charge to main SBU
C173: Service Headcount Definition
...

Sheet Confirmation Sheet(optional)
B4: ='PL,HC,INV'!F4 -> FY2021 Monthly Actual ver1.0 | J4: Input fields | L4: This sheet includes BT(5BU), BIC, IIS(Mobotix and DM)
L5: This is optional sheet. Please use it if you want to confirm the whole value including another segments( BIC, IIS(Mobotix, DM).
B7: 1. P/L - Overview: includes BIC, IIS(Mobotix and DM)
B8: 1-1. P/L Statement | L8: ='PL,HC,INV'!Q10 -> 43922 | M8: ='PL,HC,INV'!R10 -> 43952 | N8: ='PL,HC,INV'!S10 -> 43983 | O8: ='PL,HC,INV'!T10 -> 44013 | P8: ='PL,HC,INV'!U10 -> 44044 | Q8: ='PL,HC,INV'!V10 -> 44075 | R8: ='PL,HC,INV'!W10 -> 44105 | S8: ='PL,HC,INV'!X10 -> 44136 | ... AD8: ='PL,HC,INV'!AI10 -> Yr.
B9: 1-1. P/L Statement | C9: (0) Total | D9: Net Sales | L9: ='PL,HC,INV'!Q11+L36+L52 -> 536747 | M9: ='PL,HC,INV'!R11+M36+M52 -> 239742 | N9: ='PL,HC,INV'!S11+N36+N52 -> 492253 | O9: ='PL,HC,INV'!T11+O36+O52 -> 513291 | P9: ='PL,HC,INV'!U11+P36+P52 -> 587099 | Q9: ='PL,HC,INV'!V11+Q36+Q52 -> 739620 | R9: ='PL,HC,INV'!W11+R36+R52 -> 621174 | S9: ='PL,HC,INV'!X11+S36+S52 -> 592044 | ... W9: ='PL,HC,INV'!AB11+W36+W52 -> 770655 | X9: =SUM(L9,M9,N9) -> 1268742 | Y9: =SUM(O9,P9,Q9) -> 1840010 | Z9: =SUM(R9,S9,T9) -> 1940501 | AA9: =SUM(U9,V9,W9) -> 1942127 | AB9: =X9+Y9 -> 3108752 | AC9: =AA9+Z9 -> 3882628 | AD9: =AB9+AC9 -> 6991380
B10: 1-1. P/L Statement | C10: (0) Total | D10: Consolidated Sales | H10: (Excludes Sales to KM-Gr. Companies) | L10: ='PL,HC,INV'!Q12+L37+L67 -> 536747 | M10: ='PL,HC,INV'!R12+M37+M67 -> 239742 | N10: ='PL,HC,INV'!S12+N37+N67 -> 492253 | O10: ='PL,HC,INV'!T12+O37+O67 -> 513291 | P10: ='PL,HC,INV'!U12+P37+P67 -> 587099 | Q10: ='PL,HC,INV'!V12+Q37+Q67 -> 739620 | R10: ='PL,HC,INV'!W12+R37+R67 -> 621174 | S10: ='PL,HC,INV'!X12+S37+S67 -> 592044 | ... W10: ='PL,HC,INV'!AB12+W37+W67 -> 770655 | X10: =SUM(L10,M10,N10) -> 1268742 | Y10: =SUM(O10,P10,Q10) -> 1840010 | Z10: =SUM(R10,S10,T10) -> 1940501 | AA10: =SUM(U10,V10,W10) -> 1942127 | AB10: =X10+Y10 -> 3108752 | AC10: =AA10+Z10 -> 3882628 | AD10: =AB10+AC10 -> 6991380
B11: 1-1. P/L Statement | C11: (0) Total | D11: Cost of Sales | L11: =L9-L12 -> 351610 | M11: =M9-M12 -> 158983 | N11: =N9-N12 -> 324841 | O11: =O9-O12 -> 325864 | P11: =P9-P12 -> 366967 | Q11: =Q9-Q12 -> 463586 | R11: =R9-R12 -> 409632 | S11: =S9-S12 -> 363074 | ... W11: =W9-W12 -> 511033 | X11: =SUM(L11,M11,N11) -> 835434 | Y11: =SUM(O11,P11,Q11) -> 1156417 | Z11: =SUM(R11,S11,T11) -> 1285268 | AA11: =SUM(U11,V11,W11) -> 1290306 | AB11: =X11+Y11 -> 1991851 | AC11: =AA11+Z11 -> 2575574 | AD11: =AB11+AC11 -> 4567425
B12: 1-1. P/L Statement | C12: (0) Total | D12: Gross Profit | L12: ='PL,HC,INV'!Q14+L38+L82 -> 185137 | M12: ='PL,HC,INV'!R14+M38+M82 -> 80759 | N12: ='PL,HC,INV'!S14+N38+N82 -> 167412 | O12: ='PL,HC,INV'!T14+O38+O82 -> 187427 | P12: ='PL,HC,INV'!U14+P38+P82 -> 220132 | Q12: ='PL,HC,INV'!V14+Q38+Q82 -> 276034 | R12: ='PL,HC,INV'!W14+R38+R82 -> 211542 | S12: ='PL,HC,INV'!X14+S38+S82 -> 228970 | ... W12: ='PL,HC,INV'!AB14+W38+W82 -> 259622 | X12: =SUM(L12,M12,N12) -> 433308 | Y12: =SUM(O12,P12,Q12) -> 683593 | Z12: =SUM(R12,S12,T12) -> 655233 | AA12: =SUM(U12,V12,W12) -> 651821 | AB12: =X12+Y12 -> 1116901 | AC12: =AA12+Z12 -> 1307054 | AD12: =AB12+AC12 -> 2423955
B13: 1-1. P/L Statement | C13: (0) Total | D13: Gross Profit | K13: (%) | L13: =IFERROR(L12/L9,0) -> 0.34492414 | M13: =IFERROR(M12/M9,0) -> 0.33685796 | N13: =IFERROR(N12/N9,0) -> 0.34009341 | O13: =IFERROR(O12/O9,0) -> 0.36514765 | P13: =IFERROR(P12/P9,0) -> 0.37494869 | Q13: =IFERROR(Q12/Q9,0) -> 0.37321057 | R13: =IFERROR(R12/R9,0) -> 0.34055192 | S13: =IFERROR(S12/S9,0) -> 0.3867449 | ... AD13: =IFERROR(AD12/AD9,0) -> 0.34670623
B14: 1-1. P/L Statement | C14: (0) Total | D14: SGA Expenses | L14: =L16+L17+L18 -> 142370 | M14: =M16+M17+M18 -> 112197 | N14: =N16+N17+N18 -> 116547 | O14: =O16+O17+O18 -> 123226 | P14: =P16+P17+P18 -> 138692 | Q14: =Q16+Q17+Q18 -> 141784 | R14: =R16+R17+R18 -> 165730 | S14: =S16+S17+S18 -> 169601 | ... W14: =W16+W17+W18 -> 200798.04 | X14: =SUM(L14,M14,N14) -> 371114 | Y14: =SUM(O14,P14,Q14) -> 403702 | Z14: =SUM(R14,S14,T14) -> 477614 | AA14: =SUM(U14,V14,W14) -> 429582.04 | AB14: =X14+Y14 -> 774816 | AC14: =AA14+Z14 -> 907196.04 | AD14: =AB14+AC14 -> 1682012
B15: 1-1. P/L Statement | C15: (0) Total | D15: SGA Expenses | K15: (%) | L15: =IFERROR(L14/L9,0) -> 0.26524601 | M15: =IFERROR(M14/M9,0) -> 0.46799059 | N15: =IFERROR(N14/N9,0) -> 0.2367624 | O15: =IFERROR(O14/O9,0) -> 0.24007045 | P15: =IFERROR(P14/P9,0) -> 0.23623273 | Q15: =IFERROR(Q14/Q9,0) -> 0.19169844 | R15: =IFERROR(R14/R9,0) -> 0.26680125 | S15: =IFERROR(S14/S9,0) -> 0.28646688 | ... AD15: =IFERROR(AD14/AD9,0) -> 0.2405837
B16: 1-1. P/L Statement | C16: (0) Total | D16: SGA Expenses | E16: Variable Expenses | L16: ='PL,HC,INV'!Q18+L41+L99 -> 36517 | M16: ='PL,HC,INV'!R18+M41+M99 -> 22343 | N16: ='PL,HC,INV'!S18+N41+N99 -> 30041 | O16: ='PL,HC,INV'!T18+O41+O99 -> 28927 | P16: ='PL,HC,INV'!U18+P41+P99 -> 38067 | Q16: ='PL,HC,INV'!V18+Q41+Q99 -> 44153 | R16: ='PL,HC,INV'!W18+R41+R99 -> 42185 | S16: ='PL,HC,INV'!X18+S41+S99 -> 39310 | ... W16: ='PL,HC,INV'!AB18+W41+W99 -> 38451 | X16: =SUM(L16,M16,N16) -> 88901 | Y16: =SUM(O16,P16,Q16) -> 111147 | Z16: =SUM(R16,S16,T16) -> 126741 | AA16: =SUM(U16,V16,W16) -> 81376 | AB16: =X16+Y16 -> 200048 | AC16: =AA16+Z16 -> 208117 | AD16: =AB16+AC16 -> 408165
B17: 1-1. P/L Statement | C17: (0) Total | D17: SGA Expenses | E17: Wages & Salaries | L17: ='PL,HC,INV'!Q19+L42+L100 -> 55362 | M17: ='PL,HC,INV'!R19+M42+M100 -> 52439 | N17: ='PL,HC,INV'!S19+N42+N100 -> 53581 | O17: ='PL,HC,INV'!T19+O42+O100 -> 52764 | P17: ='PL,HC,INV'!U19+P42+P100 -> 53433 | Q17: ='PL,HC,INV'!V19+Q42+Q100 -> 49684 | R17: ='PL,HC,INV'!W19+R42+R100 -> 49844 | S17: ='PL,HC,INV'!X19+S42+S100 -> 47290 | ... W17: ='PL,HC,INV'!AB19+W42+W100 -> 68995.081 | X17: =SUM(L17,M17,N17) -> 161382 | Y17: =SUM(O17,P17,Q17) -> 155881 | Z17: =SUM(R17,S17,T17) -> 148001 | AA17: =SUM(U17,V17,W17) -> 195492.08 | AB17: =X17+Y17 -> 317263 | AC17: =AA17+Z17 -> 343493.08 | AD17: =AB17+AC17 -> 660756.08
B18: 1-1. P/L Statement | C18: (0) Total | D18: SGA Expenses | E18: Fixed Expenses | L18: ='PL,HC,INV'!Q20+L43+L101 -> 50491 | M18: ='PL,HC,INV'!R20+M43+M101 -> 37415 | N18: ='PL,HC,INV'!S20+N43+N101 -> 32925 | O18: ='PL,HC,INV'!T20+O43+O101 -> 41535 | P18: ='PL,HC,INV'!U20+P43+P101 -> 47192 | Q18: ='PL,HC,INV'!V20+Q43+Q101 -> 47947 | R18: ='PL,HC,INV'!W20+R43+R101 -> 73701 | S18: ='PL,HC,INV'!X20+S43+S101 -> 83001 | ... W18: ='PL,HC,INV'!AB20+W43+W101 -> 93351.96 | X18: =SUM(L18,M18,N18) -> 120831 | Y18: =SUM(O18,P18,Q18) -> 136674 | Z18: =SUM(R18,S18,T18) -> 202872 | AA18: =SUM(U18,V18,W18) -> 152713.96 | AB18: =X18+Y18 -> 257505 | AC18: =AA18+Z18 -> 355585.96 | AD18: =AB18+AC18 -> 613090.96
B19: 1-1. P/L Statement | C19: (0) Total | D19: Business Contribution Profit | L19: =L12-L14 -> 42767 | M19: =M12-M14 -> -31438 | N19: =N12-N14 -> 50865 | O19: =O12-O14 -> 64201 | P19: =P12-P14 -> 81440 | Q19: =Q12-Q14 -> 134250 | R19: =R12-R14 -> 45812 | S19: =S12-S14 -> 59369 | ... W19: =W12-W14 -> 58823.959 | X19: =SUM(L19,M19,N19) -> 62194 | Y19: =SUM(O19,P19,Q19) -> 279891 | Z19: =SUM(R19,S19,T19) -> 177619 | AA19: =SUM(U19,V19,W19) -> 222238.96 | AB19: =X19+Y19 -> 342085 | AC19: =AA19+Z19 -> 399857.96 | AD19: =AB19+AC19 -> 741942.96
B20: 1-1. P/L Statement | C20: (0) Total | D20: Business Contribution Profit | K20: (%) | L20: =IFERROR(L19/L9,0) -> 0.079678135 | M20: =IFERROR(M19/M9,0) -> -0.13113263 | N20: =IFERROR(N19/N9,0) -> 0.10333101 | O20: =IFERROR(O19/O9,0) -> 0.1250772 | P20: =IFERROR(P19/P9,0) -> 0.13871596 | Q20: =IFERROR(Q19/Q9,0) -> 0.18151213 | R20: =IFERROR(R19/R9,0) -> 0.073750672 | S20: =IFERROR(S19/S9,0) -> 0.10027802 | ... AD20: =IFERROR(AD19/AD9,0) -> 0.10612253
B21: 1-1. P/L Statement | C21: (0) Total | D21: Other Income | L21: ='PL,HC,INV'!Q23+L46+L104 -> 456 | M21: ='PL,HC,INV'!R23+M46+M104 -> 0 | N21: ='PL,HC,INV'!S23+N46+N104 -> 5968 | O21: ='PL,HC,INV'!T23+O46+O104 -> 1984 | P21: ='PL,HC,INV'!U23+P46+P104 -> 1595 | Q21: ='PL,HC,INV'!V23+Q46+Q104 -> 0 | R21: ='PL,HC,INV'!W23+R46+R104 -> 623 | S21: ='PL,HC,INV'!X23+S46+S104 -> 269 | ... W21: ='PL,HC,INV'!AB23+W46+W104 -> 36050 | X21: =SUM(L21,M21,N21) -> 6424 | Y21: =SUM(O21,P21,Q21) -> 3579 | Z21: =SUM(R21,S21,T21) -> 7171 | AA21: =SUM(U21,V21,W21) -> 36450 | AB21: =X21+Y21 -> 10003 | AC21: =AA21+Z21 -> 43621 | AD21: =AB21+AC21 -> 53624
B22: 1-1. P/L Statement | C22: (0) Total | D22: Other Expenses | L22: ='PL,HC,INV'!Q24+L47+L105 -> 0 | M22: ='PL,HC,INV'!R24+M47+M105 -> 0 | N22: ='PL,HC,INV'!S24+N47+N105 -> 0 | O22: ='PL,HC,INV'!T24+O47+O105 -> 635 | P22: ='PL,HC,INV'!U24+P47+P105 -> 0 | Q22: ='PL,HC,INV'!V24+Q47+Q105 -> 422 | R22: ='PL,HC,INV'!W24+R47+R105 -> 0 | S22: ='PL,HC,INV'!X24+S47+S105 -> 0 | ... W22: ='PL,HC,INV'!AB24+W47+W105 -> 0 | X22: =SUM(L22,M22,N22) -> 0 | Y22: =SUM(O22,P22,Q22) -> 1057 | Z22: =SUM(R22,S22,T22) -> 0 | AA22: =SUM(U22,V22,W22) -> 0 | AB22: =X22+Y22 -> 1057 | AC22: =AA22+Z22 -> 0 | AD22: =AB22+AC22 -> 1057
B23: 1-1. P/L Statement | C23: (0) Total | D23: Operating Profit | L23: =L19+L21-L22 -> 43223 | M23: =M19+M21-M22 -> -31438 | N23: =N19+N21-N22 -> 56833 | O23: =O19+O21-O22 -> 65550 | P23: =P19+P21-P22 -> 83035 | Q23: =Q19+Q21-Q22 -> 133828 | R23: =R19+R21-R22 -> 46435 | S23: =S19+S21-S22 -> 59638 | ... W23: =W19+W21-W22 -> 94873.959 | X23: =SUM(L23,M23,N23) -> 68618 | Y23: =SUM(O23,P23,Q23) -> 282413 | Z23: =SUM(R23,S23,T23) -> 184790 | AA23: =SUM(U23,V23,W23) -> 258688.96 | AB23: =X23+Y23 -> 351031 | AC23: =AA23+Z23 -> 443478.96 | AD23: =AB23+AC23 -> 794509.96
B24: 1-1. P/L Statement | C24: (0) Total | D24: Operating Profit | K24: (%) | L24: =IFERROR(L23/L9,0) -> 0.080527697 | M24: =IFERROR(M23/M9,0) -> -0.13113263 | N24: =IFERROR(N23/N9,0) -> 0.11545486 | O24: =IFERROR(O23/O9,0) -> 0.12770534 | P24: =IFERROR(P23/P9,0) -> 0.14143271 | Q24: =IFERROR(Q23/Q9,0) -> 0.18094156 | R24: =IFERROR(R23/R9,0) -> 0.074753612 | S24: =IFERROR(S23/S9,0) -> 0.10073238 | ... AD24: =IFERROR(AD23/AD9,0) -> 0.11364136
B25: 1-1. P/L Statement | C25: (0) Total | D25: Financial Income (Expenses), net | L25: =L26-L27 -> 8155 | M25: =M26-M27 -> 7355 | N25: =N26-N27 -> 4689 | O25: =O26-O27 -> 5517 | P25: =P26-P27 -> 6745 | Q25: =Q26-Q27 -> 2755 | R25: =R26-R27 -> 6483 | S25: =S26-S27 -> 8053 | ... W25: =W26-W27 -> 8237 | X25: =SUM(L25,M25,N25) -> 20199 | Y25: =SUM(O25,P25,Q25) -> 15017 | Z25: =SUM(R25,S25,T25) -> 21010 | AA25: =SUM(U25,V25,W25) -> 27439 | AB25: =X25+Y25 -> 35216 | AC25: =AA25+Z25 -> 48449 | AD25: =AB25+AC25 -> 83665
B26: 1-1. P/L Statement | C26: (0) Total | D26: Financial Income | E26: Financial Income | L26: ='PL,HC,INV'!Q28 -> 8381 | M26: ='PL,HC,INV'!R28 -> 7503 | N26: ='PL,HC,INV'!S28 -> 7373 | O26: ='PL,HC,INV'!T28 -> 6027 | P26: ='PL,HC,INV'!U28 -> 6745 | Q26: ='PL,HC,INV'!V28 -> 5001 | R26: ='PL,HC,INV'!W28 -> 6713 | S26: ='PL,HC,INV'!X28 -> 8053 | ... W26: ='PL,HC,INV'!AB28 -> 10524 | X26: =SUM(L26,M26,N26) -> 23257 | Y26: =SUM(O26,P26,Q26) -> 17773 | Z26: =SUM(R26,S26,T26) -> 23737 | AA26: =SUM(U26,V26,W26) -> 29726 | AB26: =X26+Y26 -> 41030 | AC26: =AA26+Z26 -> 53463 | AD26: =AB26+AC26 -> 94493
B27: 1-1. P/L Statement | C27: (0) Total | D27: Financial Expenses | E27: Financial Expenses | L27: ='PL,HC,INV'!Q29 -> 226 | M27: ='PL,HC,INV'!R29 -> 148 | N27: ='PL,HC,INV'!S29 -> 2684 | O27: ='PL,HC,INV'!T29 -> 510 | P27: ='PL,HC,INV'!U29 -> 0 | Q27: ='PL,HC,INV'!V29 -> 2246 | R27: ='PL,HC,INV'!W29 -> 230 | S27: ='PL,HC,INV'!X29 -> 0 | ... W27: ='PL,HC,INV'!AB29 -> 2287 | X27: =SUM(L27,M27,N27) -> 3058 | Y27: =SUM(O27,P27,Q27) -> 2756 | Z27: =SUM(R27,S27,T27) -> 2727 | AA27: =SUM(U27,V27,W27) -> 2287 | AB27: =X27+Y27 -> 5814 | AC27: =AA27+Z27 -> 5014 | AD27: =AB27+AC27 -> 10828
B28: 1-1. P/L Statement | C28: (0) Total | D28: Profit before Taxes | L28: =L23+L25 -> 51378 | M28: =M23+M25 -> -24083 | N28: =N23+N25 -> 61522 | O28: =O23+O25 -> 71067 | P28: =P23+P25 -> 89780 | Q28: =Q23+Q25 -> 136583 | R28: =R23+R25 -> 52918 | S28: =S23+S25 -> 67691 | ... W28: =W23+W25 -> 103110.96 | X28: =SUM(L28,M28,N28) -> 88817 | Y28: =SUM(O28,P28,Q28) -> 297430 | Z28: =SUM(R28,S28,T28) -> 205800 | AA28: =SUM(U28,V28,W28) -> 286127.96 | AB28: =X28+Y28 -> 386247 | AC28: =AA28+Z28 -> 491927.96 | AD28: =AB28+AC28 -> 878174.96
B29: 1-1. P/L Statement | C29: (0) Total | D29: Tax Expenses & Others | L29: =L28*25.17% -> 12931.843 | M29: =M28*25.17% -> -6061.6911 | N29: =N28*25.17% -> 15485.087 | O29: =O28*25.17% -> 17887.564 | P29: =P28*25.17% -> 22597.626 | Q29: =Q28*25.17% -> 34377.941 | R29: =R28*25.17% -> 13319.461 | S29: =S28*25.17% -> 17037.825 | ... W29: =W28*25.17% -> 25953.028 | X29: =SUM(L29,M29,N29) -> 22355.239 | Y29: =SUM(O29,P29,Q29) -> 74863.131 | Z29: =SUM(R29,S29,T29) -> 51799.86 | AA29: =SUM(U29,V29,W29) -> 72018.407 | AB29: =X29+Y29 -> 97218.37 | AC29: =AA29+Z29 -> 123818.27 | AD29: =AB29+AC29 -> 221036.64
B30: 1-1. P/L Statement | C30: (0) Total | D30: Net Profit | L30: =L28-L29 -> 38446.157 | M30: =M28-M29 -> -18021.309 | N30: =N28-N29 -> 46036.913 | O30: =O28-O29 -> 53179.436 | P30: =P28-P29 -> 67182.374 | Q30: =Q28-Q29 -> 102205.06 | R30: =R28-R29 -> 39598.539 | S30: =S28-S29 -> 50653.175 | ... W30: =W28-W29 -> 77157.93 | X30: =SUM(L30,M30,N30) -> 66461.761 | Y30: =SUM(O30,P30,Q30) -> 222566.87 | Z30: =SUM(R30,S30,T30) -> 154000.14 | AA30: =SUM(U30,V30,W30) -> 214109.55 | AB30: =X30+Y30 -> 289028.63 | AC30: =AA30+Z30 -> 368109.69 | AD30: =AB30+AC30 -> 657138.32
B31: 1-1. P/L Statement | C31: (0) Total | D31: Net Profit | K31: (%) | L31: =IFERROR(L30/L9,0) -> 0.071628081 | M31: =IFERROR(M30/M9,0) -> -0.075169594 | N31: =IFERROR(N30/N9,0) -> 0.093522869 | O31: =IFERROR(O30/O9,0) -> 0.10360485 | P31: =IFERROR(P30/P9,0) -> 0.11443108 | Q31: =IFERROR(Q30/Q9,0) -> 0.1381859 | R31: =IFERROR(R30/R9,0) -> 0.063747902 | S31: =IFERROR(S30/S9,0) -> 0.085556437 | ... AD31: =IFERROR(AD30/AD9,0) -> 0.093992648
B32: 1-1. P/L Statement | C32: (0) Total
B34: 1-2. P/L Statement by BU
C35: (1) BIC
D36: Net Sales | X36: =SUM(L36,M36,N36) -> 0 | Y36: =SUM(O36,P36,Q36) -> 0 | Z36: =SUM(R36,S36,T36) -> 0 | AA36: =SUM(U36,V36,W36) -> 0 | AB36: =X36+Y36 -> 0 | AC36: =AA36+Z36 -> 0 | AD36: =AB36+AC36 -> 0
D37: Consolidated Sales | H37: (Excludes Sales to KM-Gr. Companies) | X37: =SUM(L37,M37,N37) -> 0 | Y37: =SUM(O37,P37,Q37) -> 0 | Z37: =SUM(R37,S37,T37) -> 0 | AA37: =SUM(U37,V37,W37) -> 0 | AB37: =X37+Y37 -> 0 | AC37: =AA37+Z37 -> 0 | AD37: =AB37+AC37 -> 0
D38: Gross Profit | X38: =SUM(L38,M38,N38) -> 0 | Y38: =SUM(O38,P38,Q38) -> 0 | Z38: =SUM(R38,S38,T38) -> 0 | AA38: =SUM(U38,V38,W38) -> 0 | AB38: =X38+Y38 -> 0 | AC38: =AA38+Z38 -> 0 | AD38: =AB38+AC38 -> 0
E39: (%) | L39: =IFERROR(L38/L36,0) -> 0 | M39: =IFERROR(M38/M36,0) -> 0 | N39: =IFERROR(N38/N36,0) -> 0 | O39: =IFERROR(O38/O36,0) -> 0 | P39: =IFERROR(P38/P36,0) -> 0 | Q39: =IFERROR(Q38/Q36,0) -> 0 | R39: =IFERROR(R38/R36,0) -> 0 | S39: =IFERROR(S38/S36,0) -> 0 | ... AD39: =IFERROR(AD38/AD36,0) -> 0
D40: SGA Expenses | L40: =SUM(L41:L43) -> 0 | M40: =SUM(M41:M43) -> 0 | N40: =SUM(N41:N43) -> 0 | O40: =SUM(O41:O43) -> 0 | P40: =SUM(P41:P43) -> 0 | Q40: =SUM(Q41:Q43) -> 0 | R40: =SUM(R41:R43) -> 0 | S40: =SUM(S41:S43) -> 0 | ... W40: =SUM(W41:W43) -> 0 | X40: =SUM(L40,M40,N40) -> 0 | Y40: =SUM(O40,P40,Q40) -> 0 | Z40: =SUM(R40,S40,T40) -> 0 | AA40: =SUM(U40,V40,W40) -> 0 | AB40: =X40+Y40 -> 0 | AC40: =AA40+Z40 -> 0 | AD40: =AB40+AC40 -> 0
E41: Variable Expenses | X41: =SUM(L41:N41) -> 0 | Y41: =SUM(O41:Q41) -> 0 | Z41: =SUM(R41:T41) -> 0 | AA41: =SUM(U41:W41) -> 0 | AB41: =X41+Y41 -> 0 | AC41: =AA41+Z41 -> 0 | AD41: =AB41+AC41 -> 0
E42: Wages & Salaries | X42: =SUM(L42:N42) -> 0 | Y42: =SUM(O42:Q42) -> 0 | Z42: =SUM(R42:T42) -> 0 | AA42: =SUM(U42:W42) -> 0 | AB42: =X42+Y42 -> 0 | AC42: =AA42+Z42 -> 0 | AD42: =AB42+AC42 -> 0
E43: Fixed Expenses | X43: =SUM(L43:N43) -> 0 | Y43: =SUM(O43:Q43) -> 0 | Z43: =SUM(R43:T43) -> 0 | AA43: =SUM(U43:W43) -> 0 | AB43: =X43+Y43 -> 0 | AC43: =AA43+Z43 -> 0 | AD43: =AB43+AC43 -> 0
D44: Business Contribution Profit | L44: =L38-L40 -> 0 | M44: =M38-M40 -> 0 | N44: =N38-N40 -> 0 | O44: =O38-O40 -> 0 | P44: =P38-P40 -> 0 | Q44: =Q38-Q40 -> 0 | R44: =R38-R40 -> 0 | S44: =S38-S40 -> 0 | ... AD44: =AD38-AD40 -> 0
E45: (%) | L45: =IFERROR(L44/L36,0) -> 0 | M45: =IFERROR(M44/M36,0) -> 0 | N45: =IFERROR(N44/N36,0) -> 0 | O45: =IFERROR(O44/O36,0) -> 0 | P45: =IFERROR(P44/P36,0) -> 0 | Q45: =IFERROR(Q44/Q36,0) -> 0 | R45: =IFERROR(R44/R36,0) -> 0 | S45: =IFERROR(S44/S36,0) -> 0 | ... AD45: =IFERROR(AD44/AD36,0) -> 0
D46: Other Income | X46: =SUM(L46,M46,N46) -> 0 | Y46: =SUM(O46,P46,Q46) -> 0 | Z46: =SUM(R46,S46,T46) -> 0 | AA46: =SUM(U46,V46,W46) -> 0 | AB46: =X46+Y46 -> 0 | AC46: =AA46+Z46 -> 0 | AD46: =AB46+AC46 -> 0
D47: Other Expenses | X47: =SUM(L47,M47,N47) -> 0 | Y47: =SUM(O47,P47,Q47) -> 0 | Z47: =SUM(R47,S47,T47) -> 0 | AA47: =SUM(U47,V47,W47) -> 0 | AB47: =X47+Y47 -> 0 | AC47: =AA47+Z47 -> 0 | AD47: =AB47+AC47 -> 0
D48: Operating Profit | L48: =L44+L46-L47 -> 0 | M48: =M44+M46-M47 -> 0 | N48: =N44+N46-N47 -> 0 | O48: =O44+O46-O47 -> 0 | P48: =P44+P46-P47 -> 0 | Q48: =Q44+Q46-Q47 -> 0 | R48: =R44+R46-R47 -> 0 | S48: =S44+S46-S47 -> 0 | ... AD48: =AD44+AD46-AD47 -> 0
E49: (%) | L49: =IFERROR(L48/L36,0) -> 0 | M49: =IFERROR(M48/M36,0) -> 0 | N49: =IFERROR(N48/N36,0) -> 0 | O49: =IFERROR(O48/O36,0) -> 0 | P49: =IFERROR(P48/P36,0) -> 0 | Q49: =IFERROR(Q48/Q36,0) -> 0 | R49: =IFERROR(R48/R36,0) -> 0 | S49: =IFERROR(S48/S36,0) -> 0 | ... AD49: =IFERROR(AD48/AD36,0) -> 0
A51: Chg | C51: (2) IIS (Imaging-IoT Solution) | I51: *Mobotix and DM have been merged into IIS
D52: Net Sales | L52: =L53+L65+L66 -> 0 | M52: =M53+M65+M66 -> 0 | N52: =N53+N65+N66 -> 214 | O52: =O53+O65+O66 -> 0 | P52: =P53+P65+P66 -> 0 | Q52: =Q53+Q65+Q66 -> 0 | R52: =R53+R65+R66 -> 712 | S52: =S53+S65+S66 -> 7193 | ... AD52: =AD53+AD65+AD66 -> 10834
A53: New | E53: MX | L53: =L54+L64 -> 0 | M53: =M54+M64 -> 0 | N53: =N54+N64 -> 214 | O53: =O54+O64 -> 0 | P53: =P54+P64 -> 0 | Q53: =Q54+Q64 -> 0 | R53: =R54+R64 -> 712 | S53: =S54+S64 -> 7193 | ... AD53: =AD54+AD64 -> 10834
A54: New | F54: Direct | L54: =L55+L61 -> 0 | M54: =M55+M61 -> 0 | N54: =N55+N61 -> 0 | O54: =O55+O61 -> 0 | P54: =P55+P61 -> 0 | Q54: =Q55+Q61 -> 0 | R54: =R55+R61 -> 0 | S54: =S55+S61 -> 0 | ... AD54: =AD55+AD61 -> 0
A55: New | G55: Product | L55: =L56+L59 -> 0 | M55: =M56+M59 -> 0 | N55: =N56+N59 -> 0 | O55: =O56+O59 -> 0 | P55: =P56+P59 -> 0 | Q55: =Q56+Q59 -> 0 | R55: =R56+R59 -> 0 | S55: =S56+S59 -> 0 | ... AD55: =AD56+AD59 -> 0
A56: New | H56: Hard | L56: =SUM(L57:L58) -> 0 | M56: =SUM(M57:M58) -> 0 | N56: =SUM(N57:N58) -> 0 | O56: =SUM(O57:O58) -> 0 | P56: =SUM(P57:P58) -> 0 | Q56: =SUM(Q57:Q58) -> 0 | R56: =SUM(R57:R58) -> 0 | S56: =SUM(S57:S58) -> 0 | ... AD56: =SUM(AD57:AD58) -> 0
A57: New | I57: Camera Device | N57: 0 | R57: 0 | S57: 0 | U57: 0 | X57: =SUM(L57,M57,N57) -> 0 | Y57: =SUM(O57,P57,Q57) -> 0 | Z57: =SUM(R57,S57,T57) -> 0 | AA57: =SUM(U57,V57,W57) -> 0 | AB57: =X57+Y57 -> 0 | AC57: =AA57+Z57 -> 0 | AD57: =AB57+AC57 -> 0
A58: New | I58: Others | X58: =SUM(L58,M58,N58) -> 0 | Y58: =SUM(O58,P58,Q58) -> 0 | Z58: =SUM(R58,S58,T58) -> 0 | AA58: =SUM(U58,V58,W58) -> 0 | AB58: =X58+Y58 -> 0 | AC58: =AA58+Z58 -> 0 | AD58: =AB58+AC58 -> 0
A59: New | H59: Non-hard | L59: =L60 -> 0 | M59: =M60 -> 0 | N59: =N60 -> 0 | O59: =O60 -> 0 | P59: =P60 -> 0 | Q59: =Q60 -> 0 | R59: =R60 -> 0 | S59: =S60 -> 0 | ... AD59: =AD60 -> 0
A60: New | I60: SW/Apps | X60: =SUM(L60,M60,N60) -> 0 | Y60: =SUM(O60,P60,Q60) -> 0 | Z60: =SUM(R60,S60,T60) -> 0 | AA60: =SUM(U60,V60,W60) -> 0 | AB60: =X60+Y60 -> 0 | AC60: =AA60+Z60 -> 0 | AD60: =AB60+AC60 -> 0
A61: New | G61: Service | L61: =SUM(L62:L63) -> 0 | M61: =SUM(M62:M63) -> 0 | N61: =SUM(N62:N63) -> 0 | O61: =SUM(O62:O63) -> 0 | P61: =SUM(P62:P63) -> 0 | Q61: =SUM(Q62:Q63) -> 0 | R61: =SUM(R62:R63) -> 0 | S61: =SUM(S62:S63) -> 0 | ... AD61: =SUM(AD62:AD63) -> 0
A62: New | H62: Onetime | X62: =SUM(L62,M62,N62) -> 0 | Y62: =SUM(O62,P62,Q62) -> 0 | Z62: =SUM(R62,S62,T62) -> 0 | AA62: =SUM(U62,V62,W62) -> 0 | AB62: =X62+Y62 -> 0 | AC62: =AA62+Z62 -> 0 | AD62: =AB62+AC62 -> 0
A63: New | H63: Recurring | X63: =SUM(L63,M63,N63) -> 0 | Y63: =SUM(O63,P63,Q63) -> 0 | Z63: =SUM(R63,S63,T63) -> 0 | AA63: =SUM(U63,V63,W63) -> 0 | AB63: =X63+Y63 -> 0 | AC63: =AA63+Z63 -> 0 | AD63: =AB63+AC63 -> 0
A64: New | F64: Indirect | N64: 214 | R64: 712 | S64: 7193 | T64: 537 | U64: =236+52 -> 288 | V64: 1623 | W64: 267 | X64: =SUM(L64,M64,N64) -> 214 | Y64: =SUM(O64,P64,Q64) -> 0 | Z64: =SUM(R64,S64,T64) -> 8442 | AA64: =SUM(U64,V64,W64) -> 2178 | AB64: =X64+Y64 -> 214 | AC64: =AA64+Z64 -> 10620 | AD64: =AB64+AC64 -> 10834
A65: New | E65: DM | X65: =SUM(L65,M65,N65) -> 0 | Y65: =SUM(O65,P65,Q65) -> 0 | Z65: =SUM(R65,S65,T65) -> 0 | AA65: =SUM(U65,V65,W65) -> 0 | AB65: =X65+Y65 -> 0 | AC65: =AA65+Z65 -> 0 | AD65: =AB65+AC65 -> 0
A66: New | E66: Gas | X66: =SUM(L66,M66,N66) -> 0 | Y66: =SUM(O66,P66,Q66) -> 0 | Z66: =SUM(R66,S66,T66) -> 0 | AA66: =SUM(U66,V66,W66) -> 0 | AB66: =X66+Y66 -> 0 | AC66: =AA66+Z66 -> 0 | AD66: =AB66+AC66 -> 0
D67: Consolidated Sales | H67: (Excludes Sales to KM-Gr. Companies) | L67: =L68+L80+L81 -> 0 | M67: =M68+M80+M81 -> 0 | N67: =N68+N80+N81 -> 214 | O67: =O68+O80+O81 -> 0 | P67: =P68+P80+P81 -> 0 | Q67: =Q68+Q80+Q81 -> 0 | R67: =R68+R80+R81 -> 712 | S67: =S68+S80+S81 -> 7193 | ... AD67: =AD68+AD80+AD81 -> 10834
A68: New | E68: MX | L68: =L69+L79 -> 0 | M68: =M69+M79 -> 0 | N68: =N69+N79 -> 214 | O68: =O69+O79 -> 0 | P68: =P69+P79 -> 0 | Q68: =Q69+Q79 -> 0 | R68: =R69+R79 -> 712 | S68: =S69+S79 -> 7193 | ... AD68: =AD69+AD79 -> 10834
A69: New | F69: Direct | L69: =L70+L76 -> 0 | M69: =M70+M76 -> 0 | N69: =N70+N76 -> 0 | O69: =O70+O76 -> 0 | P69: =P70+P76 -> 0 | Q69: =Q70+Q76 -> 0 | R69: =R70+R76 -> 0 | S69: =S70+S76 -> 0 | ... AD69: =AD70+AD76 -> 0
A70: New | G70: Product | L70: =L71+L74 -> 0 | M70: =M71+M74 -> 0 | N70: =N71+N74 -> 0 | O70: =O71+O74 -> 0 | P70: =P71+P74 -> 0 | Q70: =Q71+Q74 -> 0 | R70: =R71+R74 -> 0 | S70: =S71+S74 -> 0 | ... AD70: =AD71+AD74 -> 0
A71: New | H71: Hard | L71: =SUM(L72:L73) -> 0 | M71: =SUM(M72:M73) -> 0 | N71: =SUM(N72:N73) -> 0 | O71: =SUM(O72:O73) -> 0 | P71: =SUM(P72:P73) -> 0 | Q71: =SUM(Q72:Q73) -> 0 | R71: =SUM(R72:R73) -> 0 | S71: =SUM(S72:S73) -> 0 | ... AD71: =SUM(AD72:AD73) -> 0
A72: New | I72: Camera Device | N72: 0 | R72: 0 | S72: 0 | U72: 0 | X72: =SUM(L72,M72,N72) -> 0 | Y72: =SUM(O72,P72,Q72) -> 0 | Z72: =SUM(R72,S72,T72) -> 0 | AA72: =SUM(U72,V72,W72) -> 0 | AB72: =X72+Y72 -> 0 | AC72: =AA72+Z72 -> 0 | AD72: =AB72+AC72 -> 0
A73: New | I73: Others | X73: =SUM(L73,M73,N73) -> 0 | Y73: =SUM(O73,P73,Q73) -> 0 | Z73: =SUM(R73,S73,T73) -> 0 | AA73: =SUM(U73,V73,W73) -> 0 | AB73: =X73+Y73 -> 0 | AC73: =AA73+Z73 -> 0 | AD73: =AB73+AC73 -> 0
A74: New | H74: Non-hard | L74: =L75 -> 0 | M74: =M75 -> 0 | N74: =N75 -> 0 | O74: =O75 -> 0 | P74: =P75 -> 0 | Q74: =Q75 -> 0 | R74: =R75 -> 0 | S74: =S75 -> 0 | ... AD74: =AD75 -> 0
A75: New | I75: SW/Apps | X75: =SUM(L75,M75,N75) -> 0 | Y75: =SUM(O75,P75,Q75) -> 0 | Z75: =SUM(R75,S75,T75) -> 0 | AA75: =SUM(U75,V75,W75) -> 0 | AB75: =X75+Y75 -> 0 | AC75: =AA75+Z75 -> 0 | AD75: =AB75+AC75 -> 0
A76: New | G76: Service | L76: =SUM(L77:L78) -> 0 | M76: =SUM(M77:M78) -> 0 | N76: =SUM(N77:N78) -> 0 | O76: =SUM(O77:O78) -> 0 | P76: =SUM(P77:P78) -> 0 | Q76: =SUM(Q77:Q78) -> 0 | R76: =SUM(R77:R78) -> 0 | S76: =SUM(S77:S78) -> 0 | ... AD76: =SUM(AD77:AD78) -> 0
A77: New | H77: Onetime | X77: =SUM(L77,M77,N77) -> 0 | Y77: =SUM(O77,P77,Q77) -> 0 | Z77: =SUM(R77,S77,T77) -> 0 | AA77: =SUM(U77,V77,W77) -> 0 | AB77: =X77+Y77 -> 0 | AC77: =AA77+Z77 -> 0 | AD77: =AB77+AC77 -> 0
A78: New | H78: Recurring | X78: =SUM(L78,M78,N78) -> 0 | Y78: =SUM(O78,P78,Q78) -> 0 | Z78: =SUM(R78,S78,T78) -> 0 | AA78: =SUM(U78,V78,W78) -> 0 | AB78: =X78+Y78 -> 0 | AC78: =AA78+Z78 -> 0 | AD78: =AB78+AC78 -> 0
A79: New | F79: Indirect | N79: 214 | R79: 712 | S79: 7193 | T79: 537 | U79: =236+52 -> 288 | V79: 1623 | W79: 267 | X79: =SUM(L79,M79,N79) -> 214 | Y79: =SUM(O79,P79,Q79) -> 0 | Z79: =SUM(R79,S79,T79) -> 8442 | AA79: =SUM(U79,V79,W79) -> 2178 | AB79: =X79+Y79 -> 214 | AC79: =AA79+Z79 -> 10620 | AD79: =AB79+AC79 -> 10834
A80: New | E80: DM | X80: =SUM(L80,M80,N80) -> 0 | Y80: =SUM(O80,P80,Q80) -> 0 | Z80: =SUM(R80,S80,T80) -> 0 | AA80: =SUM(U80,V80,W80) -> 0 | AB80: =X80+Y80 -> 0 | AC80: =AA80+Z80 -> 0 | AD80: =AB80+AC80 -> 0
A81: New | E81: Gas | X81: =SUM(L81,M81,N81) -> 0 | Y81: =SUM(O81,P81,Q81) -> 0 | Z81: =SUM(R81,S81,T81) -> 0 | AA81: =SUM(U81,V81,W81) -> 0 | AB81: =X81+Y81 -> 0 | AC81: =AA81+Z81 -> 0 | AD81: =AB81+AC81 -> 0
D82: Gross Profit | L82: =L83+L95+L96 -> 0 | M82: =M83+M95+M96 -> 0 | N82: =N83+N95+N96 -> 78 | O82: =O83+O95+O96 -> 0 | P82: =P83+P95+P96 -> 0 | Q82: =Q83+Q95+Q96 -> 0 | R82: =R83+R95+R96 -> 240 | S82: =S83+S95+S96 -> 2206 | ... AD82: =AD83+AD95+AD96 -> 2805
A83: New | E83: MX | L83: =L84+L94 -> 0 | M83: =M84+M94 -> 0 | N83: =N84+N94 -> 78 | O83: =O84+O94 -> 0 | P83: =P84+P94 -> 0 | Q83: =Q84+Q94 -> 0 | R83: =R84+R94 -> 240 | S83: =S84+S94 -> 2206 | ... AD83: =AD84+AD94 -> 2805
A84: New | F84: Direct | L84: =L85+L91 -> 0 | M84: =M85+M91 -> 0 | N84: =N85+N91 -> 0 | O84: =O85+O91 -> 0 | P84: =P85+P91 -> 0 | Q84: =Q85+Q91 -> 0 | R84: =R85+R91 -> 0 | S84: =S85+S91 -> 0 | ... AD84: =AD85+AD91 -> 0
A85: New | G85: Product | L85: =L86+L89 -> 0 | M85: =M86+M89 -> 0 | N85: =N86+N89 -> 0 | O85: =O86+O89 -> 0 | P85: =P86+P89 -> 0 | Q85: =Q86+Q89 -> 0 | R85: =R86+R89 -> 0 | S85: =S86+S89 -> 0 | ... AD85: =AD86+AD89 -> 0
A86: New | H86: Hard | L86: =SUM(L87:L88) -> 0 | M86: =SUM(M87:M88) -> 0 | N86: =SUM(N87:N88) -> 0 | O86: =SUM(O87:O88) -> 0 | P86: =SUM(P87:P88) -> 0 | Q86: =SUM(Q87:Q88) -> 0 | R86: =SUM(R87:R88) -> 0 | S86: =SUM(S87:S88) -> 0 | ... AD86: =SUM(AD87:AD88) -> 0
A87: New | I87: Camera Device | N87: 0 | R87: 0 | S87: 0 | U87: 0 | X87: =SUM(L87,M87,N87) -> 0 | Y87: =SUM(O87,P87,Q87) -> 0 | Z87: =SUM(R87,S87,T87) -> 0 | AA87: =SUM(U87,V87,W87) -> 0 | AB87: =X87+Y87 -> 0 | AC87: =AA87+Z87 -> 0 | AD87: =AB87+AC87 -> 0
A88: New | I88: Others | X88: =SUM(L88,M88,N88) -> 0 | Y88: =SUM(O88,P88,Q88) -> 0 | Z88: =SUM(R88,S88,T88) -> 0 | AA88: =SUM(U88,V88,W88) -> 0 | AB88: =X88+Y88 -> 0 | AC88: =AA88+Z88 -> 0 | AD88: =AB88+AC88 -> 0
A89: New | H89: Non-hard | L89: =L90 -> 0 | M89: =M90 -> 0 | N89: =N90 -> 0 | O89: =O90 -> 0 | P89: =P90 -> 0 | Q89: =Q90 -> 0 | R89: =R90 -> 0 | S89: =S90 -> 0 | ... AD89: =AD90 -> 0
A90: New | I90: SW/Apps | X90: =SUM(L90,M90,N90) -> 0 | Y90: =SUM(O90,P90,Q90) -> 0 | Z90: =SUM(R90,S90,T90) -> 0 | AA90: =SUM(U90,V90,W90) -> 0 | AB90: =X90+Y90 -> 0 | AC90: =AA90+Z90 -> 0 | AD90: =AB90+AC90 -> 0
A91: New | G91: Service | L91: =SUM(L92:L93) -> 0 | M91: =SUM(M92:M93) -> 0 | N91: =SUM(N92:N93) -> 0 | O91: =SUM(O92:O93) -> 0 | P91: =SUM(P92:P93) -> 0 | Q91: =SUM(Q92:Q93) -> 0 | R91: =SUM(R92:R93) -> 0 | S91: =SUM(S92:S93) -> 0 | ... AD91: =SUM(AD92:AD93) -> 0
A92: New | H92: Onetime | X92: =SUM(L92,M92,N92) -> 0 | Y92: =SUM(O92,P92,Q92) -> 0 | Z92: =SUM(R92,S92,T92) -> 0 | AA92: =SUM(U92,V92,W92) -> 0 | AB92: =X92+Y92 -> 0 | AC92: =AA92+Z92 -> 0 | AD92: =AB92+AC92 -> 0
A93: New | H93: Recurring | X93: =SUM(L93,M93,N93) -> 0 | Y93: =SUM(O93,P93,Q93) -> 0 | Z93: =SUM(R93,S93,T93) -> 0 | AA93: =SUM(U93,V93,W93) -> 0 | AB93: =X93+Y93 -> 0 | AC93: =AA93+Z93 -> 0 | AD93: =AB93+AC93 -> 0
A94: New | F94: Indirect | N94: 78 | R94: 240 | S94: 2206 | T94: 72 | U94: 71 | V94: 279 | W94: -141 | X94: =SUM(L94,M94,N94) -> 78 | Y94: =SUM(O94,P94,Q94) -> 0 | Z94: =SUM(R94,S94,T94) -> 2518 | AA94: =SUM(U94,V94,W94) -> 209 | AB94: =X94+Y94 -> 78 | AC94: =AA94+Z94 -> 2727 | AD94: =AB94+AC94 -> 2805
A95: New | E95: DM | X95: =SUM(L95,M95,N95) -> 0 | Y95: =SUM(O95,P95,Q95) -> 0 | Z95: =SUM(R95,S95,T95) -> 0 | AA95: =SUM(U95,V95,W95) -> 0 | AB95: =X95+Y95 -> 0 | AC95: =AA95+Z95 -> 0 | AD95: =AB95+AC95 -> 0
A96: New | E96: Gas | X96: =SUM(L96,M96,N96) -> 0 | Y96: =SUM(O96,P96,Q96) -> 0 | Z96: =SUM(R96,S96,T96) -> 0 | AA96: =SUM(U96,V96,W96) -> 0 | AB96: =X96+Y96 -> 0 | AC96: =AA96+Z96 -> 0 | AD96: =AB96+AC96 -> 0
E97: (%) | L97: =IFERROR(L82/L52,0) -> 0 | M97: =IFERROR(M82/M52,0) -> 0 | N97: =IFERROR(N82/N52,0) -> 0.36448598 | O97: =IFERROR(O82/O52,0) -> 0 | P97: =IFERROR(P82/P52,0) -> 0 | Q97: =IFERROR(Q82/Q52,0) -> 0 | R97: =IFERROR(R82/R52,0) -> 0.33707865 | S97: =IFERROR(S82/S52,0) -> 0.30668706 | ... AD97: =IFERROR(AD82/AD52,0) -> 0.25890714
D98: SGA Expenses | L98: =SUM(L99:L101) -> 595 | M98: =SUM(M99:M101) -> 572 | N98: =SUM(N99:N101) -> 561 | O98: =SUM(O99:O101) -> 592 | P98: =SUM(P99:P101) -> 745 | Q98: =SUM(Q99:Q101) -> 458 | R98: =SUM(R99:R101) -> 1369 | S98: =SUM(S99:S101) -> 768 | ... AD98: =SUM(AD99:AD101) -> 9574.1482
E99: Variable Expenses | L99: 0 | M99: 0 | N99: 0 | O99: 0 | P99: 0 | Q99: 0 | R99: 0 | S99: 0 | T99: 0 | U99: 0 | X99: =SUM(L99:O99) -> 0 | Y99: =SUM(O99:Q99) -> 0 | Z99: =SUM(R99:T99) -> 0 | AA99: =SUM(U99:W99) -> 0 | AB99: =X99+Y99 -> 0 | AC99: =AA99+Z99 -> 0 | AD99: =AB99+AC99 -> 0
